Workbook

Sheet 26.08.22
P1: Рсшифровка штатного расписания
A2: Территориальный фонд обязательного медицинского | P2: Форма по ОКУД 0301017
A3: страхования Ленинградской области | P3: по ОКПО
P6: "Утверждено"
A7: Штатное расписание по состоянию на 25.03.2022 | O7: Штат в количестве 123,0 единиц
R9: ФОТ мес
A10: Наименование струк.подразделения | B10: КОД | C10: Должность(специальность),разряд,класс (категория) квалификации | D10: Кол-во штатных единиц | E10: Тарифная ставка (оклад) и пр., руб. | F10: Тарифная ставка (оклад) и пр., руб. | G10: Тарифная ставка (оклад) и пр., руб. | H10: Тарифная ставка (оклад) и пр., руб. с 01.01.2012 | I10: Тарифная ставка (оклад) и пр., руб. с 01.09.2012 | K10: Тарифная ставка (оклад) и пр., руб. | L10: Фамилия И.О. | M10: Надбавка за выслугу лет % | N10: Декретный отпуск | O10: Надбавка за выслугу лет, руб. | P10: Надбавка к основному окладу за особ.усл., руб. | Q10: Ежемесячное денежное поощрение, руб. | R10: Всего, руб. | S10: Материальная помощь, руб.(в мес.) | T10: Коэф.ежемес. ден.поощрен. | U10: Всего, руб. | V10: Всего без подоходного налога (гр.11*0,87) | W10: Всего без подоходного налога (гр.14*0,87) | X10: Должно быть | Y10: Факт
A11: 1 | B11: 2 | C11: 3 | D11: 4 | K11: 5 | L11: 6 | M11: 7 | O11: 8 | P11: 9 | Q11: 10 | R11: 11 | S11: 12 | T11: 13 | U11: 14 | V11: 15 | W11: 16
A12: Дирекция ТФОМС ЛО | F12: 1.1 | G12: 1.1 | H12: 1.1 | I12: 1.1 | J12: 1.06 | P12: 1.24 | Q12: 1,14-1,34 | S12: 0.25
C13: Директор | D13: 1 | E13: 12000 | F13: =ROUND(E13*F$12,2) -> 13200 | G13: =F13*1.1*1.1 -> 15972 | H13: 19740.75 | I13: =H13*$I$12 -> 21714.825 | J13: 23017.715 | K13: 31768.48 | L13: Алексеев А.Н. | M13: 20 | O13: =ROUND((K13*M13/100),2) -> 6353.7 | P13: =ROUND(K13*P$12,2) -> 39392.92 | Q13: =K13*T13 -> 42569.763 | R13: =K13+O13+P13+Q13 -> 120084.86 | S13: =ROUND(K13*S$12,2) -> 7942.12 | T13: 1.34 | U13: =K13+O13+P13+Q13+S13 -> 128026.98 | V13: =R13*0.87 -> 104473.83 | W13: =U13*0.87 -> 111383.48 | X13: 3 | Y13: 3 | Z13: =X13-Y13 -> 0 | AA13: =K13*Z13 -> 0 | AB13: =K13*Y13 -> 95305.44 | AD13: 0.1 | AE13: =K13*AD13 -> 3176.848 | AF13: 0.2 | AG13: =AF13*K13 -> 6353.696
C14: 1 зам. директора | D14: 0 | E14: 11500 | F14: =ROUND(E14*F$12,2) -> 12650 | G14: =F14*1.1*1.1+0.5 -> 15307 | H14: 18918.22 | I14: =H14*$I$12 -> 20810.042 | J14: 22058.645 | O14: =ROUND((K14*M14/100),2) -> 0 | P14: =ROUND(K14*P$12,2) -> 0 | Q14: =K14*T14 -> 0 | R14: =K14+O14+P14+Q14 -> 0 | S14: =ROUND(K14*S$12,2) -> 0 | T14: 1.14 | U14: =K14+O14+P14+Q14+S14 -> 0 | V14: =R14*0.87 -> 0 | W14: =U14*0.87 -> 0 | X14: 3 | Y14: 3 | Z14: =X14-Y14 -> 0 | AA14: =K14*Z14 -> 0 | AB14: =K14*Y14 -> 0 | AD14: 0.1 | AE14: =K14*AD14 -> 0 | AF14: 0.2 | AG14: =AF14*K14 -> 0 | AH14: =R14+AG14 -> 0
C15: Помощник диектора | D15: 1 | K15: 17207.94 | L15: Омаров М.М. | M15: 10 | O15: =ROUND((K15*M15/100),2) -> 1720.79 | P15: =ROUND(K15*1.14,2) -> 19617.05 | Q15: =K15*T15 -> 26500.228 | R15: =K15+O15+P15+Q15 -> 65046.008 | S15: =ROUND(K15*S$12,2) -> 4301.99 | T15: 1.54 | U15: =K15+O15+P15+Q15+S15 -> 69347.998 | V15: =R15*0.87 -> 56590.027 | W15: =U15*0.87 -> 60332.758 | X15: 3 | Y15: 3 | Z15: =X15-Y15 -> 0 | AA15: =K15*Z15 -> 0 | AB15: =K15*Y15 -> 51623.82 | AD15: 1.1 | AE15: =K15*AD15 -> 18928.734 | AF15: 1.2 | AG15: =AF15*K15 -> 20649.528 | AH15: =R15+AG15 -> 85695.536
C16: ИТОГО | D16: =SUM(D13:D15) -> 2 | E16: =SUM(E13:E14) -> 23500 | F16: =SUM(F13:F14) -> 25850 | G16: =SUM(G13:G14) -> 31279 | H16: =SUM(H13:H14) -> 38658.97 | I16: =SUM(I13:I14) -> 42524.867 | J16: 45076.359 | K16: =SUM(K13:K15) -> 48976.42 | N16: =SUM(N13:N14) -> 0 | O16: =SUM(O13:O15) -> 8074.49 | P16: =SUM(P13:P15) -> 59009.97 | Q16: =SUM(Q13:Q15) -> 69069.991 | R16: =SUM(R13:R15) -> 185130.87 | S16: =SUM(S13:S15) -> 12244.11 | U16: =SUM(U13:U15) -> 197374.98 | V16: =SUM(V13:V15) -> 161063.86 | W16: =SUM(W13:W15) -> 171716.23 | X16: =SUM(X13:X15) -> 9 | Y16: =SUM(Y13:Y15) -> 9 | Z16: =SUM(Z13:Z15) -> 0 | AA16: =SUM(AA13:AA15) -> 0 | AB16: =SUM(AB13:AB15) -> 146929.26 | ... AH16: =SUM(AH13:AH15) -> 85695.536
A17: Бухгалтерия | P17: 1,14-1,24 | Q17: 1,44-1,64 | AA17: =K17*Z17 -> 0 | AB17: =K17*Y17 -> 0 | AD17: 0.1
C18: Главный бухгалтер | D18: 1 | E18: 8500 | F18: =ROUND(E18*F$12,2) -> 9350 | G18: =F18*1.1*1.1+0.5 -> 11314 | H18: 13983.03 | I18: =H18*$I$12 -> 15381.333 | J18: 16304.213 | K18: 22502.66 | L18: Бондарева О.А. | M18: 30 | O18: =ROUND((K18*M18/100),2) -> 6750.8 | P18: =ROUND(K18*1.24,2) -> 27903.3 | Q18: =K18*T18 -> 36904.362 | R18: =K18+O18+P18+Q18 -> 94061.122 | S18: =ROUND(K18*S$12,2) -> 5625.67 | T18: 1.64 | U18: =K18+O18+P18+Q18+S18 -> 99686.792 | V18: =R18*0.87 -> 81833.176 | W18: =U18*0.87 -> 86727.509 | X18: 3 | Y18: 3 | Z18: =X18-Y18 -> 0 | AA18: =K18*Z18 -> 0 | AB18: =K18*Y18 -> 67507.98 | AD18: 0.1 | AE18: =K18*AD18 -> 2250.266 | AF18: 0.2 | AG18: =AF18*K18 -> 4500.532
C19: Зам. главного бухгалтера | D19: 1 | E19: 7700 | F19: =ROUND(E19*F$12,2) -> 8470 | G19: =F19*1.1*1.1+0.3 -> 10249 | H19: 12666.98 | I19: =H19*$I$12 -> 13933.678 | J19: 14769.699 | K19: 20384.77 | L19: Пуганова Л.И. | M19: 30 | O19: =ROUND((K19*M19/100),2) -> 6115.43 | P19: =ROUND(K19*1.14,2) -> 23238.64 | Q19: =K19*T19 -> 31392.546 | R19: =K19+O19+P19+Q19 -> 81131.386 | S19: =ROUND(K19*S$12,2) -> 5096.19 | T19: 1.54 | U19: =K19+O19+P19+Q19+S19 -> 86227.576 | V19: =R19*0.87 -> 70584.306 | W19: =U19*0.87 -> 75017.991 | X19: 3 | Z19: =X19-Y19 -> 3 | AA19: =K19*Z19 -> 61154.31 | AB19: =K19*Y19 -> 0 | AD19: 0.1 | AE19: =K19*AD19 -> 2038.477 | AF19: 0.2 | AG19: =AF19*K19 -> 4076.954
C20: Главный специалист-бухгалтер | D20: 1 | E20: 6500 | F20: =ROUND(E20*F$12,2) -> 7150 | G20: =F20*1.1*1.1+0.5 -> 8652 | H20: 10692.91 | I20: =H20*$I$12 -> 11762.201 | J20: 12467.933 | K20: 17207.94 | L20: Ятагама Гамаге Л.В. | M20: 30 | O20: =ROUND((K20*M20/100),2) -> 5162.38 | P20: =ROUND(K20*1.14,2) -> 19617.05 | Q20: =K20*T20 -> 26500.228 | R20: =K20+O20+P20+Q20 -> 68487.598 | S20: =ROUND(K20*S$12,2) -> 4301.99 | T20: 1.54 | U20: =K20+O20+P20+Q20+S20 -> 72789.588 | V20: =R20*0.87 -> 59584.21 | W20: =U20*0.87 -> 63326.941 | X20: 3 | Y20: 3 | Z20: =X20-Y20 -> 0 | AA20: =K20*Z20 -> 0 | AB20: =K20*Y20 -> 51623.82 | AD20: 0.1 | AE20: =K20*AD20 -> 1720.794 | AF20: 0.2 | AG20: =AF20*K20 -> 3441.588
C21: Главный специалист-бухгалтер | D21: 1 | E21: 6500 | F21: =ROUND(E21*F$12,2) -> 7150 | G21: =F21*1.1*1.1+0.5 -> 8652 | H21: 10692.91 | I21: =H21*$I$12 -> 11762.201 | J21: 12467.933 | K21: 17207.94 | L21: Кравецкая Л.Г. | M21: 20 | O21: =ROUND((K21*M21/100),2) -> 3441.59 | P21: =ROUND(K21*1.14,2) -> 19617.05 | Q21: =K21*T21 -> 26500.228 | R21: =K21+O21+P21+Q21 -> 66766.808 | S21: =ROUND(K21*S$12,2) -> 4301.99 | T21: 1.54 | U21: =K21+O21+P21+Q21+S21 -> 71068.798 | V21: =R21*0.87 -> 58087.123 | W21: =U21*0.87 -> 61829.854 | X21: 3 | Y21: 2 | Z21: =X21-Y21 -> 1 | AA21: =K21*Z21 -> 17207.94 | AB21: =K21*Y21 -> 34415.88 | AD21: 0.1 | AE21: =K21*AD21 -> 1720.794 | AF21: 0.2 | AG21: =AF21*K21 -> 3441.588
C22: Ведущий специалист-бухгалтер | D22: 1 | E22: 5600 | F22: =ROUND(E22*F$12,2) -> 6160 | G22: =F22*1.1*1.1+0.4 -> 7454 | H22: 9212.35 | I22: =H22*$I$12 -> 10133.585 | J22: 10741.6 | K22: 14825.32 | L22: Гуськова Е.С. | O22: =ROUND((K22*M22/100),2) -> 0 | P22: =ROUND(K22*1.14,2) -> 16900.86 | Q22: =K22*T22 -> 21348.461 | R22: =K22+O22+P22+Q22 -> 53074.641 | S22: =ROUND(K22*S$12,2) -> 3706.33 | T22: 1.44 | U22: =K22+O22+P22+Q22+S22 -> 56780.971 | V22: =R22*0.87 -> 46174.937 | W22: =U22*0.87 -> 49399.445 | X22: 3 | Y22: 3 | Z22: =X22-Y22 -> 0 | AA22: =K22*Z22 -> 0 | AB22: =K22*Y22 -> 44475.96 | AD22: 0.1 | AE22: =K22*AD22 -> 1482.532 | AF22: 0.2 | AG22: =AF22*K22 -> 2965.064
C23: Главный специалист-бухгалтер | D23: 1 | E23: 5600 | F23: =ROUND(E23*F$12,2) -> 6160 | G23: =F23*1.1*1.1+0.4 -> 7454 | H23: 9212.35 | I23: =H23*$I$12 -> 10133.585 | J23: 10741.6 | K23: 17207.94 | L23: Касаткина Л.В. | M23: 30 | O23: =ROUND((K23*M23/100),2) -> 5162.38 | P23: =ROUND(K23*1.14,2) -> 19617.05 | Q23: =K23*T23 -> 26500.228 | R23: =K23+O23+P23+Q23 -> 68487.598 | S23: =ROUND(K23*S$12,2) -> 4301.99 | T23: 1.54 | U23: =K23+O23+P23+Q23+S23 -> 72789.588 | V23: =R23*0.87 -> 59584.21 | W23: =U23*0.87 -> 63326.941 | X23: 3 | Y23: 3 | Z23: =X23-Y23 -> 0 | AA23: =K23*Z23 -> 0 | AB23: =K23*Y23 -> 51623.82 | AD23: 0.1 | AE23: =K23*AD23 -> 1720.794 | AF23: 0.2 | AG23: =AF23*K23 -> 3441.588
C24: ИТОГО по отделу | D24: =SUM(D18:D23) -> 6 | E24: =SUM(E18:E23) -> 40400 | F24: =SUM(F18:F23) -> 44440 | G24: =SUM(G18:G23) -> 53775 | H24: =SUM(H18:H23) -> 66460.53 | I24: =SUM(I18:I23) -> 73106.583 | J24: 77492.978 | K24: =SUM(K18:K23) -> 109336.57 | N24: =SUM(N18:N23) -> 0 | O24: =SUM(O18:O23) -> 26632.58 | P24: =SUM(P18:P23) -> 126893.95 | Q24: =SUM(Q18:Q23) -> 169146.05 | R24: =SUM(R18:R23) -> 432009.15 | S24: =SUM(S18:S23) -> 27334.16 | T24: =SUM(T18:T23) -> 9.24 | U24: =SUM(U18:U23) -> 459343.31 | ... W24: =SUM(W18:W23) -> 399628.68 | AA24: =K24*Z24 -> 0 | AB24: =K24*Y24 -> 0 | AD24: 0.1 | AE24: =K24*AD24 -> 10933.657 | AF24: 0.2 | AG24: =AF24*K24 -> 21867.314
A25: Департамент финансово-экономической деятельности и учета поступлений финансовых средств ОМС | P25: 1.19 | AA25: =K25*Z25 -> 0 | AB25: =K25*Y25 -> 0 | AD25: 0.1
C26: Заместитель директора-Начальник департамента | D26: 1 | G26: =11616*1.1+0.4 -> 12778 | H26: 15792.6 | I26: =H26*$I$12 -> 17371.86 | J26: 18414.172 | K26: 29121.1 | L26: Селезнева Н.М. | M26: 30 | O26: =ROUND((K26*M26/100),2) -> 8736.33 | P26: =ROUND(K26*1.19,2) -> 34654.11 | Q26: =K26*T26 -> 44846.494 | R26: =K26+O26+P26+Q26 -> 117358.03 | S26: =ROUND(K26*S$12,2) -> 7280.28 | T26: 1.54 | U26: =K26+O26+P26+Q26+S26 -> 124638.31 | V26: =R26*0.87 -> 102101.49 | W26: =U26*0.87 -> 108435.33 | X26: 3 | Y26: 3 | Z26: =X26-Y26 -> 0 | AA26: =K26*Z26 -> 0 | AB26: =K26*Y26 -> 87363.3 | AD26: 0.1 | AE26: =K26*AD26 -> 2912.11 | AF26: 0.2 | AG26: =AF26*K26 -> 5824.22
C27: Зам. начальника департамента | D27: 1 | G27: =10527*1.1+0.3 -> 11580 | H27: 14312.05 | I27: =H27*$I$12 -> 15743.255 | J27: 16687.85 | K27: 23032.18 | L27: Воронкова О.Ю. | M27: 30 | O27: =ROUND((K27*M27/100),2) -> 6909.65 | P27: =ROUND(K27*1.19,2) -> 27408.29 | Q27: =K27*T27 -> 35469.557 | R27: =K27+O27+P27+Q27 -> 92819.677 | S27: =ROUND(K27*S$12,2) -> 5758.05 | T27: 1.54 | U27: =K27+O27+P27+Q27+S27 -> 98577.727 | V27: =R27*0.87 -> 80753.119 | W27: =U27*0.87 -> 85762.623 | X27: 3 | Y27: 3 | Z27: =X27-Y27 -> 0 | AA27: =K27*Z27 -> 0 | AB27: =K27*Y27 -> 69096.54 | AD27: 0.1 | AE27: =K27*AD27 -> 2303.218 | AF27: 0.2 | AG27: =AF27*K27 -> 4606.436
A28: Отдел межтерриториальных расчетов, финансирования и планирования | P28: 1,14-1,24 | Q28: 1,44-1,54 | AA28: =K28*Z28 -> 0 | AB28: =K28*Y28 -> 0 | AD28: 0.1
C29: Начальник отдела | D29: 1 | E29: 8500 | F29: =ROUND(E29*F$12,2) -> 9350 | G29: =9075*1.1+0.5 -> 9983 | H29: 12337.98 | I29: =H29*$I$12 -> 13571.778 | J29: 14386.085 | K29: 22502.66 | L29: Жильцова Л.Н. | M29: 30 | O29: =ROUND((K29*M29/100),2) -> 6750.8 | P29: =ROUND(K29*1.24,2) -> 27903.3 | Q29: =K29*T29 -> 34654.096 | R29: =K29+O29+P29+Q29 -> 91810.856 | S29: =ROUND(K29*S$12,2) -> 5625.67 | T29: 1.54 | U29: =K29+O29+P29+Q29+S29 -> 97436.526 | V29: =R29*0.87 -> 79875.445 | W29: =U29*0.87 -> 84769.778 | X29: 3 | Y29: 3 | Z29: =X29-Y29 -> 0 | AA29: =K29*Z29 -> 0 | AB29: =K29*Y29 -> 67507.98 | AD29: 0.1 | AE29: =K29*AD29 -> 2250.266 | AF29: 0.2 | AG29: =AF29*K29 -> 4500.532
C30: Заместитель начальника отдела | D30: 1 | K30: 20384.77 | L30: Федяшина Н.Г. | M30: 30 | O30: =ROUND((K30*M30/100),2) -> 6115.43 | P30: =ROUND(K30*1.14,2) -> 23238.64 | Q30: =K30*T30 -> 31392.546 | R30: =K30+O30+P30+Q30 -> 81131.386 | S30: =ROUND(K30*S$12,2) -> 5096.19 | T30: 1.54 | U30: =K30+O30+P30+Q30+S30 -> 86227.576 | V30: =R30*0.87 -> 70584.306 | W30: =U30*0.87 -> 75017.991
C31: Главный специалист | D31: 1 | E31: 6500 | F31: =ROUND(E31*F$12,2) -> 7150 | G31: =F31*1.1*1.1+0.5 -> 8652 | H31: 10692.91 | I31: =H31*$I$12 -> 11762.201 | J31: 12467.933 | K31: 17207.94 | L31: Терновская Г.В. | M31: 30 | O31: =ROUND((K31*M31/100),2) -> 5162.38 | P31: =ROUND(K31*1.14,2) -> 19617.05 | Q31: =K31*T31 -> 26500.228 | R31: =K31+O31+P31+Q31 -> 68487.598 | S31: =ROUND(K31*S$12,2) -> 4301.99 | T31: 1.54 | U31: =K31+O31+P31+Q31+S31 -> 72789.588 | V31: =R31*0.87 -> 59584.21 | W31: =U31*0.87 -> 63326.941 | X31: 3 | Y31: 3 | Z31: =X31-Y31 -> 0 | AA31: =K31*Z31 -> 0 | AB31: =K31*Y31 -> 51623.82 | AD31: 0.1 | AE31: =K31*AD31 -> 1720.794 | AF31: 0.2 | AG31: =AF31*K31 -> 3441.588
C32: Главный специалист | D32: 1 | E32: 6500 | F32: =ROUND(E32*F$12,2) -> 7150 | G32: =F32*1.1*1.1+0.5 -> 8652 | H32: 10692.91 | I32: =H32*$I$12 -> 11762.201 | J32: 12467.933 | K32: 17207.94 | L32: Хисматуллина Р.А. | M32: 30 | O32: =ROUND((K32*M32/100),2) -> 5162.38 | P32: =ROUND(K32*1.14,2) -> 19617.05 | Q32: =K32*T32 -> 26500.228 | R32: =K32+O32+P32+Q32 -> 68487.598 | S32: =ROUND(K32*S$12,2) -> 4301.99 | T32: 1.54 | U32: =K32+O32+P32+Q32+S32 -> 72789.588 | V32: =R32*0.87 -> 59584.21 | W32: =U32*0.87 -> 63326.941 | X32: 3 | Y32: 3 | Z32: =X32-Y32 -> 0 | AA32: =K32*Z32 -> 0 | AB32: =K32*Y32 -> 51623.82 | AD32: 0.1 | AE32: =K32*AD32 -> 1720.794 | AF32: 0.2 | AG32: =AF32*K32 -> 3441.588
C33: Главный специалист | D33: 1 | E33: 6500 | F33: =ROUND(E33*F$12,2) -> 7150 | G33: =F33*1.1*1.1+0.5 -> 8652 | H33: 10692.91 | I33: =H33*$I$12 -> 11762.201 | J33: 12467.933 | K33: 17207.94 | L33: Бесклинская Ю.А. | M33: 30 | O33: =ROUND((K33*M33/100),2) -> 5162.38 | P33: =ROUND(K33*1.14,2) -> 19617.05 | Q33: =K33*T33 -> 26500.228 | R33: =K33+O33+P33+Q33 -> 68487.598 | S33: =ROUND(K33*S$12,2) -> 4301.99 | T33: 1.54 | U33: =K33+O33+P33+Q33+S33 -> 72789.588 | V33: =R33*0.87 -> 59584.21 | W33: =U33*0.87 -> 63326.941 | X33: 3 | Y33: 3 | Z33: =X33-Y33 -> 0 | AA33: =K33*Z33 -> 0 | AB33: =K33*Y33 -> 51623.82 | AD33: 0.1 | AE33: =K33*AD33 -> 1720.794 | AF33: 0.2 | AG33: =AF33*K33 -> 3441.588
C34: Главный специалист | D34: 1 | E34: 5600 | F34: 7150 | G34: =F34*1.1*1.1+0.5 -> 8652 | H34: 10692.91 | I34: =H34*$I$12 -> 11762.201 | J34: 12467.933 | K34: 17207.94 | L34: Титишева Г.М. | M34: 30 | O34: =ROUND((K34*M34/100),2) -> 5162.38 | P34: =ROUND(K34*1.14,2) -> 19617.05 | Q34: =K34*T34 -> 26500.228 | R34: =K34+O34+P34+Q34 -> 68487.598 | S34: =ROUND(K34*S$12,2) -> 4301.99 | T34: 1.54 | U34: =K34+O34+P34+Q34+S34 -> 72789.588 | V34: =R34*0.87 -> 59584.21 | W34: =U34*0.87 -> 63326.941 | X34: 3 | Y34: 3 | Z34: =X34-Y34 -> 0 | AA34: =K34*Z34 -> 0 | AB34: =K34*Y34 -> 51623.82 | AD34: 0.1 | AE34: =K34*AD34 -> 1720.794 | AF34: 0.2 | AG34: =AF34*K34 -> 3441.588
C35: Главный специалист | D35: 1 | E35: 5600 | F35: =ROUND(E35*F$12,2) -> 6160 | G35: =F35*1.1*1.1+0.4 -> 7454 | H35: 9212.35 | I35: =H35*$I$12 -> 10133.585 | J35: 10741.6 | K35: 17207.94 | L35: Зобнина Г.И. | M35: 30 | O35: =ROUND((K35*M35/100),2) -> 5162.38 | P35: =ROUND(K35*1.14,2) -> 19617.05 | Q35: =K35*T35 -> 26500.228 | R35: =K35+O35+P35+Q35 -> 68487.598 | S35: =ROUND(K35*S$12,2) -> 4301.99 | T35: 1.54 | U35: =K35+O35+P35+Q35+S35 -> 72789.588 | V35: =R35*0.87 -> 59584.21 | W35: =U35*0.87 -> 63326.941 | X35: 3 | Y35: 3 | Z35: =X35-Y35 -> 0 | AA35: =K35*Z35 -> 0 | AB35: =K35*Y35 -> 51623.82 | AD35: 0.1 | AE35: =K35*AD35 -> 1720.794 | AF35: 0.2 | AG35: =AF35*K35 -> 3441.588
C36: Главный специалист | D36: 1 | E36: 5600 | F36: =ROUND(E36*F$12,2) -> 6160 | G36: =F36*1.1*1.1+0.4 -> 7454 | H36: 9212.35 | I36: =H36*$I$12 -> 10133.585 | J36: 10741.6 | K36: 17207.94 | L36: Бакалец-Ланская Н.Л. | M36: 30 | O36: =ROUND((K36*M36/100),2) -> 5162.38 | P36: =ROUND(K36*1.14,2) -> 19617.05 | Q36: =K36*T36 -> 26500.228 | R36: =K36+O36+P36+Q36 -> 68487.598 | S36: =ROUND(K36*S$12,2) -> 4301.99 | T36: 1.54 | U36: =K36+O36+P36+Q36+S36 -> 72789.588 | V36: =R36*0.87 -> 59584.21 | W36: =U36*0.87 -> 63326.941 | X36: 3 | Y36: 3 | Z36: =X36-Y36 -> 0 | AA36: =K36*Z36 -> 0 | AB36: =K36*Y36 -> 51623.82 | AD36: 0.1 | AE36: =K36*AD36 -> 1720.794 | AF36: 0.2 | AG36: =AF36*K36 -> 3441.588
C37: Главный специалист | D37: 1 | E37: 5600 | F37: =ROUND(E37*F$12,2) -> 6160 | G37: =F37*1.1*1.1+0.4 -> 7454 | H37: 9213.35 | I37: =H37*$I$12 -> 10134.685 | J37: 10741.6 | K37: 17207.94 | L37: Редько М.А. | M37: 30 | O37: =ROUND((K37*M37/100),2) -> 5162.38 | P37: =ROUND(K37*1.14,2) -> 19617.05 | Q37: =K37*T37 -> 26500.228 | R37: =K37+O37+P37+Q37 -> 68487.598 | S37: =ROUND(K37*S$12,2) -> 4301.99 | T37: 1.54 | U37: =K37+O37+P37+Q37+S37 -> 72789.588 | V37: =R37*0.87 -> 59584.21 | W37: =U37*0.87 -> 63326.941 | X37: 3 | Y37: 3 | Z37: =X37-Y37 -> 0 | AA37: =K37*Z37 -> 0 | AB37: =K37*Y37 -> 51623.82 | AD37: 1.1 | AE37: =K37*AD37 -> 18928.734 | AF37: 1.2 | AG37: =AF37*K37 -> 20649.528
C38: Главный специалист | D38: 1 | E38: 5600 | F38: =ROUND(E38*F$12,2) -> 6160 | G38: =F38*1.1*1.1+0.4 -> 7454 | H38: 9212.35 | I38: =H38*$I$12 -> 10133.585 | J38: 10741.6 | K38: 17207.94 | L38: Сакович И.С. | M38: 20 | O38: =ROUND((K38*M38/100),2) -> 3441.59 | P38: =ROUND(K38*1.14,2) -> 19617.05 | Q38: =K38*T38 -> 26500.228 | R38: =K38+O38+P38+Q38 -> 66766.808 | S38: =ROUND(K38*S$12,2) -> 4301.99 | T38: 1.54 | U38: =K38+O38+P38+Q38+S38 -> 71068.798 | V38: =R38*0.87 -> 58087.123 | W38: =U38*0.87 -> 61829.854 | X38: 3 | Y38: 3 | Z38: =X38-Y38 -> 0 | AA38: =K38*Z38 -> 0 | AB38: =K38*Y38 -> 51623.82 | AD38: 0.1 | AE38: =K38*AD38 -> 1720.794 | AF38: 0.2 | AG38: =AF38*K38 -> 3441.588
C39: Ведущий специалист | D39: 1 | E39: 5600 | F39: =ROUND(E39*F$12,2) -> 6160 | G39: =F39*1.1*1.1+0.4 -> 7454 | H39: 9212.35 | I39: =H39*$I$12 -> 10133.585 | J39: 10741.6 | K39: 14825.32 | L39: Лукьяноа Л.В. | M39: 30 | O39: =ROUND((K39*M39/100),2) -> 4447.6 | P39: =ROUND(K39*1.14,2) -> 16900.86 | Q39: =K39*T39 -> 21348.461 | R39: =K39+O39+P39+Q39 -> 57522.241 | S39: =ROUND(K39*S$12,2) -> 3706.33 | T39: 1.44 | U39: =K39+O39+P39+Q39+S39 -> 61228.571 | V39: =R39*0.87 -> 50044.349 | W39: =U39*0.87 -> 53268.857 | X39: 3 | Y39: 3 | Z39: Коровко О.Н.
C40: Ведущий специалист | D40: 1 | K40: 14825.32 | L40: Азаренко Д.А. | M40: 15 | O40: =ROUND((K40*M40/100),2) -> 2223.8 | P40: =ROUND(K40*1.14,2) -> 16900.86 | Q40: =K40*T40 -> 21348.461 | R40: =K40+O40+P40+Q40 -> 55298.441 | S40: =ROUND(K40*S$12,2) -> 3706.33 | T40: 1.44 | U40: =K40+O40+P40+Q40+S40 -> 59004.771 | V40: =R40*0.87 -> 48109.643 | W40: =U40*0.87 -> 51334.151
C41: ИТОГО по отделу | D41: =SUM(D29:D40) -> 12 | G41: =SUM(G29:G36) -> 59499 | H41: =SUM(H29:H36) -> 73534.32 | I41: =SUM(I29:I36) -> 80887.752 | J41: 87467.35 | K41: =SUM(K29:K39) -> 195376.27 | N41: =SUM(N29:N36) -> 0 | O41: =SUM(O29:O40) -> 59115.88 | P41: =SUM(P29:P40) -> 241880.06 | Q41: =SUM(Q29:Q40) -> 320745.38 | R41: =SUM(R29:R40) -> 831942.91 | S41: =SUM(S29:S40) -> 52550.44 | T41: =SUM(T29:T40) -> 18.28 | U41: =SUM(U29:U40) -> 884493.35 | V41: =SUM(V29:V40) -> 723790.34 | W41: =SUM(W29:W40) -> 769509.22 | Z41: =X41-Y41 -> 0 | AA41: =K41*Z41 -> 0 | AB41: =K41*Y41 -> 0 | AD41: 0.1 | AE41: =K41*AD41 -> 19537.627 | AF41: 0.2 | AG41: =AF41*K41 -> 39075.254
A42: Отдел учета поступлений финансовых средств ОМС и взаимодействия со СМО | P42: 1,14-1,24 | Z42: =X42-Y42 -> 0 | AA42: =K42*Z42 -> 0 | AB42: =K42*Y42 -> 0 | AD42: 0.1
C43: Начальник отдела | D43: 1 | E43: 8500 | F43: =ROUND(E43*F$12,2) -> 9350 | G43: =9075*1.1+0.5 -> 9983 | H43: 12337.98 | I43: =H43*$I$12 -> 13571.778 | J43: 14386.085 | K43: 22502.66 | L43: Токарева Е.В. | M43: 30 | O43: =ROUND((K43*M43/100),2) -> 6750.8 | P43: =ROUND(K43*1.24,2) -> 27903.3 | Q43: =K43*T43 -> 34654.096 | R43: =K43+O43+P43+Q43 -> 91810.856 | S43: =ROUND(K43*S$12,2) -> 5625.67 | T43: 1.54 | U43: =K43+O43+P43+Q43+S43 -> 97436.526 | V43: =R43*0.87 -> 79875.445 | W43: =U43*0.87 -> 84769.778 | X43: 3 | Y43: 3 | Z43: =X43-Y43 -> 0 | AA43: =K43*Z43 -> 0 | AB43: =K43*Y43 -> 67507.98 | AD43: 0.1 | AE43: =K43*AD43 -> 2250.266 | AF43: 0.2 | AG43: =AF43*K43 -> 4500.532
C44: Заместитель начальника отдела | D44: 1 | E44: 5600 | F44: =ROUND(E44*F$12,2) -> 6160 | G44: =F44*1.1*1.1+0.4 -> 7454 | H44: 9212.35 | I44: =H44*$I$12 -> 10133.585 | J44: 10741.6 | K44: 20384.77 | L44: Бурмистрова А.В. | M44: 15 | O44: =ROUND((K44*M44/100),2) -> 3057.72 | P44: =ROUND(K44*1.14,2) -> 23238.64 | Q44: =K44*T44 -> 31392.546 | R44: =K44+O44+P44+Q44 -> 78073.676 | S44: =ROUND(K44*S$12,2) -> 5096.19 | T44: 1.54 | U44: =K44+O44+P44+Q44+S44 -> 83169.866 | V44: =R44*0.87 -> 67924.098 | W44: =U44*0.87 -> 72357.783
C45: Главный специалист | D45: 1 | E45: 6500 | F45: =ROUND(E45*F$12,2) -> 7150 | G45: =F45*1.1*1.1+0.5 -> 8652 | H45: 10692.91 | I45: =H45*$I$12 -> 11762.201 | J45: 12467.933 | K45: 17207.94 | L45: Кобец Е.В. | M45: 30 | O45: =ROUND((K45*M45/100),2) -> 5162.38 | P45: =ROUND(K45*1.14,2) -> 19617.05 | Q45: =K45*T45 -> 26500.228 | R45: =K45+O45+P45+Q45 -> 68487.598 | S45: =ROUND(K45*S$12,2) -> 4301.99 | T45: 1.54 | U45: =K45+O45+P45+Q45+S45 -> 72789.588 | V45: =R45*0.87 -> 59584.21 | W45: =U45*0.87 -> 63326.941 | X45: 3 | Y45: 3 | Z45: =X45-Y45 -> 0 | AA45: =K45*Z45 -> 0 | AB45: =K45*Y45 -> 51623.82 | AD45: 0.1 | AE45: =K45*AD45 -> 1720.794 | AF45: 0.2 | AG45: =AF45*K45 -> 3441.588
C46: Ведущий специалист | D46: 1 | E46: 5600 | F46: =ROUND(E46*F$12,2) -> 6160 | G46: =F46*1.1*1.1+0.4 -> 7454 | H46: 9212.35 | I46: =H46*$I$12 -> 10133.585 | J46: 10741.6 | K46: 14825.32 | L46: Короткова М.А. | M46: 30 | O46: =ROUND((K46*M46/100),2) -> 4447.6 | P46: =ROUND(K46*1.14,2) -> 16900.86 | Q46: =K46*T46 -> 21348.461 | R46: =K46+O46+P46+Q46 -> 57522.241 | S46: =ROUND(K46*S$12,2) -> 3706.33 | T46: 1.44 | U46: =K46+O46+P46+Q46+S46 -> 61228.571 | V46: =R46*0.87 -> 50044.349 | W46: =U46*0.87 -> 53268.857 | X46: 3 | Y46: 3 | Z46: =X46-Y46 -> 0 | AA46: =K46*Z46 -> 0 | AB46: =K46*Y46 -> 44475.96 | AD46: 0.1 | AE46: =K46*AD46 -> 1482.532 | AF46: 0.2 | AG46: =AF46*K46 -> 2965.064
C47: Главный специалист | D47: 1 | E47: 6500 | F47: =ROUND(E47*F$12,2) -> 7150 | G47: =F47*1.1*1.1+0.5 -> 8652 | H47: 10692.91 | I47: =H47*$I$12 -> 11762.201 | J47: 12467.933 | K47: 17207.94 | L47: Сотников Д.Ю. | M47: 30 | O47: =ROUND((K47*M47/100),2) -> 5162.38 | P47: =ROUND(K47*1.14,2) -> 19617.05 | Q47: =K47*T47 -> 26500.228 | R47: =K47+O47+P47+Q47 -> 68487.598 | S47: =ROUND(K47*S$12,2) -> 4301.99 | T47: 1.54 | U47: =K47+O47+P47+Q47+S47 -> 72789.588 | V47: =R47*0.87 -> 59584.21 | W47: =U47*0.87 -> 63326.941 | X47: 3 | Y47: 3 | Z47: =X47-Y47 -> 0 | AA47: =K47*Z47 -> 0 | AB47: =K47*Y47 -> 51623.82 | AD47: 0.1 | AE47: =K47*AD47 -> 1720.794 | AF47: 0.2 | AG47: =AF47*K47 -> 3441.588
C48: Главный специалист | D48: 1 | E48: 5600 | F48: =ROUND(E48*F$12,2) -> 6160 | G48: =F48*1.1*1.1+0.4 -> 7454 | H48: 9212.35 | I48: =H48*$I$12 -> 10133.585 | J48: 10741.6 | K48: 17207.94 | L48: Осадчая О.Ю. | M48: 30 | O48: =ROUND((K48*M48/100),2) -> 5162.38 | P48: =ROUND(K48*1.14,2) -> 19617.05 | Q48: =K48*T48 -> 26500.228 | R48: =K48+O48+P48+Q48 -> 68487.598 | S48: =ROUND(K48*S$12,2) -> 4301.99 | T48: 1.54 | U48: =K48+O48+P48+Q48+S48 -> 72789.588 | V48: =R48*0.87 -> 59584.21 | W48: =U48*0.87 -> 63326.941 | X48: 3 | Y48: 3 | Z48: =X48-Y48 -> 0 | AA48: =K48*Z48 -> 0 | AB48: =K48*Y48 -> 51623.82 | AD48: 0.1 | AE48: =K48*AD48 -> 1720.794 | AF48: 0.2 | AG48: =AF48*K48 -> 3441.588
C49: Главный специалист | D49: 1 | E49: 5600 | F49: =ROUND(E49*F$12,2) -> 6160 | G49: =F49*1.1*1.1+0.4 -> 7454 | H49: 9213.35 | I49: =H49*$I$12 -> 10134.685 | J49: 10741.6 | K49: 17207.94 | L49: Коровко О.Н. | M49: 30 | O49: =ROUND((K49*M49/100),2) -> 5162.38 | P49: =ROUND(K49*1.14,2) -> 19617.05 | Q49: =K49*T49 -> 26500.228 | R49: =K49+O49+P49+Q49 -> 68487.598 | S49: =ROUND(K49*S$12,2) -> 4301.99 | T49: 1.54 | U49: =K49+O49+P49+Q49+S49 -> 72789.588 | V49: =R49*0.87 -> 59584.21 | W49: =U49*0.87 -> 63326.941 | X49: 3 | Y49: 3 | Z49: =X49-Y49 -> 0 | AA49: =K49*Z49 -> 0 | AB49: =K49*Y49 -> 51623.82 | AD49: 1.1 | AE49: =K49*AD49 -> 18928.734 | AF49: 1.2 | AG49: =AF49*K49 -> 20649.528
C50: ИТОГО по отделу | D50: =SUM(D43:D48)+D49 -> 7 | E50: =SUM(E29:E48) -> 99900 | F50: =SUM(F29:F48) -> 110880 | G50: =SUM(G43:G48) -> 49649 | H50: =SUM(H43:H48) -> 61360.85 | I50: =SUM(I43:I48) -> 67496.935 | J50: 71546.751 | K50: =SUM(K43:K49) -> 126544.51 | N50: =SUM(N43:N48) -> 0 | O50: =SUM(O43:O49) -> 34905.64 | P50: =SUM(P43:P49) -> 146511 | Q50: =SUM(Q43:Q49) -> 193396.01 | R50: =SUM(R43:R49) -> 501357.16 | S50: =SUM(S43:S49) -> 31636.15 | T50: =SUM(T43:T49) -> 10.68 | U50: =SUM(U43:U49) -> 532993.31 | V50: =SUM(V43:V49) -> 436180.73 | ... AG50: =SUM(AG43:AG49) -> 38439.888
C51: ИТОГО по департаменту | D51: =D26+D27+D41+D50 -> 21 | G51: =G26+G27+G41+G50 -> 133506 | H51: =H26+H27+H41+H50 -> 164999.82 | I51: =I26+I27+I41+I50 -> 181499.8 | J51: 194116.12 | K51: =K26+K27+K41+K50 -> 374074.06 | N51: =N26+N27+N41+N50 -> 0 | O51: =O26+O27+O41+O50 -> 109667.5 | P51: =P26+P27+P41+P50 -> 450453.46 | Q51: =Q26+Q27+Q41+Q50 -> 594457.45 | R51: =R26+R27+R41+R50 -> 1543477.8 | S51: =S26+S27+S41+S50 -> 97224.92 | T51: =T26+T27+T41+T50 -> 32.04 | U51: =U26+U27+U41+U50 -> 1640702.7 | ... W51: =W26+W27+W41+W50 -> 1427411.4 | AA51: =K51*Z51 -> 0 | AB51: =K51*Y51 -> 0 | AD51: 0.1 | AE51: =K51*AD51 -> 37407.406 | AF51: 0.2 | AG51: =AF51*K51 -> 74814.812
A52: Юридический отдел | P52: 1,14-1,24 | Q52: 1.42 | AA52: =K52*Z52 -> 0 | AB52: =K52*Y52 -> 0 | AD52: 0.1
C53: Начальник отдела | D53: 1 | E53: 8500 | F53: =ROUND(E53*F$12,2) -> 9350 | G53: =F53*1.1*1.1+0.5 -> 11314 | H53: 13983.03 | I53: =H53*$I$12 -> 15381.333 | J53: 16304.213 | K53: 22502.66 | L53: Рябова Л.В. | M53: 30 | O53: =ROUND((K53*M53/100),2) -> 6750.8 | P53: =ROUND(K53*1.24,2) -> 27903.3 | Q53: =K53*T53 -> 34654.096 | R53: =K53+O53+P53+Q53 -> 91810.856 | S53: =ROUND(K53*S$12,2) -> 5625.67 | T53: 1.54 | U53: =K53+O53+P53+Q53+S53 -> 97436.526 | V53: =R53*0.87 -> 79875.445 | W53: =U53*0.87 -> 84769.778 | X53: 3 | Y53: 3 | Z53: =X53-Y53 -> 0 | AA53: =K53*Z53 -> 0 | AB53: =K53*Y53 -> 67507.98 | AD53: 0.1 | AE53: =K53*AD53 -> 2250.266 | AF53: 0.2 | AG53: =AF53*K53 -> 4500.532
C54: Юрисконсульт* | D54: 1 | E54: 6500 | F54: =ROUND(E54*F$12,2) -> 7150 | G54: =F54*1.1*1.1+0.5 -> 8652 | H54: 10692.91 | I54: =H54*$I$12 -> 11762.201 | J54: 12467.933 | K54: 17207.94 | L54: Зеленская Е.Л. | M54: 30 | O54: =ROUND((K54*M54/100),2) -> 5162.38 | P54: =ROUND(K54*1.14,2) -> 19617.05 | Q54: =K54*T54 -> 26500.228 | R54: =K54+O54+P54+Q54 -> 68487.598 | S54: =ROUND(K54*S$12,2) -> 4301.99 | T54: 1.54 | U54: =K54+O54+P54+Q54+S54 -> 72789.588 | V54: =R54*0.87 -> 59584.21 | W54: =U54*0.87 -> 63326.941 | X54: 3 | Y54: 3 | Z54: =X54-Y54 -> 0 | AA54: =K54*Z54 -> 0 | AB54: =K54*Y54 -> 51623.82 | AD54: 0.1 | AE54: =K54*AD54 -> 1720.794 | AF54: 0.2 | AG54: =AF54*K54 -> 3441.588
C55: ИТОГО по отделу | D55: =SUM(D53:D54) -> 2 | E55: =SUM(E53:E54) -> 15000 | F55: =SUM(F53:F54) -> 16500 | G55: =SUM(G53:G54) -> 19966 | H55: =SUM(H53:H54) -> 24675.94 | I55: =SUM(I53:I54) -> 27143.534 | J55: 28772.146 | K55: =SUM(K53:K54) -> 39710.6 | N55: =SUM(N53:N54) -> 0 | O55: =SUM(O53:O54) -> 11913.18 | P55: =SUM(P53:P54) -> 47520.35 | Q55: =SUM(Q53:Q54) -> 61154.324 | R55: =SUM(R53:R54) -> 160298.45 | S55: =SUM(S53:S54) -> 9927.66 | T55: =SUM(T53:T54) -> 3.08 | U55: =SUM(U53:U54) -> 170226.11 | ... W55: =SUM(W53:W54) -> 148096.72 | AA55: =K55*Z55 -> 0 | AB55: =K55*Y55 -> 0 | AD55: 0.1 | AE55: =K55*AD55 -> 3971.06 | AF55: 0.2 | AG55: =AF55*K55 -> 7942.12
A56: Департамент организации обязательного медицинского страхования | P56: 1.19 | Q56: 1,44-1,54 | AA56: =K56*Z56 -> 0 | AB56: =K56*Y56 -> 0 | AD56: 0.1
C57: Заместитель директора-Начальник департамента | D57: 1 | E57: 9600 | F57: =ROUND(E57*F$12,2) -> 10560 | G57: =F57*1.1*1.1+0.4 -> 12778 | H57: 15792.6 | I57: =H57*$I$12 -> 17371.86 | J57: 18414.172 | K57: 29121.1 | L57: Рыжкова С.П. | M57: 30 | O57: =ROUND((K57*M57/100),2) -> 8736.33 | P57: =ROUND(K57*1.19,2) -> 34654.11 | Q57: =K57*T57 -> 44846.494 | R57: =K57+O57+P57+Q57 -> 117358.03 | S57: =ROUND(K57*S$12,2) -> 7280.28 | T57: 1.54 | U57: =K57+O57+P57+Q57+S57 -> 124638.31 | V57: =R57*0.87 -> 102101.49 | W57: =U57*0.87 -> 108435.33 | X57: 3 | Z57: =X57-Y57 -> 3 | AA57: =K57*Z57 -> 87363.3 | AB57: =K57*Y57 -> 0 | AD57: 0.1 | AE57: =K57*AD57 -> 2912.11 | AF57: 0.2 | AG57: =AF57*K57 -> 5824.22
C58: Зам. начальника департамента,врач-эксперт | D58: 1 | E58: 8700 | F58: =ROUND(E58*F$12,2) -> 9570 | G58: =F58*1.1*1.1+0.3 -> 11580 | H58: 14312.05 | I58: =H58*$I$12 -> 15743.255 | J58: 16687.85 | K58: 23032.18 | L58: Захарова А.В. | M58: 15 | O58: =ROUND((K58*M58/100),2) -> 3454.83 | P58: =ROUND(K58*1.19,2) -> 27408.29 | Q58: =K58*T58 -> 35469.557 | R58: =K58+O58+P58+Q58 -> 89364.857 | S58: =ROUND(K58*S$12,2) -> 5758.05 | T58: 1.54 | U58: =K58+O58+P58+Q58+S58 -> 95122.907 | V58: =R58*0.87 -> 77747.426 | W58: =U58*0.87 -> 82756.929 | X58: 3 | Y58: 0 | Z58: =X58-Y58 -> 3 | AA58: =K58*Z58 -> 69096.54 | AB58: =K58*Y58 -> 0 | AD58: 0.1 | AE58: =K58*AD58 -> 2303.218 | AF58: 0.2 | AG58: =AF58*K58 -> 4606.436
A59: Отдел контроля качества медицинской помощи и защиты прав застрахованных | P59: 1,14-1,24 | AA59: =K59*Z59 -> 0 | AB59: =K59*Y59 -> 0 | AD59: 0.1
C60: Начальник отдела | D60: 1 | E60: 8500 | F60: 8250 | G60: =F60*1.1*1.1+0.5 -> 9983 | H60: 12337.98 | I60: =H60*$I$12 -> 13571.778 | J60: 14386.085 | K60: 22502.66 | L60: Рабочий С.И. | M60: 30 | O60: =ROUND((K60*M60/100),2) -> 6750.8 | P60: =ROUND(K60*1.24,2) -> 27903.3 | Q60: =K60*T60 -> 34654.096 | R60: =K60+O60+P60+Q60 -> 91810.856 | S60: =ROUND(K60*S$12,2) -> 5625.67 | T60: 1.54 | U60: =K60+O60+P60+Q60+S60 -> 97436.526 | V60: =R60*0.87 -> 79875.445 | W60: =U60*0.87 -> 84769.778 | X60: 3 | Y60: 2 | Z60: =X60-Y60 -> 1 | AA60: =K60*Z60 -> 22502.66 | AB60: =K60*Y60 -> 45005.32 | AD60: 0.1 | AE60: =K60*AD60 -> 2250.266 | AF60: 0.2 | AG60: =AF60*K60 -> 4500.532
C61: Заместитель начальника отдела | D61: 1 | H61: 10692.91 | I61: =H61*$I$12 -> 11762.201 | J61: 12467.933 | K61: 20384.77 | L61: Мочалова Е.Д. | M61: 20 | O61: =ROUND((K61*M61/100),2) -> 4076.95 | P61: =ROUND(K61*1.14,2) -> 23238.64 | Q61: =K61*T61 -> 31392.546 | R61: =K61+O61+P61+Q61 -> 79092.906 | S61: =ROUND(K61*S$12,2) -> 5096.19 | T61: 1.54 | U61: =K61+O61+P61+Q61+S61 -> 84189.096 | V61: =R61*0.87 -> 68810.828 | W61: =U61*0.87 -> 73244.513 | X61: 3 | Y61: 3 | Z61: =X61-Y61 -> 0 | AA61: =K61*Z61 -> 0 | AB61: =K61*Y61 -> 61154.31 | AD61: 0.1 | AE61: =K61*AD61 -> 2038.477 | AF61: 0.2 | AG61: =AF61*K61 -> 4076.954
C62: Главный специалист-врач-эксперт | D62: 1 | E62: 6500 | F62: =ROUND(E62*F$12,2) -> 7150 | G62: =F62*1.1*1.1+0.5 -> 8652 | H62: 10692.91 | I62: =H62*$I$12 -> 11762.201 | J62: 12467.933 | K62: 17207.94 | L62: Завьялова С.В. | M62: 15 | O62: =ROUND((K62*M62/100),2) -> 2581.19 | P62: =ROUND(K62*1.14,2) -> 19617.05 | Q62: =K62*T62 -> 26500.228 | R62: =K62+O62+P62+Q62 -> 65906.408 | S62: =ROUND(K62*S$12,2) -> 4301.99 | T62: 1.54 | U62: =K62+O62+P62+Q62+S62 -> 70208.398 | V62: =R62*0.87 -> 57338.575 | W62: =U62*0.87 -> 61081.306 | X62: 3 | Z62: =X62-Y62 -> 3 | AA62: =K62*Z62 -> 51623.82 | AB62: =K62*Y62 -> 0 | AD62: 0.1 | AE62: =K62*AD62 -> 1720.794 | AF62: 0.2 | AG62: =AF62*K62 -> 3441.588
C63: Главный специалист-врач-эксперт | D63: 1 | E63: 6500 | F63: =ROUND(E63*F$12,2) -> 7150 | G63: =F63*1.1*1.1+0.5 -> 8652 | H63: 10692.91 | I63: =H63*$I$12 -> 11762.201 | J63: 12467.933 | K63: 17207.94 | L63: Сальков А.В. | M63: 30 | O63: =ROUND((K63*M63/100),2) -> 5162.38 | P63: =ROUND(K63*1.14,2) -> 19617.05 | Q63: =K63*T63 -> 26500.228 | R63: =K63+O63+P63+Q63 -> 68487.598 | S63: =ROUND(K63*S$12,2) -> 4301.99 | T63: 1.54 | U63: =K63+O63+P63+Q63+S63 -> 72789.588 | V63: =R63*0.87 -> 59584.21 | W63: =U63*0.87 -> 63326.941 | X63: 3 | Y63: 3 | Z63: =X63-Y63 -> 0 | AA63: =K63*Z63 -> 0 | AB63: =K63*Y63 -> 51623.82 | AD63: 0.1 | AE63: =K63*AD63 -> 1720.794 | AF63: 0.2 | AG63: =AF63*K63 -> 3441.588
C64: Главный специалист | D64: 1 | E64: 6500 | F64: =ROUND(E64*F$12,2) -> 7150 | G64: =F64*1.1*1.1+0.5 -> 8652 | H64: 10692.91 | I64: =H64*$I$12 -> 11762.201 | J64: 12467.933 | K64: 17207.94 | L64: Черноног О.А. | M64: 30 | O64: =ROUND((K64*M64/100),2) -> 5162.38 | P64: =ROUND(K64*1.14,2) -> 19617.05 | Q64: =K64*T64 -> 26500.228 | R64: =K64+O64+P64+Q64 -> 68487.598 | S64: =ROUND(K64*S$12,2) -> 4301.99 | T64: 1.54 | U64: =K64+O64+P64+Q64+S64 -> 72789.588 | V64: =R64*0.87 -> 59584.21 | W64: =U64*0.87 -> 63326.941 | X64: 3 | Y64: 3 | Z64: =X64-Y64 -> 0 | AA64: =K64*Z64 -> 0 | AB64: =K64*Y64 -> 51623.82 | AD64: 0.1 | AE64: =K64*AD64 -> 1720.794 | AF64: 0.2 | AG64: =AF64*K64 -> 3441.588
C65: Главный специалист | D65: 1 | H65: 10692.91 | I65: =H65*$I$12 -> 11762.201 | J65: 12467.933 | K65: 17207.94 | L65: Калошина И.А. | M65: 15 | O65: =ROUND((K65*M65/100),2) -> 2581.19 | P65: =ROUND(K65*1.14,2) -> 19617.05 | Q65: =K65*T65 -> 26500.228 | R65: =K65+O65+P65+Q65 -> 65906.408 | S65: =ROUND(K65*S$12,2) -> 4301.99 | T65: 1.54 | U65: =K65+O65+P65+Q65+S65 -> 70208.398 | V65: =R65*0.87 -> 57338.575 | W65: =U65*0.87 -> 61081.306 | X65: 3 | Y65: 0 | Z65: =X65-Y65 -> 3 | AA65: =K65*Z65 -> 51623.82 | AB65: =K65*Y65 -> 0 | AD65: 0.1 | AE65: =K65*AD65 -> 1720.794 | AF65: 0.2 | AG65: =AF65*K65 -> 3441.588
C66: Главный специалист-врач-эксперт | D66: 1 | J66: 12467.933 | K66: 17207.94 | L66: Спирина Г.В. | M66: 30 | O66: =ROUND((K66*M66/100),2) -> 5162.38 | P66: =ROUND(K66*1.14,2) -> 19617.05 | Q66: =K66*T66 -> 26500.228 | R66: =K66+O66+P66+Q66 -> 68487.598 | S66: =ROUND(K66*S$12,2) -> 4301.99 | T66: 1.54 | U66: =K66+O66+P66+Q66+S66 -> 72789.588 | V66: =R66*0.87 -> 59584.21 | W66: =U66*0.87 -> 63326.941 | X66: 3 | Y66: 3 | Z66: =X66-Y66 -> 0 | AA66: =K66*Z66 -> 0 | AB66: =K66*Y66 -> 51623.82 | AD66: 0.1 | AE66: =K66*AD66 -> 1720.794 | AF66: 0.2 | AG66: =AF66*K66 -> 3441.588
C67: Главный специалист-врач-эксперт | D67: 1 | J67: 12467.933 | K67: 17207.94 | L67: Клепацкая Н.О. | O67: =ROUND((K67*M67/100),2) -> 0 | P67: =ROUND(K67*1.14,2) -> 19617.05 | Q67: =K67*T67 -> 26500.228 | R67: =K67+O67+P67+Q67 -> 63325.218 | S67: =ROUND(K67*S$12,2) -> 4301.99 | T67: 1.54 | U67: =K67+O67+P67+Q67+S67 -> 67627.208 | V67: =R67*0.87 -> 55092.939 | W67: =U67*0.87 -> 58835.671 | X67: 3 | Y67: 3 | Z67: =X67-Y67 -> 0 | AA67: =K67*Z67 -> 0 | AB67: =K67*Y67 -> 51623.82 | AD67: 0.1 | AE67: =K67*AD67 -> 1720.794 | AF67: 0.2 | AG67: =AF67*K67 -> 3441.588
C68: Главный специалист-врач-эксперт | D68: 1 | K68: 17207.94 | L68: Шмаков И.В. | M68: 30 | O68: =ROUND((K68*M68/100),2) -> 5162.38 | P68: =ROUND(K68*1.14,2) -> 19617.05 | Q68: =K68*T68 -> 26500.228 | R68: =K68+O68+P68+Q68 -> 68487.598 | S68: =ROUND(K68*S$12,2) -> 4301.99 | T68: 1.54 | U68: =K68+O68+P68+Q68+S68 -> 72789.588 | V68: =R68*0.87 -> 59584.21 | W68: =U68*0.87 -> 63326.941
C69: Главный специалист-врач-эксперт | D69: 1 | H69: 9212.35 | I69: =H69*$I$12 -> 10133.585 | J69: 10741.6 | K69: 17207.94 | L69: Решетникова С. Л. | M69: 30 | O69: =ROUND((K69*M69/100),2) -> 5162.38 | P69: =ROUND(K69*1.14,2) -> 19617.05 | Q69: =K69*T69 -> 26500.228 | R69: =K69+O69+P69+Q69 -> 68487.598 | S69: =ROUND(K69*S$12,2) -> 4301.99 | T69: 1.54 | U69: =K69+O69+P69+Q69+S69 -> 72789.588 | V69: =R69*0.87 -> 59584.21 | W69: =U69*0.87 -> 63326.941 | X69: 3 | Y69: 3 | Z69: =X69-Y69 -> 0 | AA69: =K69*Z69 -> 0 | AB69: =K69*Y69 -> 51623.82 | AD69: 0.1 | AE69: =K69*AD69 -> 1720.794 | AF69: 0.2 | AG69: =AF69*K69 -> 3441.588
C70: Главный специалист-врач-эксперт | D70: 1 | H70: 9212.35 | I70: =H70*$I$12 -> 10133.585 | J70: 10741.6 | K70: 17207.94 | L70: Братчева И.В. | M70: 30 | O70: =ROUND((K70*M70/100),2) -> 5162.38 | P70: =ROUND(K70*1.14,2) -> 19617.05 | Q70: =K70*T70 -> 26500.228 | R70: =K70+O70+P70+Q70 -> 68487.598 | S70: =ROUND(K70*S$12,2) -> 4301.99 | T70: 1.54 | U70: =K70+O70+P70+Q70+S70 -> 72789.588 | V70: =R70*0.87 -> 59584.21 | W70: =U70*0.87 -> 63326.941 | X70: 3 | Y70: 0 | Z70: =X70-Y70 -> 3 | AA70: =K70*Z70 -> 51623.82 | AB70: =K70*Y70 -> 0 | AD70: 0.1 | AE70: =K70*AD70 -> 1720.794 | AF70: 0.2 | AG70: =AF70*K70 -> 3441.588
C71: Главный специалист | D71: 1 | K71: 17207.94 | L71: Клюкина Г.Н. | M71: 20 | O71: =ROUND((K71*M71/100),2) -> 3441.59 | P71: =ROUND(K71*1.14,2) -> 19617.05 | Q71: =K71*T71 -> 26500.228 | R71: =K71+O71+P71+Q71 -> 66766.808 | S71: =ROUND(K71*S$12,2) -> 4301.99 | T71: 1.54 | U71: =K71+O71+P71+Q71+S71 -> 71068.798 | V71: =R71*0.87 -> 58087.123 | W71: =U71*0.87 -> 61829.854 | X71: 3 | Y71: 3 | Z71: =X71-Y71 -> 0 | AA71: =K71*Z71 -> 0 | AB71: =K71*Y71 -> 51623.82 | AD71: 0.1 | AE71: =K71*AD71 -> 1720.794 | AF71: 0.2 | AG71: =AF71*K71 -> 3441.588
C72: Главный специалист | D72: 1 | H72: 9212.35 | I72: =H72*$I$12 -> 10133.585 | J72: 10741.6 | K72: 17207.94 | L72: Кузнецова И.Г. | M72: 30 | O72: =ROUND((K72*M72/100),2) -> 5162.38 | P72: =ROUND(K72*1.14,2) -> 19617.05 | Q72: =K72*T72 -> 26500.228 | R72: =K72+O72+P72+Q72 -> 68487.598 | S72: =ROUND(K72*S$12,2) -> 4301.99 | T72: 1.54 | U72: =K72+O72+P72+Q72+S72 -> 72789.588 | V72: =R72*0.87 -> 59584.21 | W72: =U72*0.87 -> 63326.941 | X72: 3 | Z72: =X72-Y72 -> 3 | AA72: =K72*Z72 -> 51623.82 | AB72: =K72*Y72 -> 0 | AD72: 0.1 | AE72: =K72*AD72 -> 1720.794 | AF72: 0.2 | AG72: =AF72*K72 -> 3441.588
C73: Ведущий специалист | D73: 0 | K73: 0 | M73: 10 | O73: =ROUND((K73*M73/100),2) -> 0 | P73: =ROUND(K73*1.14,2) -> 0 | Q73: =K73*T73 -> 0 | R73: =K73+O73+P73+Q73 -> 0 | S73: =ROUND(K73*S$12,2) -> 0 | T73: 2.54 | U73: =K73+O73+P73+Q73+S73 -> 0 | V73: =R73*0.87 -> 0 | W73: =U73*0.87 -> 0 | X73: 4
C74: Ведущий специалист | D74: 0 | K74: 0 | M74: 15 | O74: =ROUND((K74*M74/100),2) -> 0 | P74: =ROUND(K74*1.14,2) -> 0 | Q74: =K74*T74 -> 0 | R74: =K74+O74+P74+Q74 -> 0 | S74: =ROUND(K74*S$12,2) -> 0 | T74: 3.54 | U74: =K74+O74+P74+Q74+S74 -> 0 | V74: =R74*0.87 -> 0 | W74: =U74*0.87 -> 0 | X74: 5
C75: Ведущий специалист | D75: 1 | K75: 14825.32 | L75: Грицнелова Ю.С. | M75: 0 | O75: =ROUND((K75*M75/100),2) -> 0 | P75: =ROUND(K75*1.14,2) -> 16900.86 | Q75: =K75*T75 -> 21348.461 | R75: =K75+O75+P75+Q75 -> 53074.641 | S75: =ROUND(K75*S$12,2) -> 3706.33 | T75: 1.44 | U75: =K75+O75+P75+Q75+S75 -> 56780.971 | V75: =R75*0.87 -> 46174.937 | W75: =U75*0.87 -> 49399.445 | X75: 6
C76: Главный специалист-врач эксперт | D76: 1 | K76: 17207.94 | L76: Федорова Н.Г. | M76: 30 | O76: =ROUND((K76*M76/100),2) -> 5162.38 | P76: =ROUND(K76*1.14,2) -> 19617.05 | Q76: =K76*T76 -> 26500.228 | R76: =K76+O76+P76+Q76 -> 68487.598 | S76: =ROUND(K76*S$12,2) -> 4301.99 | T76: 1.54 | U76: =K76+O76+P76+Q76+S76 -> 72789.588 | V76: =R76*0.87 -> 59584.21 | W76: =U76*0.87 -> 63326.941
C77: ИТОГО по отделу | D77: =SUM(D60:D76) -> 15 | E77: =SUM(E60:E67) -> 28000 | F77: =SUM(F60:F67) -> 29700 | G77: =SUM(G60:G67) -> 35939 | H77: =SUM(H60:H67) -> 65802.53 | I77: =SUM(I60:I67) -> 72382.783 | J77: =SUM(J60:J67) -> 101661.62 | K77: =SUM(K60:K76) -> 264208.03 | N77: =SUM(N60:N72) -> 0 | O77: =SUM(O60:O76) -> 60730.76 | P77: =SUM(P60:P76) -> 303447.4 | Q77: =SUM(Q60:Q75) -> 378897.61 | R77: =SUM(R60:R75) -> 965296.43 | S77: =SUM(S60:S76) -> 66052.07 | T77: =SUM(T60:T75) -> 27.54 | U77: =SUM(U60:U75) -> 1027046.5 | V77: =SUM(V60:V75) -> 839807.89 | W77: =SUM(W60:W75) -> 893530.46 | X77: =SUM(X60:X75) -> 51 | Y77: =SUM(Y60:Y75) -> 23 | Z77: =SUM(Z60:Z75) -> 13 | AA77: =SUM(AA60:AA75) -> 228997.94 | ... AH77: =SUM(AH60:AH75) -> 0
A78: Отдел планирования и мониторинга тер. прграммы | AA78: =K78*Z78 -> 0 | AB78: =K78*Y78 -> 0 | AD78: 0.1
C79: Начальник отдела | D79: 1 | E79: 7500 | F79: =ROUND(E79*F$12,2) -> 8250 | G79: =F79*1.1*1.1+0.5 -> 9983 | H79: 12337.98 | I79: =H79*$I$12 -> 13571.778 | J79: 14386.085 | K79: 22502.66 | L79: Гришина М.В. | M79: 20 | O79: =ROUND((K79*M79/100),2) -> 4500.53 | P79: =ROUND(K79*1.24,2) -> 27903.3 | Q79: =K79*T79 -> 34654.096 | R79: =K79+O79+P79+Q79 -> 89560.586 | S79: =ROUND(K79*S$12,2) -> 5625.67 | T79: 1.54 | U79: =K79+O79+P79+Q79+S79 -> 95186.256 | V79: =R79*0.87 -> 77917.71 | W79: =U79*0.87 -> 82812.043 | X79: 3 | Y79: 3 | Z79: =X79-Y79 -> 0 | AA79: =K79*Z79 -> 0 | AB79: =K79*Y79 -> 67507.98 | AD79: 0.1 | AE79: =K79*AD79 -> 2250.266 | AF79: 0.2 | AG79: =AF79*K79 -> 4500.532
C80: Заместитель начальника отдела | D80: 1 | H80: 10692.91 | I80: =H80*$I$12 -> 11762.201 | J80: 12467.933 | K80: 20384.77 | L80: Шакурова О.Ю. | M80: 30 | O80: =ROUND((K80*M80/100),2) -> 6115.43 | P80: =ROUND(K80*1.14,2) -> 23238.64 | Q80: =K80*T80 -> 31392.546 | R80: =K80+O80+P80+Q80 -> 81131.386 | S80: =ROUND(K80*S$12,2) -> 5096.19 | T80: 1.54 | U80: =K80+O80+P80+Q80+S80 -> 86227.576 | V80: =R80*0.87 -> 70584.306 | W80: =U80*0.87 -> 75017.991
C81: Главный специалист | D81: 1 | E81: 6500 | F81: =ROUND(E81*F$12,2) -> 7150 | G81: =F81*1.1*1.1+0.5 -> 8652 | H81: 10692.91 | I81: =H81*$I$12 -> 11762.201 | J81: 12467.933 | K81: 17207.94 | L81: Парфенова И.В. | M81: 30 | O81: =ROUND((K81*M81/100),2) -> 5162.38 | P81: =ROUND(K81*1.14,2) -> 19617.05 | Q81: =K81*T81 -> 26500.228 | R81: =K81+O81+P81+Q81 -> 68487.598 | S81: =ROUND(K81*S$12,2) -> 4301.99 | T81: 1.54 | U81: =K81+O81+P81+Q81+S81 -> 72789.588 | V81: =R81*0.87 -> 59584.21 | W81: =U81*0.87 -> 63326.941 | X81: 3 | Y81: 3 | Z81: =X81-Y81 -> 0 | AA81: =K81*Z81 -> 0 | AB81: =K81*Y81 -> 51623.82 | AD81: 0.1 | AE81: =K81*AD81 -> 1720.794 | AF81: 0.2 | AG81: =AF81*K81 -> 3441.588
C82: Главный специалист | D82: 1 | E82: 6500 | F82: =ROUND(E82*F$12,2) -> 7150 | G82: =F82*1.1*1.1+0.5 -> 8652 | H82: 10692.91 | I82: =H82*$I$12 -> 11762.201 | J82: 12467.933 | K82: 17207.94 | L82: Фахуртдинова Р.Н. | M82: 30 | O82: =ROUND((K82*M82/100),2) -> 5162.38 | P82: =ROUND(K82*1.14,2) -> 19617.05 | Q82: =K82*T82 -> 26500.228 | R82: =K82+O82+P82+Q82 -> 68487.598 | S82: =ROUND(K82*S$12,2) -> 4301.99 | T82: 1.54 | U82: =K82+O82+P82+Q82+S82 -> 72789.588 | V82: =R82*0.87 -> 59584.21 | W82: =U82*0.87 -> 63326.941 | X82: 3 | Y82: 3 | Z82: =X82-Y82 -> 0 | AA82: =K82*Z82 -> 0 | AB82: =K82*Y82 -> 51623.82 | AD82: 0.1 | AE82: =K82*AD82 -> 1720.794 | AF82: 0.2 | AG82: =AF82*K82 -> 3441.588
C83: Главный специалист | D83: 1 | E83: 6500 | F83: =ROUND(E83*F$12,2) -> 7150 | G83: =F83*1.1*1.1+0.5 -> 8652 | H83: 10692.91 | I83: =H83*$I$12 -> 11762.201 | J83: 12467.933 | K83: 17207.94 | L83: Рыженко Ю.В. | M83: 30 | O83: =ROUND((K83*M83/100),2) -> 5162.38 | P83: =ROUND(K83*1.14,2) -> 19617.05 | Q83: =K83*T83 -> 26500.228 | R83: =K83+O83+P83+Q83 -> 68487.598 | S83: =ROUND(K83*S$12,2) -> 4301.99 | T83: 1.54 | U83: =K83+O83+P83+Q83+S83 -> 72789.588 | V83: =R83*0.87 -> 59584.21 | W83: =U83*0.87 -> 63326.941 | X83: 3 | Z83: =X83-Y83 -> 3 | AA83: =K83*Z83 -> 51623.82 | AB83: =K83*Y83 -> 0 | AD83: 0.1 | AE83: =K83*AD83 -> 1720.794 | AF83: 0.2 | AG83: =AF83*K83 -> 3441.588
C84: Главный специалист | D84: 1 | K84: 17207.94 | L84: Сахтуева М.А. | M84: 30 | O84: =ROUND((K84*M84/100),2) -> 5162.38 | P84: =ROUND(K84*1.14,2) -> 19617.05 | Q84: =K84*T84 -> 26500.228 | R84: =K84+O84+P84+Q84 -> 68487.598 | S84: =ROUND(K84*S$12,2) -> 4301.99 | T84: 1.54 | U84: =K84+O84+P84+Q84+S84 -> 72789.588 | V84: =R84*0.87 -> 59584.21 | W84: =U84*0.87 -> 63326.941 | AB84: =K84*Y84 -> 0
C85: Ведущий специалист | D85: 1 | H85: 9212.35 | I85: =H85*$I$12 -> 10133.585 | J85: 10741.6 | K85: 14825.32 | L85: Бондаренко Л.П. | M85: 30 | O85: =ROUND((K85*M85/100),2) -> 4447.6 | P85: =ROUND(K85*1.14,2) -> 16900.86 | Q85: =K85*T85 -> 21348.461 | R85: =K85+O85+P85+Q85 -> 57522.241 | S85: =ROUND(K85*S$12,2) -> 3706.33 | T85: 1.44 | U85: =K85+O85+P85+Q85+S85 -> 61228.571 | V85: =R85*0.87 -> 50044.349 | W85: =U85*0.87 -> 53268.857 | X85: 3 | Y85: 3 | Z85: =X85-Y85 -> 0 | AA85: =K85*Z85 -> 0 | AB85: =K85*Y85 -> 44475.96 | AD85: 0.1 | AE85: =K85*AD85 -> 1482.532 | AF85: 0.2 | AG85: =AF85*K85 -> 2965.064
C86: Ведущий специалист | D86: 0 | H86: 9212.35 | I86: =H86*$I$12 -> 10133.585 | J86: 10741.6 | K86: 0 | M86: 0 | O86: =ROUND((K86*M86/100),2) -> 0 | P86: =ROUND(K86*1.14,2) -> 0 | Q86: =K86*T86 -> 0 | R86: =K86+O86+P86+Q86 -> 0 | S86: =ROUND(K86*S$12,2) -> 0 | T86: 1.44 | U86: =K86+O86+P86+Q86+S86 -> 0 | V86: =R86*0.87 -> 0 | W86: =U86*0.87 -> 0 | X86: 3 | Z86: =X86-Y86 -> 3 | AA86: =K86*Z86 -> 0 | AB86: =K86*Y86 -> 0 | AD86: 0.1 | AE86: =K86*AD86 -> 0 | AF86: 0.2 | AG86: =AF86*K86 -> 0
C87: Ведущий специалист | D87: 1 | H87: 9212.35 | I87: =H87*$I$12 -> 10133.585 | J87: 10741.6 | K87: 14825.32 | L87: Шабанова М.А. | M87: 30 | O87: =ROUND((K87*M87/100),2) -> 4447.6 | P87: =ROUND(K87*1.14,2) -> 16900.86 | Q87: =K87*T87 -> 21348.461 | R87: =K87+O87+P87+Q87 -> 57522.241 | S87: =ROUND(K87*S$12,2) -> 3706.33 | T87: 1.44 | U87: =K87+O87+P87+Q87+S87 -> 61228.571 | V87: =R87*0.87 -> 50044.349 | W87: =U87*0.87 -> 53268.857 | X87: 4 | Z87: =X87-Y87 -> 4 | AA87: =K87*Z87 -> 59301.28 | AB87: =K87*Y87 -> 0 | AD87: 1.1 | AE87: =K87*AD87 -> 16307.852 | AF87: 1.2 | AG87: =AF87*K87 -> 17790.384
C88: ИТОГО по отделу | D88: =SUM(D79:D87) -> 8 | E88: =SUM(E79:E85) -> 27000 | F88: =SUM(F79:F85) -> 29700 | G88: =SUM(G79:G85) -> 35939 | H88: =SUM(H79:H86) -> 73534.32 | I88: =SUM(I79:I86) -> 80887.752 | J88: 73273.084 | K88: =SUM(K79:K87) -> 141369.83 | N88: =SUM(N79:N86) -> 0 | O88: =SUM(O79:O87) -> 40160.68 | P88: =SUM(P79:P87) -> 163411.86 | Q88: =SUM(Q79:Q87) -> 214744.47 | R88: =SUM(R79:R87) -> 559686.84 | S88: =SUM(S79:S87) -> 35342.48 | T88: =SUM(T79:T87) -> 13.56 | U88: =SUM(U79:U87) -> 595029.32 | V88: =SUM(V79:V87) -> 486927.55 | W88: =SUM(W79:W87) -> 517675.51 | AA88: =K88*Z88 -> 0 | AB88: =K88*Y88 -> 0 | AD88: 0.1 | AE88: =K88*AD88 -> 14136.983 | AF88: 0.2 | AG88: =AF88*K88 -> 28273.966
C89: ИТОГО по департаменту | D89: =D77+D88+D57+D58 -> 25 | E89: =SUM(E57:E58)+E77+E88 -> 73300 | F89: =SUM(F57:F58)+F77+F88 -> 79530 | G89: =SUM(G57:G58)+G77+G88 -> 96236 | H89: =SUM(H57:H58)+H77+H88 -> 169441.5 | I89: =SUM(I57:I58)+I77+I88 -> 186385.65 | J89: 185100.86 | K89: =K88+K77+K57+K58 -> 457731.14 | N89: =N88+N77+N57+N58 -> 0 | O89: =O88+O77+O57+O58 -> 113082.6 | P89: =P88+P77+P57+P58 -> 528921.66 | Q89: =Q88+Q77+Q57+Q58 -> 673958.13 | R89: =R88+R77+R57+R58 -> 1731706.2 | S89: =S88+S77+S57+S58 -> 114432.88 | T89: =T88+T77+T57+T58 -> 44.18 | U89: =U88+U77+U57+U58 -> 1841837.1 | ... W89: =W88+W77+W57+W58 -> 1602398.2 | AA89: =K89*Z89 -> 0 | AB89: =K89*Y89 -> 0 | AD89: 0.1 | AE89: =K89*AD89 -> 45773.114 | AF89: 0.2 | AG89: =AF89*K89 -> 91546.228
A90: Отдел информационной безопасности | AA90: =K90*Z90 -> 0 | AB90: =K90*Y90 -> 0 | AD90: 0.1
C91: Начальник отдела | D91: 1 | J91: 16304.213 | K91: 22502.66 | L91: Филиппова Е.А. | M91: 15 | O91: =ROUND((K91*M91/100),2) -> 3375.4 | P91: =ROUND(K91*1.24,2) -> 27903.3 | Q91: =K91*T91 -> 34654.096 | R91: =K91+O91+P91+Q91 -> 88435.456 | S91: =ROUND(K91*S$12,2) -> 5625.67 | T91: 1.54 | U91: =K91+O91+P91+Q91+S91 -> 94061.126 | V91: =R91*0.87 -> 76938.847 | W91: =U91*0.87 -> 81833.18 | X91: 3 | Y91: 3 | Z91: =X91-Y91 -> 0 | AA91: =K91*Z91 -> 0 | AB91: =K91*Y91 -> 67507.98 | AD91: 0.1 | AE91: =K91*AD91 -> 2250.266 | AF91: 0.2 | AG91: =AF91*K91 -> 4500.532
C92: Главный специалист | D92: 1 | J92: 12467.933 | K92: 17207.94 | L92: Чиркевич АБ | M92: 30 | O92: =ROUND((K92*M92/100),2) -> 5162.38 | P92: =ROUND(K92*1.14,2) -> 19617.05 | Q92: =K92*T92 -> 26500.228 | R92: =K92+O92+P92+Q92 -> 68487.598 | S92: =ROUND(K92*S$12,2) -> 4301.99 | T92: 1.54 | U92: =K92+O92+P92+Q92+S92 -> 72789.588 | V92: =R92*0.87 -> 59584.21 | W92: =U92*0.87 -> 63326.941 | X92: 3 | Z92: =X92-Y92 -> 3 | AA92: =K92*Z92 -> 51623.82 | AB92: =K92*Y92 -> 0 | AD92: 0.1 | AE92: =K92*AD92 -> 1720.794 | AF92: 0.2 | AG92: =AF92*K92 -> 3441.588
C93: ИТОГО по отделу | D93: =SUM(D91:D92) -> 2 | J93: 28772.146 | K93: =SUM(K91:K92) -> 39710.6 | N93: =SUM(N91:N92) -> 0 | O93: =SUM(O91:O92) -> 8537.78 | P93: =SUM(P91:P92) -> 47520.35 | Q93: =SUM(Q91:Q92) -> 61154.324 | R93: =SUM(R91:R92) -> 156923.05 | S93: =SUM(S91:S92) -> 9927.66 | U93: =SUM(U91:U92) -> 166850.71 | V93: =SUM(V91:V92) -> 136523.06 | W93: =SUM(W91:W92) -> 145160.12 | AA93: =K93*Z93 -> 0 | AB93: =K93*Y93 -> 0 | AD93: 0.1 | AE93: =K93*AD93 -> 3971.06 | AF93: 0.2 | AG93: =AF93*K93 -> 7942.12
A94: Отдел информационных технологий | P94: 1,14-1,24 | Q94: 1,44-1,54 | AA94: =K94*Z94 -> 0 | AB94: =K94*Y94 -> 0 | AD94: 0.1
C95: Начальник отдела | D95: 1 | E95: 8500 | F95: =ROUND(E95*F$12,2) -> 9350 | G95: =F95*1.1*1.1+0.5 -> 11314 | H95: 13983.03 | I95: =H95*$I$12 -> 15381.333 | J95: 16304.213 | K95: 22502.66 | L95: Суворов А.М. | M95: 30 | O95: =ROUND((K95*M95/100),2) -> 6750.8 | P95: =ROUND(K95*1.24,2) -> 27903.3 | Q95: =K95*T95 -> 34654.096 | R95: =K95+O95+P95+Q95 -> 91810.856 | S95: =ROUND(K95*S$12,2) -> 5625.67 | T95: 1.54 | U95: =K95+O95+P95+Q95+S95 -> 97436.526 | V95: =R95*0.87 -> 79875.445 | W95: =U95*0.87 -> 84769.778 | X95: 3 | Z95: =X95-Y95 -> 3 | AA95: =K95*Z95 -> 67507.98 | AB95: =K95*Y95 -> 0 | AD95: 0.1 | AE95: =K95*AD95 -> 2250.266 | AF95: 0.2 | AG95: =AF95*K95 -> 4500.532
C96: Зам.начальника отдела | D96: 1 | E96: 7700 | F96: =ROUND(E96*F$12,2) -> 8470 | G96: =F96*1.1*1.1+0.3 -> 10249 | H96: 12666.98 | I96: =H96*$I$12 -> 13933.678 | J96: 14769.699 | K96: 20384.77 | L96: Красавин О.Ю. | M96: 30 | O96: =ROUND((K96*M96/100),2) -> 6115.43 | P96: =ROUND(K96*1.14,2) -> 23238.64 | Q96: =K96*T96 -> 31392.546 | R96: =K96+O96+P96+Q96 -> 81131.386 | S96: =ROUND(K96*S$12,2) -> 5096.19 | T96: 1.54 | U96: =K96+O96+P96+Q96+S96 -> 86227.576 | V96: =R96*0.87 -> 70584.306 | W96: =U96*0.87 -> 75017.991 | X96: 3 | Z96: =X96-Y96 -> 3 | AA96: =K96*Z96 -> 61154.31 | AB96: =K96*Y96 -> 0 | AD96: 0.1 | AE96: =K96*AD96 -> 2038.477 | AF96: 0.2 | AG96: =AF96*K96 -> 4076.954
A97: =K98/2 -> 8603.97 | C97: Главный специалист | D97: 1 | E97: 6500 | F97: =ROUND(E97*F$12,2) -> 7150 | G97: =F97*1.1*1.1+0.5 -> 8652 | H97: 10692.91 | I97: =H97*$I$12 -> 11762.201 | J97: 12467.933 | K97: 17207.94 | L97: Блохин Г.В. | M97: 30 | O97: =ROUND((K97*M97/100),2) -> 5162.38 | P97: =ROUND(K97*1.14,2) -> 19617.05 | Q97: =K97*T97 -> 26500.228 | R97: =K97+O97+P97+Q97 -> 68487.598 | S97: =ROUND(K97*S$12,2) -> 4301.99 | T97: 1.54 | U97: =K97+O97+P97+Q97+S97 -> 72789.588 | V97: =R97*0.87 -> 59584.21 | W97: =U97*0.87 -> 63326.941 | X97: 3 | Y97: 2 | Z97: =X97-Y97 -> 1 | AA97: =K97*Z97 -> 17207.94 | AB97: =K97*Y97 -> 34415.88 | AD97: 0.1 | AE97: =K97*AD97 -> 1720.794 | AF97: 0.2 | AG97: =AF97*K97 -> 3441.588
C98: Главный специалист | D98: 1 | K98: 17207.94 | L98: Голубев О.Л. | M98: 0 | O98: =ROUND((K98*M98/100),2) -> 0 | P98: =ROUND(K98*1.14,2) -> 19617.05 | Q98: =K98*T98 -> 26500.228 | R98: =K98+O98+P98+Q98 -> 63325.218 | S98: =ROUND(K98*S$12,2) -> 4301.99 | T98: 1.54 | U98: =K98+O98+P98+Q98+S98 -> 67627.208 | V98: =R98*0.87 -> 55092.939 | W98: =U98*0.87 -> 58835.671
C99: Главный специалист | D99: 1 | E99: 6500 | F99: =ROUND(E99*F$12,2) -> 7150 | G99: =F99*1.1*1.1+0.5 -> 8652 | H99: 10692.91 | I99: =H99*$I$12 -> 11762.201 | J99: 12467.933 | K99: 17207.94 | L99: Гаврилова Н.Н. | M99: 15 | O99: =ROUND((K99*M99/100),2) -> 2581.19 | P99: =ROUND(K99*1.14,2) -> 19617.05 | Q99: =K99*T99 -> 26500.228 | R99: =K99+O99+P99+Q99 -> 65906.408 | S99: =ROUND(K99*S$12,2) -> 4301.99 | T99: 1.54 | U99: =K99+O99+P99+Q99+S99 -> 70208.398 | V99: =R99*0.87 -> 57338.575 | W99: =U99*0.87 -> 61081.306 | X99: 3 | Y99: 3 | Z99: =X99-Y99 -> 0 | AA99: =K99*Z99 -> 0 | AB99: =K99*Y99 -> 51623.82 | AD99: 0.1 | AE99: =K99*AD99 -> 1720.794 | AF99: 0.2 | AG99: =AF99*K99 -> 3441.588
C100: Главный специалист | D100: 1 | E100: 6500 | F100: =ROUND(E100*F$12,2) -> 7150 | G100: =F100*1.1*1.1+0.5 -> 8652 | H100: 10692.91 | I100: =H100*$I$12 -> 11762.201 | J100: 12467.933 | K100: =17207.94/2 -> 8603.97 | L100: Тимановский А.Е. | M100: 20 | O100: =ROUND((K100*M100/100),2) -> 1720.79 | P100: =ROUND(K100*1.14,2) -> 9808.53 | Q100: =K100*T100 -> 13250.114 | R100: =K100+O100+P100+Q100 -> 33383.404 | S100: =ROUND(K100*S$12,2) -> 2150.99 | T100: 1.54 | U100: =K100+O100+P100+Q100+S100 -> 35534.394 | V100: =R100*0.87 -> 29043.561 | W100: =U100*0.87 -> 30914.923 | X100: 3 | Z100: =X100-Y100 -> 3 | AA100: =K100*Z100 -> 25811.91 | AB100: =K100*Y100 -> 0 | AD100: 0.1 | AE100: =K100*AD100 -> 860.397 | AF100: 0.2 | AG100: =AF100*K100 -> 1720.794
C101: Главный специалист | D101: 1 | E101: 6500 | F101: =ROUND(E101*F$12,2) -> 7150 | G101: =F101*1.1*1.1+0.5 -> 8652 | H101: 10692.91 | I101: =H101*$I$12 -> 11762.201 | J101: 12467.933 | K101: 17207.94 | L101: Кругликов А.А. | M101: 15 | O101: =ROUND((K101*M101/100),2) -> 2581.19 | P101: =ROUND(K101*1.14,2) -> 19617.05 | Q101: =K101*T101 -> 26500.228 | R101: =K101+O101+P101+Q101 -> 65906.408 | S101: =ROUND(K101*S$12,2) -> 4301.99 | T101: 1.54 | U101: =K101+O101+P101+Q101+S101 -> 70208.398 | V101: =R101*0.87 -> 57338.575 | W101: =U101*0.87 -> 61081.306 | X101: 3 | Z101: =X101-Y101 -> 3 | AA101: =K101*Z101 -> 51623.82 | AB101: =K101*Y101 -> 0 | AD101: 0.1 | AE101: =K101*AD101 -> 1720.794 | AF101: 0.2 | AG101: =AF101*K101 -> 3441.588
C102: Ведущий специалист | D102: 1 | E102: 5600 | F102: =ROUND(E102*F$12,2) -> 6160 | G102: =F102*1.1*1.1+0.4 -> 7454 | H102: 9212.35 | I102: =H102*$I$12 -> 10133.585 | J102: 10741.6 | K102: 14825.32 | L102: Миронов А.В. | M102: 30 | O102: =ROUND((K102*M102/100),2) -> 4447.6 | P102: =ROUND(K102*1.14,2) -> 16900.86 | Q102: =K102*T102 -> 21348.461 | R102: =K102+O102+P102+Q102 -> 57522.241 | S102: =ROUND(K102*S$12,2) -> 3706.33 | T102: 1.44 | U102: =K102+O102+P102+Q102+S102 -> 61228.571 | V102: =R102*0.87 -> 50044.349 | W102: =U102*0.87 -> 53268.857 | X102: 3 | Z102: =X102-Y102 -> 3 | AA102: =K102*Z102 -> 44475.96 | AB102: =K102*Y102 -> 0 | AD102: 0.1 | AE102: =K102*AD102 -> 1482.532 | AF102: 0.2 | AG102: =AF102*K102 -> 2965.064
C103: Ведущий специалист | D103: 1 | E103: 5600 | F103: =ROUND(E103*F$12,2) -> 6160 | G103: =F103*1.1*1.1+0.4 -> 7454 | H103: 9212.35 | I103: =H103*$I$12 -> 10133.585 | J103: 10741.6 | K103: 14825.32 | L103: Степанов Д.С. | M103: 30 | O103: =ROUND((K103*M103/100),2) -> 4447.6 | P103: =ROUND(K103*1.14,2) -> 16900.86 | Q103: =K103*T103 -> 21348.461 | R103: =K103+O103+P103+Q103 -> 57522.241 | S103: =ROUND(K103*S$12,2) -> 3706.33 | T103: 1.44 | U103: =K103+O103+P103+Q103+S103 -> 61228.571 | V103: =R103*0.87 -> 50044.349 | W103: =U103*0.87 -> 53268.857 | X103: 3 | Y103: 3 | Z103: =X103-Y103 -> 0 | AA103: =K103*Z103 -> 0 | AB103: =K103*Y103 -> 44475.96 | AD103: 0.1 | AE103: =K103*AD103 -> 1482.532 | AF103: 0.2 | AG103: =AF103*K103 -> 2965.064
...

Sheet с 01.09.2022
P1: Рсшифровка штатного расписания
A2: Территориальный фонд обязательного медицинского | P2: Форма по ОКУД 0301017
A3: страхования Ленинградской области | P3: по ОКПО
P6: "Утверждено"
A7: Штатное расписание по состоянию на 26.08.2022 | O7: Штат в количестве 123,0 единиц
R9: ФОТ мес
A10: Наименование струк.подразделения | B10: КОД | C10: Должность(специальность),разряд,класс (категория) квалификации | D10: Кол-во штатных единиц | E10: Тарифная ставка (оклад) и пр., руб. | F10: Тарифная ставка (оклад) и пр., руб. | G10: Тарифная ставка (оклад) и пр., руб. | H10: Тарифная ставка (оклад) и пр., руб. с 01.01.2012 | I10: Тарифная ставка (оклад) и пр., руб. с 01.09.2012 | K10: Тарифная ставка (оклад) и пр., руб. | L10: Фамилия И.О. | M10: Надбавка за выслугу лет % | N10: Декретный отпуск | O10: Надбавка за выслугу лет, руб. | P10: Надбавка к основному окладу за особ.усл., руб. | Q10: Ежемесячное денежное поощрение, руб. | R10: Всего, руб. | S10: Материальная помощь, руб.(в мес.) | T10: Коэф.ежемес. ден.поощрен. | U10: Всего, руб. | V10: Всего без подоходного налога (гр.11*0,87) | W10: Всего без подоходного налога (гр.14*0,87) | X10: Должно быть | Y10: Факт
A11: 1 | B11: 2 | C11: 3 | D11: 4 | K11: 5 | L11: 6 | M11: 7 | O11: 8 | P11: 9 | Q11: 10 | R11: 11 | S11: 12 | T11: 13 | U11: 14 | V11: 15 | W11: 16
A12: Дирекция ТФОМС ЛО | F12: 1.1 | G12: 1.1 | H12: 1.1 | I12: 1.1 | J12: 1.06 | P12: 1.24 | Q12: 1,14-1,34 | S12: 0.25
C13: Директор | D13: 1 | E13: 12000 | F13: =ROUND(E13*F$12,2) -> 13200 | G13: =F13*1.1*1.1 -> 15972 | H13: 19740.75 | I13: =H13*$I$12 -> 21714.825 | J13: 23017.715 | K13: 33039.22 | L13: Алексеев А.Н. | M13: 20 | O13: =ROUND((K13*M13/100),2) -> 6607.84 | P13: =ROUND(K13*P$12,2) -> 40968.63 | Q13: =K13*T13 -> 44272.555 | R13: =K13+O13+P13+Q13 -> 124888.24 | S13: =ROUND(K13*S$12,2) -> 8259.81 | T13: 1.34 | U13: =K13+O13+P13+Q13+S13 -> 133148.05 | V13: =R13*0.87 -> 108652.77 | W13: =U13*0.87 -> 115838.81 | X13: 3 | Y13: 3 | Z13: =X13-Y13 -> 0 | AA13: =K13*Z13 -> 0 | AB13: =K13*Y13 -> 99117.66 | AD13: 0.1 | AE13: =K13*AD13 -> 3303.922 | AF13: 0.2 | AG13: =AF13*K13 -> 6607.844
C14: 1 зам. директора | D14: 0 | E14: 11500 | F14: =ROUND(E14*F$12,2) -> 12650 | G14: =F14*1.1*1.1+0.5 -> 15307 | H14: 18918.22 | I14: =H14*$I$12 -> 20810.042 | J14: 22058.645 | O14: =ROUND((K14*M14/100),2) -> 0 | P14: =ROUND(K14*P$12,2) -> 0 | Q14: =K14*T14 -> 0 | R14: =K14+O14+P14+Q14 -> 0 | S14: =ROUND(K14*S$12,2) -> 0 | T14: 1.14 | U14: =K14+O14+P14+Q14+S14 -> 0 | V14: =R14*0.87 -> 0 | W14: =U14*0.87 -> 0 | X14: 3 | Y14: 3 | Z14: =X14-Y14 -> 0 | AA14: =K14*Z14 -> 0 | AB14: =K14*Y14 -> 0 | AD14: 0.1 | AE14: =K14*AD14 -> 0 | AF14: 0.2 | AG14: =AF14*K14 -> 0 | AH14: =R14+AG14 -> 0
C15: Помощник диектора | D15: 1 | K15: 17896.26 | L15: Омаров М.М. | M15: 10 | O15: =ROUND((K15*M15/100),2) -> 1789.63 | P15: =ROUND(K15*1.14,2) -> 20401.74 | Q15: =K15*T15 -> 27560.24 | R15: =K15+O15+P15+Q15 -> 67647.87 | S15: =ROUND(K15*S$12,2) -> 4474.07 | T15: 1.54 | U15: =K15+O15+P15+Q15+S15 -> 72121.94 | V15: =R15*0.87 -> 58853.647 | W15: =U15*0.87 -> 62746.088 | X15: 3 | Y15: 3 | Z15: =X15-Y15 -> 0 | AA15: =K15*Z15 -> 0 | AB15: =K15*Y15 -> 53688.78 | AD15: 1.1 | AE15: =K15*AD15 -> 19685.886 | AF15: 1.2 | AG15: =AF15*K15 -> 21475.512 | AH15: =R15+AG15 -> 89123.382
C16: ИТОГО | D16: =SUM(D13:D15) -> 2 | E16: =SUM(E13:E14) -> 23500 | F16: =SUM(F13:F14) -> 25850 | G16: =SUM(G13:G14) -> 31279 | H16: =SUM(H13:H14) -> 38658.97 | I16: =SUM(I13:I14) -> 42524.867 | J16: 45076.359 | K16: =SUM(K13:K15) -> 50935.48 | N16: =SUM(N13:N14) -> 0 | O16: =SUM(O13:O15) -> 8397.47 | P16: =SUM(P13:P15) -> 61370.37 | Q16: =SUM(Q13:Q15) -> 71832.795 | R16: =SUM(R13:R15) -> 192536.12 | S16: =SUM(S13:S15) -> 12733.88 | U16: =SUM(U13:U15) -> 205270 | V16: =SUM(V13:V15) -> 167506.42 | W16: =SUM(W13:W15) -> 178584.9 | X16: =SUM(X13:X15) -> 9 | Y16: =SUM(Y13:Y15) -> 9 | Z16: =SUM(Z13:Z15) -> 0 | AA16: =SUM(AA13:AA15) -> 0 | AB16: =SUM(AB13:AB15) -> 152806.44 | ... AH16: =SUM(AH13:AH15) -> 89123.382
A17: Бухгалтерия | P17: 1,14-1,24 | Q17: 1,44-1,64 | AA17: =K17*Z17 -> 0 | AB17: =K17*Y17 -> 0 | AD17: 0.1
C18: Главный бухгалтер | D18: 1 | E18: 8500 | F18: =ROUND(E18*F$12,2) -> 9350 | G18: =F18*1.1*1.1+0.5 -> 11314 | H18: 13983.03 | I18: =H18*$I$12 -> 15381.333 | J18: 16304.213 | K18: 23402.77 | L18: Бондарева О.А. | M18: 30 | O18: =ROUND((K18*M18/100),2) -> 7020.83 | P18: =ROUND(K18*1.24,2) -> 29019.43 | Q18: =K18*T18 -> 38380.543 | R18: =K18+O18+P18+Q18 -> 97823.573 | S18: =ROUND(K18*S$12,2) -> 5850.69 | T18: 1.64 | U18: =K18+O18+P18+Q18+S18 -> 103674.26 | V18: =R18*0.87 -> 85106.508 | W18: =U18*0.87 -> 90196.609 | X18: 3 | Y18: 3 | Z18: =X18-Y18 -> 0 | AA18: =K18*Z18 -> 0 | AB18: =K18*Y18 -> 70208.31 | AD18: 0.1 | AE18: =K18*AD18 -> 2340.277 | AF18: 0.2 | AG18: =AF18*K18 -> 4680.554
C19: Зам. главного бухгалтера | D19: 1 | E19: 7700 | F19: =ROUND(E19*F$12,2) -> 8470 | G19: =F19*1.1*1.1+0.3 -> 10249 | H19: 12666.98 | I19: =H19*$I$12 -> 13933.678 | J19: 14769.699 | K19: 21200.16 | L19: Пуганова Л.И. | M19: 30 | O19: =ROUND((K19*M19/100),2) -> 6360.05 | P19: =ROUND(K19*1.14,2) -> 24168.18 | Q19: =K19*T19 -> 32648.246 | R19: =K19+O19+P19+Q19 -> 84376.636 | S19: =ROUND(K19*S$12,2) -> 5300.04 | T19: 1.54 | U19: =K19+O19+P19+Q19+S19 -> 89676.676 | V19: =R19*0.87 -> 73407.674 | W19: =U19*0.87 -> 78018.708 | X19: 3 | Z19: =X19-Y19 -> 3 | AA19: =K19*Z19 -> 63600.48 | AB19: =K19*Y19 -> 0 | AD19: 0.1 | AE19: =K19*AD19 -> 2120.016 | AF19: 0.2 | AG19: =AF19*K19 -> 4240.032
C20: Главный специалист-бухгалтер | D20: 1 | E20: 6500 | F20: =ROUND(E20*F$12,2) -> 7150 | G20: =F20*1.1*1.1+0.5 -> 8652 | H20: 10692.91 | I20: =H20*$I$12 -> 11762.201 | J20: 12467.933 | K20: 17896.26 | L20: Ятагама Гамаге Л.В. | M20: 30 | O20: =ROUND((K20*M20/100),2) -> 5368.88 | P20: =ROUND(K20*1.14,2) -> 20401.74 | Q20: =K20*T20 -> 27560.24 | R20: =K20+O20+P20+Q20 -> 71227.12 | S20: =ROUND(K20*S$12,2) -> 4474.07 | T20: 1.54 | U20: =K20+O20+P20+Q20+S20 -> 75701.19 | V20: =R20*0.87 -> 61967.595 | W20: =U20*0.87 -> 65860.036 | X20: 3 | Y20: 3 | Z20: =X20-Y20 -> 0 | AA20: =K20*Z20 -> 0 | AB20: =K20*Y20 -> 53688.78 | AD20: 0.1 | AE20: =K20*AD20 -> 1789.626 | AF20: 0.2 | AG20: =AF20*K20 -> 3579.252
C21: Главный специалист-бухгалтер | D21: 1 | E21: 6500 | F21: =ROUND(E21*F$12,2) -> 7150 | G21: =F21*1.1*1.1+0.5 -> 8652 | H21: 10692.91 | I21: =H21*$I$12 -> 11762.201 | J21: 12467.933 | K21: 17896.26 | L21: Кравецкая Л.Г. | M21: 20 | O21: =ROUND((K21*M21/100),2) -> 3579.25 | P21: =ROUND(K21*1.14,2) -> 20401.74 | Q21: =K21*T21 -> 27560.24 | R21: =K21+O21+P21+Q21 -> 69437.49 | S21: =ROUND(K21*S$12,2) -> 4474.07 | T21: 1.54 | U21: =K21+O21+P21+Q21+S21 -> 73911.56 | V21: =R21*0.87 -> 60410.617 | W21: =U21*0.87 -> 64303.058 | X21: 3 | Y21: 2 | Z21: =X21-Y21 -> 1 | AA21: =K21*Z21 -> 17896.26 | AB21: =K21*Y21 -> 35792.52 | AD21: 0.1 | AE21: =K21*AD21 -> 1789.626 | AF21: 0.2 | AG21: =AF21*K21 -> 3579.252
C22: Ведущий специалист-бухгалтер | D22: 1 | E22: 5600 | F22: =ROUND(E22*F$12,2) -> 6160 | G22: =F22*1.1*1.1+0.4 -> 7454 | H22: 9212.35 | I22: =H22*$I$12 -> 10133.585 | J22: 10741.6 | K22: 15418.33 | L22: Гуськова Е.С. | O22: =ROUND((K22*M22/100),2) -> 0 | P22: =ROUND(K22*1.14,2) -> 17576.9 | Q22: =K22*T22 -> 22202.395 | R22: =K22+O22+P22+Q22 -> 55197.625 | S22: =ROUND(K22*S$12,2) -> 3854.58 | T22: 1.44 | U22: =K22+O22+P22+Q22+S22 -> 59052.205 | V22: =R22*0.87 -> 48021.934 | W22: =U22*0.87 -> 51375.419 | X22: 3 | Y22: 3 | Z22: =X22-Y22 -> 0 | AA22: =K22*Z22 -> 0 | AB22: =K22*Y22 -> 46254.99 | AD22: 0.1 | AE22: =K22*AD22 -> 1541.833 | AF22: 0.2 | AG22: =AF22*K22 -> 3083.666
C23: Главный специалист-бухгалтер | D23: 1 | E23: 5600 | F23: =ROUND(E23*F$12,2) -> 6160 | G23: =F23*1.1*1.1+0.4 -> 7454 | H23: 9212.35 | I23: =H23*$I$12 -> 10133.585 | J23: 10741.6 | K23: 17896.26 | L23: Касаткина Л.В. | M23: 30 | O23: =ROUND((K23*M23/100),2) -> 5368.88 | P23: =ROUND(K23*1.14,2) -> 20401.74 | Q23: =K23*T23 -> 27560.24 | R23: =K23+O23+P23+Q23 -> 71227.12 | S23: =ROUND(K23*S$12,2) -> 4474.07 | T23: 1.54 | U23: =K23+O23+P23+Q23+S23 -> 75701.19 | V23: =R23*0.87 -> 61967.595 | W23: =U23*0.87 -> 65860.036 | X23: 3 | Y23: 3 | Z23: =X23-Y23 -> 0 | AA23: =K23*Z23 -> 0 | AB23: =K23*Y23 -> 53688.78 | AD23: 0.1 | AE23: =K23*AD23 -> 1789.626 | AF23: 0.2 | AG23: =AF23*K23 -> 3579.252
C24: ИТОГО по отделу | D24: =SUM(D18:D23) -> 6 | E24: =SUM(E18:E23) -> 40400 | F24: =SUM(F18:F23) -> 44440 | G24: =SUM(G18:G23) -> 53775 | H24: =SUM(H18:H23) -> 66460.53 | I24: =SUM(I18:I23) -> 73106.583 | J24: 77492.978 | K24: =SUM(K18:K23) -> 113710.04 | N24: =SUM(N18:N23) -> 0 | O24: =SUM(O18:O23) -> 27697.89 | P24: =SUM(P18:P23) -> 131969.73 | Q24: =SUM(Q18:Q23) -> 175911.91 | R24: =SUM(R18:R23) -> 449289.57 | S24: =SUM(S18:S23) -> 28427.52 | T24: =SUM(T18:T23) -> 9.24 | U24: =SUM(U18:U23) -> 477717.09 | ... W24: =SUM(W18:W23) -> 415613.86 | AA24: =K24*Z24 -> 0 | AB24: =K24*Y24 -> 0 | AD24: 0.1 | AE24: =K24*AD24 -> 11371.004 | AF24: 0.2 | AG24: =AF24*K24 -> 22742.008
A25: Департамент финансово-экономической деятельности и учета поступлений финансовых средств ОМС | P25: 1.19 | AA25: =K25*Z25 -> 0 | AB25: =K25*Y25 -> 0 | AD25: 0.1
C26: Заместитель директора-Начальник департамента | D26: 1 | G26: =11616*1.1+0.4 -> 12778 | H26: 15792.6 | I26: =H26*$I$12 -> 17371.86 | J26: 18414.172 | K26: =ROUND('26.08.22'!K26*1.04,2) -> 30285.94 | L26: Селезнева Н.М. | M26: 30 | O26: =ROUND((K26*M26/100),2) -> 9085.78 | P26: =ROUND(K26*1.19,2) -> 36040.27 | Q26: =K26*T26 -> 46640.348 | R26: =K26+O26+P26+Q26 -> 122052.34 | S26: =ROUND(K26*S$12,2) -> 7571.49 | T26: 1.54 | U26: =K26+O26+P26+Q26+S26 -> 129623.83 | V26: =R26*0.87 -> 106185.53 | W26: =U26*0.87 -> 112772.73 | X26: 3 | Y26: 3 | Z26: =X26-Y26 -> 0 | AA26: =K26*Z26 -> 0 | AB26: =K26*Y26 -> 90857.82 | AD26: 0.1 | AE26: =K26*AD26 -> 3028.594 | AF26: 0.2 | AG26: =AF26*K26 -> 6057.188
C27: Зам. начальника департамента | D27: 1 | G27: =10527*1.1+0.3 -> 11580 | H27: 14312.05 | I27: =H27*$I$12 -> 15743.255 | J27: 16687.85 | K27: =ROUND('26.08.22'!K27*1.04,2) -> 23953.47 | L27: Воронкова О.Ю. | M27: 30 | O27: =ROUND((K27*M27/100),2) -> 7186.04 | P27: =ROUND(K27*1.19,2) -> 28504.63 | Q27: =K27*T27 -> 36888.344 | R27: =K27+O27+P27+Q27 -> 96532.484 | S27: =ROUND(K27*S$12,2) -> 5988.37 | T27: 1.54 | U27: =K27+O27+P27+Q27+S27 -> 102520.85 | V27: =R27*0.87 -> 83983.261 | W27: =U27*0.87 -> 89193.143 | X27: 3 | Y27: 3 | Z27: =X27-Y27 -> 0 | AA27: =K27*Z27 -> 0 | AB27: =K27*Y27 -> 71860.41 | AD27: 0.1 | AE27: =K27*AD27 -> 2395.347 | AF27: 0.2 | AG27: =AF27*K27 -> 4790.694
A28: Отдел межтерриториальных расчетов, финансирования и планирования | P28: 1,14-1,24 | Q28: 1,44-1,54 | AA28: =K28*Z28 -> 0 | AB28: =K28*Y28 -> 0 | AD28: 0.1
C29: Начальник отдела | D29: 1 | E29: 8500 | F29: =ROUND(E29*F$12,2) -> 9350 | G29: =9075*1.1+0.5 -> 9983 | H29: 12337.98 | I29: =H29*$I$12 -> 13571.778 | J29: 14386.085 | K29: =ROUND('26.08.22'!K29*1.04,2) -> 23402.77 | L29: Жильцова Л.Н. | M29: 30 | O29: =ROUND((K29*M29/100),2) -> 7020.83 | P29: =ROUND(K29*1.24,2) -> 29019.43 | Q29: =K29*T29 -> 36040.266 | R29: =K29+O29+P29+Q29 -> 95483.296 | S29: =ROUND(K29*S$12,2) -> 5850.69 | T29: 1.54 | U29: =K29+O29+P29+Q29+S29 -> 101333.99 | V29: =R29*0.87 -> 83070.467 | W29: =U29*0.87 -> 88160.568 | X29: 3 | Y29: 3 | Z29: =X29-Y29 -> 0 | AA29: =K29*Z29 -> 0 | AB29: =K29*Y29 -> 70208.31 | AD29: 0.1 | AE29: =K29*AD29 -> 2340.277 | AF29: 0.2 | AG29: =AF29*K29 -> 4680.554
C30: Заместитель начальника отдела | D30: 1 | K30: =ROUND('26.08.22'!K30*1.04,2) -> 21200.16 | L30: Федяшина Н.Г. | M30: 30 | O30: =ROUND((K30*M30/100),2) -> 6360.05 | P30: =ROUND(K30*1.14,2) -> 24168.18 | Q30: =K30*T30 -> 32648.246 | R30: =K30+O30+P30+Q30 -> 84376.636 | S30: =ROUND(K30*S$12,2) -> 5300.04 | T30: 1.54 | U30: =K30+O30+P30+Q30+S30 -> 89676.676 | V30: =R30*0.87 -> 73407.674 | W30: =U30*0.87 -> 78018.708
C31: Главный специалист | D31: 1 | E31: 6500 | F31: =ROUND(E31*F$12,2) -> 7150 | G31: =F31*1.1*1.1+0.5 -> 8652 | H31: 10692.91 | I31: =H31*$I$12 -> 11762.201 | J31: 12467.933 | K31: =ROUND('26.08.22'!K31*1.04,2) -> 17896.26 | L31: Терновская Г.В. | M31: 30 | O31: =ROUND((K31*M31/100),2) -> 5368.88 | P31: =ROUND(K31*1.14,2) -> 20401.74 | Q31: =K31*T31 -> 27560.24 | R31: =K31+O31+P31+Q31 -> 71227.12 | S31: =ROUND(K31*S$12,2) -> 4474.07 | T31: 1.54 | U31: =K31+O31+P31+Q31+S31 -> 75701.19 | V31: =R31*0.87 -> 61967.595 | W31: =U31*0.87 -> 65860.036 | X31: 3 | Y31: 3 | Z31: =X31-Y31 -> 0 | AA31: =K31*Z31 -> 0 | AB31: =K31*Y31 -> 53688.78 | AD31: 0.1 | AE31: =K31*AD31 -> 1789.626 | AF31: 0.2 | AG31: =AF31*K31 -> 3579.252
C32: Главный специалист | D32: 1 | E32: 6500 | F32: =ROUND(E32*F$12,2) -> 7150 | G32: =F32*1.1*1.1+0.5 -> 8652 | H32: 10692.91 | I32: =H32*$I$12 -> 11762.201 | J32: 12467.933 | K32: =ROUND('26.08.22'!K32*1.04,2) -> 17896.26 | L32: Хисматуллина Р.А. | M32: 30 | O32: =ROUND((K32*M32/100),2) -> 5368.88 | P32: =ROUND(K32*1.14,2) -> 20401.74 | Q32: =K32*T32 -> 27560.24 | R32: =K32+O32+P32+Q32 -> 71227.12 | S32: =ROUND(K32*S$12,2) -> 4474.07 | T32: 1.54 | U32: =K32+O32+P32+Q32+S32 -> 75701.19 | V32: =R32*0.87 -> 61967.595 | W32: =U32*0.87 -> 65860.036 | X32: 3 | Y32: 3 | Z32: =X32-Y32 -> 0 | AA32: =K32*Z32 -> 0 | AB32: =K32*Y32 -> 53688.78 | AD32: 0.1 | AE32: =K32*AD32 -> 1789.626 | AF32: 0.2 | AG32: =AF32*K32 -> 3579.252
C33: Главный специалист | D33: 1 | E33: 6500 | F33: =ROUND(E33*F$12,2) -> 7150 | G33: =F33*1.1*1.1+0.5 -> 8652 | H33: 10692.91 | I33: =H33*$I$12 -> 11762.201 | J33: 12467.933 | K33: =ROUND('26.08.22'!K33*1.04,2) -> 17896.26 | L33: Бесклинская Ю.А. | M33: 30 | O33: =ROUND((K33*M33/100),2) -> 5368.88 | P33: =ROUND(K33*1.14,2) -> 20401.74 | Q33: =K33*T33 -> 27560.24 | R33: =K33+O33+P33+Q33 -> 71227.12 | S33: =ROUND(K33*S$12,2) -> 4474.07 | T33: 1.54 | U33: =K33+O33+P33+Q33+S33 -> 75701.19 | V33: =R33*0.87 -> 61967.595 | W33: =U33*0.87 -> 65860.036 | X33: 3 | Y33: 3 | Z33: =X33-Y33 -> 0 | AA33: =K33*Z33 -> 0 | AB33: =K33*Y33 -> 53688.78 | AD33: 0.1 | AE33: =K33*AD33 -> 1789.626 | AF33: 0.2 | AG33: =AF33*K33 -> 3579.252
C34: Главный специалист | D34: 1 | E34: 5600 | F34: 7150 | G34: =F34*1.1*1.1+0.5 -> 8652 | H34: 10692.91 | I34: =H34*$I$12 -> 11762.201 | J34: 12467.933 | K34: =ROUND('26.08.22'!K34*1.04,2) -> 17896.26 | L34: Титишева Г.М. | M34: 30 | O34: =ROUND((K34*M34/100),2) -> 5368.88 | P34: =ROUND(K34*1.14,2) -> 20401.74 | Q34: =K34*T34 -> 27560.24 | R34: =K34+O34+P34+Q34 -> 71227.12 | S34: =ROUND(K34*S$12,2) -> 4474.07 | T34: 1.54 | U34: =K34+O34+P34+Q34+S34 -> 75701.19 | V34: =R34*0.87 -> 61967.595 | W34: =U34*0.87 -> 65860.036 | X34: 3 | Y34: 3 | Z34: =X34-Y34 -> 0 | AA34: =K34*Z34 -> 0 | AB34: =K34*Y34 -> 53688.78 | AD34: 0.1 | AE34: =K34*AD34 -> 1789.626 | AF34: 0.2 | AG34: =AF34*K34 -> 3579.252
C35: Главный специалист | D35: 1 | E35: 5600 | F35: =ROUND(E35*F$12,2) -> 6160 | G35: =F35*1.1*1.1+0.4 -> 7454 | H35: 9212.35 | I35: =H35*$I$12 -> 10133.585 | J35: 10741.6 | K35: =ROUND('26.08.22'!K35*1.04,2) -> 17896.26 | L35: Зобнина Г.И. | M35: 30 | O35: =ROUND((K35*M35/100),2) -> 5368.88 | P35: =ROUND(K35*1.14,2) -> 20401.74 | Q35: =K35*T35 -> 27560.24 | R35: =K35+O35+P35+Q35 -> 71227.12 | S35: =ROUND(K35*S$12,2) -> 4474.07 | T35: 1.54 | U35: =K35+O35+P35+Q35+S35 -> 75701.19 | V35: =R35*0.87 -> 61967.595 | W35: =U35*0.87 -> 65860.036 | X35: 3 | Y35: 3 | Z35: =X35-Y35 -> 0 | AA35: =K35*Z35 -> 0 | AB35: =K35*Y35 -> 53688.78 | AD35: 0.1 | AE35: =K35*AD35 -> 1789.626 | AF35: 0.2 | AG35: =AF35*K35 -> 3579.252
C36: Главный специалист | D36: 1 | E36: 5600 | F36: =ROUND(E36*F$12,2) -> 6160 | G36: =F36*1.1*1.1+0.4 -> 7454 | H36: 9212.35 | I36: =H36*$I$12 -> 10133.585 | J36: 10741.6 | K36: =ROUND('26.08.22'!K36*1.04,2) -> 17896.26 | L36: Бакалец-Ланская Н.Л. | M36: 30 | O36: =ROUND((K36*M36/100),2) -> 5368.88 | P36: =ROUND(K36*1.14,2) -> 20401.74 | Q36: =K36*T36 -> 27560.24 | R36: =K36+O36+P36+Q36 -> 71227.12 | S36: =ROUND(K36*S$12,2) -> 4474.07 | T36: 1.54 | U36: =K36+O36+P36+Q36+S36 -> 75701.19 | V36: =R36*0.87 -> 61967.595 | W36: =U36*0.87 -> 65860.036 | X36: 3 | Y36: 3 | Z36: =X36-Y36 -> 0 | AA36: =K36*Z36 -> 0 | AB36: =K36*Y36 -> 53688.78 | AD36: 0.1 | AE36: =K36*AD36 -> 1789.626 | AF36: 0.2 | AG36: =AF36*K36 -> 3579.252
C37: Главный специалист | D37: 0 | E37: 5600 | F37: =ROUND(E37*F$12,2) -> 6160 | G37: =F37*1.1*1.1+0.4 -> 7454 | H37: 9213.35 | I37: =H37*$I$12 -> 10134.685 | J37: 10741.6 | K37: =ROUND('26.08.22'!K37*1.04,2) -> 17896.26 | M37: 0 | O37: =ROUND((K37*M37/100),2) -> 0 | P37: =ROUND(K37*1.14,2) -> 20401.74 | Q37: =K37*T37 -> 27560.24 | R37: =K37+O37+P37+Q37 -> 65858.24 | S37: =ROUND(K37*S$12,2) -> 4474.07 | T37: 1.54 | U37: =K37+O37+P37+Q37+S37 -> 70332.31 | V37: =R37*0.87 -> 57296.669 | W37: =U37*0.87 -> 61189.11 | X37: 3 | Y37: 3 | Z37: =X37-Y37 -> 0 | AA37: =K37*Z37 -> 0 | AB37: =K37*Y37 -> 53688.78 | AD37: 1.1 | AE37: =K37*AD37 -> 19685.886 | AF37: 1.2 | AG37: =AF37*K37 -> 21475.512
C38: Главный специалист | D38: 1 | E38: 5600 | F38: =ROUND(E38*F$12,2) -> 6160 | G38: =F38*1.1*1.1+0.4 -> 7454 | H38: 9212.35 | I38: =H38*$I$12 -> 10133.585 | J38: 10741.6 | K38: =ROUND('26.08.22'!K38*1.04,2) -> 17896.26 | L38: Сакович И.С. | M38: 20 | O38: =ROUND((K38*M38/100),2) -> 3579.25 | P38: =ROUND(K38*1.14,2) -> 20401.74 | Q38: =K38*T38 -> 27560.24 | R38: =K38+O38+P38+Q38 -> 69437.49 | S38: =ROUND(K38*S$12,2) -> 4474.07 | T38: 1.54 | U38: =K38+O38+P38+Q38+S38 -> 73911.56 | V38: =R38*0.87 -> 60410.617 | W38: =U38*0.87 -> 64303.058 | X38: 3 | Y38: 3 | Z38: =X38-Y38 -> 0 | AA38: =K38*Z38 -> 0 | AB38: =K38*Y38 -> 53688.78 | AD38: 0.1 | AE38: =K38*AD38 -> 1789.626 | AF38: 0.2 | AG38: =AF38*K38 -> 3579.252
C39: Ведущий специалист | D39: 1 | E39: 5600 | F39: =ROUND(E39*F$12,2) -> 6160 | G39: =F39*1.1*1.1+0.4 -> 7454 | H39: 9212.35 | I39: =H39*$I$12 -> 10133.585 | J39: 10741.6 | K39: =ROUND('26.08.22'!K39*1.04,2) -> 15418.33 | L39: Лукьяноа Л.В. | M39: 30 | O39: =ROUND((K39*M39/100),2) -> 4625.5 | P39: =ROUND(K39*1.14,2) -> 17576.9 | Q39: =K39*T39 -> 22202.395 | R39: =K39+O39+P39+Q39 -> 59823.125 | S39: =ROUND(K39*S$12,2) -> 3854.58 | T39: 1.44 | U39: =K39+O39+P39+Q39+S39 -> 63677.705 | V39: =R39*0.87 -> 52046.119 | W39: =U39*0.87 -> 55399.604 | X39: 3 | Y39: 3 | Z39: Коровко О.Н.
C40: Ведущий специалист | D40: 1 | K40: =ROUND('26.08.22'!K40*1.04,2) -> 15418.33 | L40: Азаренко Д.А. | M40: 15 | O40: =ROUND((K40*M40/100),2) -> 2312.75 | P40: =ROUND(K40*1.14,2) -> 17576.9 | Q40: =K40*T40 -> 22202.395 | R40: =K40+O40+P40+Q40 -> 57510.375 | S40: =ROUND(K40*S$12,2) -> 3854.58 | T40: 1.44 | U40: =K40+O40+P40+Q40+S40 -> 61364.955 | V40: =R40*0.87 -> 50034.026 | W40: =U40*0.87 -> 53387.511
C41: ИТОГО по отделу | D41: =SUM(D29:D40) -> 11 | G41: =SUM(G29:G36) -> 59499 | H41: =SUM(H29:H36) -> 73534.32 | I41: =SUM(I29:I36) -> 80887.752 | J41: 87467.35 | K41: =SUM(K29:K40) -> 218609.67 | N41: =SUM(N29:N36) -> 0 | O41: =SUM(O29:O40) -> 56111.66 | P41: =SUM(P29:P40) -> 251555.33 | Q41: =SUM(Q29:Q40) -> 333575.23 | R41: =SUM(R29:R40) -> 859851.89 | S41: =SUM(S29:S40) -> 54652.45 | T41: =SUM(T29:T40) -> 18.28 | U41: =SUM(U29:U40) -> 914504.34 | V41: =SUM(V29:V40) -> 748071.14 | W41: =SUM(W29:W40) -> 795618.77 | Z41: =X41-Y41 -> 0 | AA41: =K41*Z41 -> 0 | AB41: =K41*Y41 -> 0 | AD41: 0.1 | AE41: =K41*AD41 -> 21860.967 | AF41: 0.2 | AG41: =AF41*K41 -> 43721.934
A42: Отдел учета поступлений финансовых средств ОМС и взаимодействия со СМО | P42: 1,14-1,24 | Z42: =X42-Y42 -> 0 | AA42: =K42*Z42 -> 0 | AB42: =K42*Y42 -> 0 | AD42: 0.1
C43: Начальник отдела | D43: 1 | E43: 8500 | F43: =ROUND(E43*F$12,2) -> 9350 | G43: =9075*1.1+0.5 -> 9983 | H43: 12337.98 | I43: =H43*$I$12 -> 13571.778 | J43: 14386.085 | K43: =ROUND('26.08.22'!K43*1.04,2) -> 23402.77 | L43: Токарева Е.В. | M43: 30 | O43: =ROUND((K43*M43/100),2) -> 7020.83 | P43: =ROUND(K43*1.24,2) -> 29019.43 | Q43: =K43*T43 -> 36040.266 | R43: =K43+O43+P43+Q43 -> 95483.296 | S43: =ROUND(K43*S$12,2) -> 5850.69 | T43: 1.54 | U43: =K43+O43+P43+Q43+S43 -> 101333.99 | V43: =R43*0.87 -> 83070.467 | W43: =U43*0.87 -> 88160.568 | X43: 3 | Y43: 3 | Z43: =X43-Y43 -> 0 | AA43: =K43*Z43 -> 0 | AB43: =K43*Y43 -> 70208.31 | AD43: 0.1 | AE43: =K43*AD43 -> 2340.277 | AF43: 0.2 | AG43: =AF43*K43 -> 4680.554
C44: Заместитель начальника отдела | D44: 1 | E44: 5600 | F44: =ROUND(E44*F$12,2) -> 6160 | G44: =F44*1.1*1.1+0.4 -> 7454 | H44: 9212.35 | I44: =H44*$I$12 -> 10133.585 | J44: 10741.6 | K44: =ROUND('26.08.22'!K44*1.04,2) -> 21200.16 | L44: Бурмистрова А.В. | M44: 15 | O44: =ROUND((K44*M44/100),2) -> 3180.02 | P44: =ROUND(K44*1.14,2) -> 24168.18 | Q44: =K44*T44 -> 32648.246 | R44: =K44+O44+P44+Q44 -> 81196.606 | S44: =ROUND(K44*S$12,2) -> 5300.04 | T44: 1.54 | U44: =K44+O44+P44+Q44+S44 -> 86496.646 | V44: =R44*0.87 -> 70641.048 | W44: =U44*0.87 -> 75252.082
C45: Главный специалист | D45: 1 | E45: 6500 | F45: =ROUND(E45*F$12,2) -> 7150 | G45: =F45*1.1*1.1+0.5 -> 8652 | H45: 10692.91 | I45: =H45*$I$12 -> 11762.201 | J45: 12467.933 | K45: =ROUND('26.08.22'!K45*1.04,2) -> 17896.26 | L45: Кобец Е.В. | M45: 30 | O45: =ROUND((K45*M45/100),2) -> 5368.88 | P45: =ROUND(K45*1.14,2) -> 20401.74 | Q45: =K45*T45 -> 27560.24 | R45: =K45+O45+P45+Q45 -> 71227.12 | S45: =ROUND(K45*S$12,2) -> 4474.07 | T45: 1.54 | U45: =K45+O45+P45+Q45+S45 -> 75701.19 | V45: =R45*0.87 -> 61967.595 | W45: =U45*0.87 -> 65860.036 | X45: 3 | Y45: 3 | Z45: =X45-Y45 -> 0 | AA45: =K45*Z45 -> 0 | AB45: =K45*Y45 -> 53688.78 | AD45: 0.1 | AE45: =K45*AD45 -> 1789.626 | AF45: 0.2 | AG45: =AF45*K45 -> 3579.252
C46: Ведущий специалист | D46: 1 | E46: 5600 | F46: =ROUND(E46*F$12,2) -> 6160 | G46: =F46*1.1*1.1+0.4 -> 7454 | H46: 9212.35 | I46: =H46*$I$12 -> 10133.585 | J46: 10741.6 | K46: =ROUND('26.08.22'!K46*1.04,2) -> 15418.33 | L46: Короткова М.А. | M46: 30 | O46: =ROUND((K46*M46/100),2) -> 4625.5 | P46: =ROUND(K46*1.14,2) -> 17576.9 | Q46: =K46*T46 -> 22202.395 | R46: =K46+O46+P46+Q46 -> 59823.125 | S46: =ROUND(K46*S$12,2) -> 3854.58 | T46: 1.44 | U46: =K46+O46+P46+Q46+S46 -> 63677.705 | V46: =R46*0.87 -> 52046.119 | W46: =U46*0.87 -> 55399.604 | X46: 3 | Y46: 3 | Z46: =X46-Y46 -> 0 | AA46: =K46*Z46 -> 0 | AB46: =K46*Y46 -> 46254.99 | AD46: 0.1 | AE46: =K46*AD46 -> 1541.833 | AF46: 0.2 | AG46: =AF46*K46 -> 3083.666
C47: Главный специалист | D47: 1 | E47: 6500 | F47: =ROUND(E47*F$12,2) -> 7150 | G47: =F47*1.1*1.1+0.5 -> 8652 | H47: 10692.91 | I47: =H47*$I$12 -> 11762.201 | J47: 12467.933 | K47: =ROUND('26.08.22'!K47*1.04,2) -> 17896.26 | L47: Сотников Д.Ю. | M47: 30 | O47: =ROUND((K47*M47/100),2) -> 5368.88 | P47: =ROUND(K47*1.14,2) -> 20401.74 | Q47: =K47*T47 -> 27560.24 | R47: =K47+O47+P47+Q47 -> 71227.12 | S47: =ROUND(K47*S$12,2) -> 4474.07 | T47: 1.54 | U47: =K47+O47+P47+Q47+S47 -> 75701.19 | V47: =R47*0.87 -> 61967.595 | W47: =U47*0.87 -> 65860.036 | X47: 3 | Y47: 3 | Z47: =X47-Y47 -> 0 | AA47: =K47*Z47 -> 0 | AB47: =K47*Y47 -> 53688.78 | AD47: 0.1 | AE47: =K47*AD47 -> 1789.626 | AF47: 0.2 | AG47: =AF47*K47 -> 3579.252
C48: Главный специалист | D48: 1 | E48: 5600 | F48: =ROUND(E48*F$12,2) -> 6160 | G48: =F48*1.1*1.1+0.4 -> 7454 | H48: 9212.35 | I48: =H48*$I$12 -> 10133.585 | J48: 10741.6 | K48: =ROUND('26.08.22'!K48*1.04,2) -> 17896.26 | L48: Осадчая О.Ю. | M48: 30 | O48: =ROUND((K48*M48/100),2) -> 5368.88 | P48: =ROUND(K48*1.14,2) -> 20401.74 | Q48: =K48*T48 -> 27560.24 | R48: =K48+O48+P48+Q48 -> 71227.12 | S48: =ROUND(K48*S$12,2) -> 4474.07 | T48: 1.54 | U48: =K48+O48+P48+Q48+S48 -> 75701.19 | V48: =R48*0.87 -> 61967.595 | W48: =U48*0.87 -> 65860.036 | X48: 3 | Y48: 3 | Z48: =X48-Y48 -> 0 | AA48: =K48*Z48 -> 0 | AB48: =K48*Y48 -> 53688.78 | AD48: 0.1 | AE48: =K48*AD48 -> 1789.626 | AF48: 0.2 | AG48: =AF48*K48 -> 3579.252
C49: Главный специалист | D49: 1 | E49: 5600 | F49: =ROUND(E49*F$12,2) -> 6160 | G49: =F49*1.1*1.1+0.4 -> 7454 | H49: 9213.35 | I49: =H49*$I$12 -> 10134.685 | J49: 10741.6 | K49: =ROUND('26.08.22'!K49*1.04,2) -> 17896.26 | L49: Коровко О.Н. | M49: 30 | O49: =ROUND((K49*M49/100),2) -> 5368.88 | P49: =ROUND(K49*1.14,2) -> 20401.74 | Q49: =K49*T49 -> 27560.24 | R49: =K49+O49+P49+Q49 -> 71227.12 | S49: =ROUND(K49*S$12,2) -> 4474.07 | T49: 1.54 | U49: =K49+O49+P49+Q49+S49 -> 75701.19 | V49: =R49*0.87 -> 61967.595 | W49: =U49*0.87 -> 65860.036 | X49: 3 | Y49: 3 | Z49: =X49-Y49 -> 0 | AA49: =K49*Z49 -> 0 | AB49: =K49*Y49 -> 53688.78 | AD49: 1.1 | AE49: =K49*AD49 -> 19685.886 | AF49: 1.2 | AG49: =AF49*K49 -> 21475.512
C50: ИТОГО по отделу | D50: =SUM(D43:D48)+D49 -> 7 | E50: =SUM(E29:E48) -> 99900 | F50: =SUM(F29:F48) -> 110880 | G50: =SUM(G43:G48) -> 49649 | H50: =SUM(H43:H48) -> 61360.85 | I50: =SUM(I43:I48) -> 67496.935 | J50: 71546.751 | K50: =SUM(K43:K49) -> 131606.3 | N50: =SUM(N43:N48) -> 0 | O50: =SUM(O43:O49) -> 36301.87 | P50: =SUM(P43:P49) -> 152371.47 | Q50: =SUM(Q43:Q49) -> 201131.87 | R50: =SUM(R43:R49) -> 521411.51 | S50: =SUM(S43:S49) -> 32901.59 | T50: =SUM(T43:T49) -> 10.68 | U50: =SUM(U43:U49) -> 554313.1 | V50: =SUM(V43:V49) -> 453628.01 | ... AG50: =SUM(AG43:AG49) -> 39977.488
C51: ИТОГО по департаменту | D51: =D26+D27+D41+D50 -> 20 | G51: =G26+G27+G41+G50 -> 133506 | H51: =H26+H27+H41+H50 -> 164999.82 | I51: =I26+I27+I41+I50 -> 181499.8 | J51: 194116.12 | K51: =K26+K27+K41+K50 -> 404455.38 | N51: =N26+N27+N41+N50 -> 0 | O51: =O26+O27+O41+O50 -> 108685.35 | P51: =P26+P27+P41+P50 -> 468471.7 | Q51: =Q26+Q27+Q41+Q50 -> 618235.79 | R51: =R26+R27+R41+R50 -> 1599848.2 | S51: =S26+S27+S41+S50 -> 101113.9 | T51: =T26+T27+T41+T50 -> 32.04 | U51: =U26+U27+U41+U50 -> 1700962.1 | ... W51: =W26+W27+W41+W50 -> 1479837 | AA51: =K51*Z51 -> 0 | AB51: =K51*Y51 -> 0 | AD51: 0.1 | AE51: =K51*AD51 -> 40445.538 | AF51: 0.2 | AG51: =AF51*K51 -> 80891.076
A52: Юридический отдел | P52: 1,14-1,24 | Q52: 1.42 | AA52: =K52*Z52 -> 0 | AB52: =K52*Y52 -> 0 | AD52: 0.1
C53: Начальник отдела | D53: 1 | E53: 8500 | F53: =ROUND(E53*F$12,2) -> 9350 | G53: =F53*1.1*1.1+0.5 -> 11314 | H53: 13983.03 | I53: =H53*$I$12 -> 15381.333 | J53: 16304.213 | K53: =ROUND('26.08.22'!K53*1.04,2) -> 23402.77 | L53: Рябова Л.В. | M53: 30 | O53: =ROUND((K53*M53/100),2) -> 7020.83 | P53: =ROUND(K53*1.24,2) -> 29019.43 | Q53: =K53*T53 -> 36040.266 | R53: =K53+O53+P53+Q53 -> 95483.296 | S53: =ROUND(K53*S$12,2) -> 5850.69 | T53: 1.54 | U53: =K53+O53+P53+Q53+S53 -> 101333.99 | V53: =R53*0.87 -> 83070.467 | W53: =U53*0.87 -> 88160.568 | X53: 3 | Y53: 3 | Z53: =X53-Y53 -> 0 | AA53: =K53*Z53 -> 0 | AB53: =K53*Y53 -> 70208.31 | AD53: 0.1 | AE53: =K53*AD53 -> 2340.277 | AF53: 0.2 | AG53: =AF53*K53 -> 4680.554
C54: Юрисконсульт* | D54: 1 | E54: 6500 | F54: =ROUND(E54*F$12,2) -> 7150 | G54: =F54*1.1*1.1+0.5 -> 8652 | H54: 10692.91 | I54: =H54*$I$12 -> 11762.201 | J54: 12467.933 | K54: =ROUND('26.08.22'!K54*1.04,2) -> 17896.26 | L54: Зеленская Е.Л. | M54: 30 | O54: =ROUND((K54*M54/100),2) -> 5368.88 | P54: =ROUND(K54*1.14,2) -> 20401.74 | Q54: =K54*T54 -> 27560.24 | R54: =K54+O54+P54+Q54 -> 71227.12 | S54: =ROUND(K54*S$12,2) -> 4474.07 | T54: 1.54 | U54: =K54+O54+P54+Q54+S54 -> 75701.19 | V54: =R54*0.87 -> 61967.595 | W54: =U54*0.87 -> 65860.036 | X54: 3 | Y54: 3 | Z54: =X54-Y54 -> 0 | AA54: =K54*Z54 -> 0 | AB54: =K54*Y54 -> 53688.78 | AD54: 0.1 | AE54: =K54*AD54 -> 1789.626 | AF54: 0.2 | AG54: =AF54*K54 -> 3579.252
C55: ИТОГО по отделу | D55: =SUM(D53:D54) -> 2 | E55: =SUM(E53:E54) -> 15000 | F55: =SUM(F53:F54) -> 16500 | G55: =SUM(G53:G54) -> 19966 | H55: =SUM(H53:H54) -> 24675.94 | I55: =SUM(I53:I54) -> 27143.534 | J55: 28772.146 | K55: =SUM(K53:K54) -> 41299.03 | N55: =SUM(N53:N54) -> 0 | O55: =SUM(O53:O54) -> 12389.71 | P55: =SUM(P53:P54) -> 49421.17 | Q55: =SUM(Q53:Q54) -> 63600.506 | R55: =SUM(R53:R54) -> 166710.42 | S55: =SUM(S53:S54) -> 10324.76 | T55: =SUM(T53:T54) -> 3.08 | U55: =SUM(U53:U54) -> 177035.18 | ... W55: =SUM(W53:W54) -> 154020.6 | AA55: =K55*Z55 -> 0 | AB55: =K55*Y55 -> 0 | AD55: 0.1 | AE55: =K55*AD55 -> 4129.903 | AF55: 0.2 | AG55: =AF55*K55 -> 8259.806
A56: Департамент организации обязательного медицинского страхования | P56: 1.19 | Q56: 1,44-1,54 | AA56: =K56*Z56 -> 0 | AB56: =K56*Y56 -> 0 | AD56: 0.1
C57: Заместитель директора-Начальник департамента | D57: 1 | E57: 9600 | F57: =ROUND(E57*F$12,2) -> 10560 | G57: =F57*1.1*1.1+0.4 -> 12778 | H57: 15792.6 | I57: =H57*$I$12 -> 17371.86 | J57: 18414.172 | K57: =ROUND('26.08.22'!K57*1.04,2) -> 30285.94 | L57: Рыжкова С.П. | M57: 30 | O57: =ROUND((K57*M57/100),2) -> 9085.78 | P57: =ROUND(K57*1.19,2) -> 36040.27 | Q57: =K57*T57 -> 46640.348 | R57: =K57+O57+P57+Q57 -> 122052.34 | S57: =ROUND(K57*S$12,2) -> 7571.49 | T57: 1.54 | U57: =K57+O57+P57+Q57+S57 -> 129623.83 | V57: =R57*0.87 -> 106185.53 | W57: =U57*0.87 -> 112772.73 | X57: 3 | Z57: =X57-Y57 -> 3 | AA57: =K57*Z57 -> 90857.82 | AB57: =K57*Y57 -> 0 | AD57: 0.1 | AE57: =K57*AD57 -> 3028.594 | AF57: 0.2 | AG57: =AF57*K57 -> 6057.188
C58: Зам. начальника департамента,врач-эксперт | D58: 1 | E58: 8700 | F58: =ROUND(E58*F$12,2) -> 9570 | G58: =F58*1.1*1.1+0.3 -> 11580 | H58: 14312.05 | I58: =H58*$I$12 -> 15743.255 | J58: 16687.85 | K58: =ROUND('26.08.22'!K58*1.04,2) -> 23953.47 | L58: Захарова А.В. | M58: 15 | O58: =ROUND((K58*M58/100),2) -> 3593.02 | P58: =ROUND(K58*1.19,2) -> 28504.63 | Q58: =K58*T58 -> 36888.344 | R58: =K58+O58+P58+Q58 -> 92939.464 | S58: =ROUND(K58*S$12,2) -> 5988.37 | T58: 1.54 | U58: =K58+O58+P58+Q58+S58 -> 98927.834 | V58: =R58*0.87 -> 80857.334 | W58: =U58*0.87 -> 86067.215 | X58: 3 | Y58: 0 | Z58: =X58-Y58 -> 3 | AA58: =K58*Z58 -> 71860.41 | AB58: =K58*Y58 -> 0 | AD58: 0.1 | AE58: =K58*AD58 -> 2395.347 | AF58: 0.2 | AG58: =AF58*K58 -> 4790.694
A59: Отдел контроля качества медицинской помощи и защиты прав застрахованных | P59: 1,14-1,24 | AA59: =K59*Z59 -> 0 | AB59: =K59*Y59 -> 0 | AD59: 0.1
C60: Начальник отдела | D60: 1 | E60: 8500 | F60: 8250 | G60: =F60*1.1*1.1+0.5 -> 9983 | H60: 12337.98 | I60: =H60*$I$12 -> 13571.778 | J60: 14386.085 | K60: =ROUND('26.08.22'!K60*1.04,2) -> 23402.77 | L60: Рабочий С.И. | M60: 30 | O60: =ROUND((K60*M60/100),2) -> 7020.83 | P60: =ROUND(K60*1.24,2) -> 29019.43 | Q60: =K60*T60 -> 36040.266 | R60: =K60+O60+P60+Q60 -> 95483.296 | S60: =ROUND(K60*S$12,2) -> 5850.69 | T60: 1.54 | U60: =K60+O60+P60+Q60+S60 -> 101333.99 | V60: =R60*0.87 -> 83070.467 | W60: =U60*0.87 -> 88160.568 | X60: 3 | Y60: 2 | Z60: =X60-Y60 -> 1 | AA60: =K60*Z60 -> 23402.77 | AB60: =K60*Y60 -> 46805.54 | AD60: 0.1 | AE60: =K60*AD60 -> 2340.277 | AF60: 0.2 | AG60: =AF60*K60 -> 4680.554
C61: Заместитель начальника отдела | D61: 1 | H61: 10692.91 | I61: =H61*$I$12 -> 11762.201 | J61: 12467.933 | K61: =ROUND('26.08.22'!K61*1.04,2) -> 21200.16 | L61: Мочалова Е.Д. | M61: 20 | O61: =ROUND((K61*M61/100),2) -> 4240.03 | P61: =ROUND(K61*1.14,2) -> 24168.18 | Q61: =K61*T61 -> 32648.246 | R61: =K61+O61+P61+Q61 -> 82256.616 | S61: =ROUND(K61*S$12,2) -> 5300.04 | T61: 1.54 | U61: =K61+O61+P61+Q61+S61 -> 87556.656 | V61: =R61*0.87 -> 71563.256 | W61: =U61*0.87 -> 76174.291 | X61: 3 | Y61: 3 | Z61: =X61-Y61 -> 0 | AA61: =K61*Z61 -> 0 | AB61: =K61*Y61 -> 63600.48 | AD61: 0.1 | AE61: =K61*AD61 -> 2120.016 | AF61: 0.2 | AG61: =AF61*K61 -> 4240.032
C62: Главный специалист-врач-эксперт | D62: 1 | E62: 6500 | F62: =ROUND(E62*F$12,2) -> 7150 | G62: =F62*1.1*1.1+0.5 -> 8652 | H62: 10692.91 | I62: =H62*$I$12 -> 11762.201 | J62: 12467.933 | K62: =ROUND('26.08.22'!K62*1.04,2) -> 17896.26 | L62: Завьялова С.В. | M62: 15 | O62: =ROUND((K62*M62/100),2) -> 2684.44 | P62: =ROUND(K62*1.14,2) -> 20401.74 | Q62: =K62*T62 -> 27560.24 | R62: =K62+O62+P62+Q62 -> 68542.68 | S62: =ROUND(K62*S$12,2) -> 4474.07 | T62: 1.54 | U62: =K62+O62+P62+Q62+S62 -> 73016.75 | V62: =R62*0.87 -> 59632.132 | W62: =U62*0.87 -> 63524.573 | X62: 3 | Z62: =X62-Y62 -> 3 | AA62: =K62*Z62 -> 53688.78 | AB62: =K62*Y62 -> 0 | AD62: 0.1 | AE62: =K62*AD62 -> 1789.626 | AF62: 0.2 | AG62: =AF62*K62 -> 3579.252
C63: Главный специалист-врач-эксперт | D63: 1 | E63: 6500 | F63: =ROUND(E63*F$12,2) -> 7150 | G63: =F63*1.1*1.1+0.5 -> 8652 | H63: 10692.91 | I63: =H63*$I$12 -> 11762.201 | J63: 12467.933 | K63: =ROUND('26.08.22'!K63*1.04,2) -> 17896.26 | L63: Сальков А.В. | M63: 30 | O63: =ROUND((K63*M63/100),2) -> 5368.88 | P63: =ROUND(K63*1.14,2) -> 20401.74 | Q63: =K63*T63 -> 27560.24 | R63: =K63+O63+P63+Q63 -> 71227.12 | S63: =ROUND(K63*S$12,2) -> 4474.07 | T63: 1.54 | U63: =K63+O63+P63+Q63+S63 -> 75701.19 | V63: =R63*0.87 -> 61967.595 | W63: =U63*0.87 -> 65860.036 | X63: 3 | Y63: 3 | Z63: =X63-Y63 -> 0 | AA63: =K63*Z63 -> 0 | AB63: =K63*Y63 -> 53688.78 | AD63: 0.1 | AE63: =K63*AD63 -> 1789.626 | AF63: 0.2 | AG63: =AF63*K63 -> 3579.252
C64: Главный специалист | D64: 1 | E64: 6500 | F64: =ROUND(E64*F$12,2) -> 7150 | G64: =F64*1.1*1.1+0.5 -> 8652 | H64: 10692.91 | I64: =H64*$I$12 -> 11762.201 | J64: 12467.933 | K64: =ROUND('26.08.22'!K64*1.04,2) -> 17896.26 | L64: Черноног О.А. | M64: 30 | O64: =ROUND((K64*M64/100),2) -> 5368.88 | P64: =ROUND(K64*1.14,2) -> 20401.74 | Q64: =K64*T64 -> 27560.24 | R64: =K64+O64+P64+Q64 -> 71227.12 | S64: =ROUND(K64*S$12,2) -> 4474.07 | T64: 1.54 | U64: =K64+O64+P64+Q64+S64 -> 75701.19 | V64: =R64*0.87 -> 61967.595 | W64: =U64*0.87 -> 65860.036 | X64: 3 | Y64: 3 | Z64: =X64-Y64 -> 0 | AA64: =K64*Z64 -> 0 | AB64: =K64*Y64 -> 53688.78 | AD64: 0.1 | AE64: =K64*AD64 -> 1789.626 | AF64: 0.2 | AG64: =AF64*K64 -> 3579.252
C65: Главный специалист | D65: 1 | H65: 10692.91 | I65: =H65*$I$12 -> 11762.201 | J65: 12467.933 | K65: =ROUND('26.08.22'!K65*1.04,2) -> 17896.26 | L65: Калошина И.А. | M65: 15 | O65: =ROUND((K65*M65/100),2) -> 2684.44 | P65: =ROUND(K65*1.14,2) -> 20401.74 | Q65: =K65*T65 -> 27560.24 | R65: =K65+O65+P65+Q65 -> 68542.68 | S65: =ROUND(K65*S$12,2) -> 4474.07 | T65: 1.54 | U65: =K65+O65+P65+Q65+S65 -> 73016.75 | V65: =R65*0.87 -> 59632.132 | W65: =U65*0.87 -> 63524.573 | X65: 3 | Y65: 0 | Z65: =X65-Y65 -> 3 | AA65: =K65*Z65 -> 53688.78 | AB65: =K65*Y65 -> 0 | AD65: 0.1 | AE65: =K65*AD65 -> 1789.626 | AF65: 0.2 | AG65: =AF65*K65 -> 3579.252
C66: Главный специалист-врач-эксперт | D66: 1 | J66: 12467.933 | K66: =ROUND('26.08.22'!K66*1.04,2) -> 17896.26 | L66: Спирина Г.В. | M66: 30 | O66: =ROUND((K66*M66/100),2) -> 5368.88 | P66: =ROUND(K66*1.14,2) -> 20401.74 | Q66: =K66*T66 -> 27560.24 | R66: =K66+O66+P66+Q66 -> 71227.12 | S66: =ROUND(K66*S$12,2) -> 4474.07 | T66: 1.54 | U66: =K66+O66+P66+Q66+S66 -> 75701.19 | V66: =R66*0.87 -> 61967.595 | W66: =U66*0.87 -> 65860.036 | X66: 3 | Y66: 3 | Z66: =X66-Y66 -> 0 | AA66: =K66*Z66 -> 0 | AB66: =K66*Y66 -> 53688.78 | AD66: 0.1 | AE66: =K66*AD66 -> 1789.626 | AF66: 0.2 | AG66: =AF66*K66 -> 3579.252
C67: Главный специалист-врач-эксперт | D67: 1 | J67: 12467.933 | K67: =ROUND('26.08.22'!K67*1.04,2) -> 17896.26 | L67: Клепацкая Н.О. | O67: =ROUND((K67*M67/100),2) -> 0 | P67: =ROUND(K67*1.14,2) -> 20401.74 | Q67: =K67*T67 -> 27560.24 | R67: =K67+O67+P67+Q67 -> 65858.24 | S67: =ROUND(K67*S$12,2) -> 4474.07 | T67: 1.54 | U67: =K67+O67+P67+Q67+S67 -> 70332.31 | V67: =R67*0.87 -> 57296.669 | W67: =U67*0.87 -> 61189.11 | X67: 3 | Y67: 3 | Z67: =X67-Y67 -> 0 | AA67: =K67*Z67 -> 0 | AB67: =K67*Y67 -> 53688.78 | AD67: 0.1 | AE67: =K67*AD67 -> 1789.626 | AF67: 0.2 | AG67: =AF67*K67 -> 3579.252
C68: Главный специалист-врач-эксперт | D68: 1 | K68: =ROUND('26.08.22'!K68*1.04,2) -> 17896.26 | L68: Шмаков И.В. | M68: 30 | O68: =ROUND((K68*M68/100),2) -> 5368.88 | P68: =ROUND(K68*1.14,2) -> 20401.74 | Q68: =K68*T68 -> 27560.24 | R68: =K68+O68+P68+Q68 -> 71227.12 | S68: =ROUND(K68*S$12,2) -> 4474.07 | T68: 1.54 | U68: =K68+O68+P68+Q68+S68 -> 75701.19 | V68: =R68*0.87 -> 61967.595 | W68: =U68*0.87 -> 65860.036
C69: Главный специалист-врач-эксперт | D69: 1 | H69: 9212.35 | I69: =H69*$I$12 -> 10133.585 | J69: 10741.6 | K69: =ROUND('26.08.22'!K69*1.04,2) -> 17896.26 | L69: Решетникова С. Л. | M69: 30 | O69: =ROUND((K69*M69/100),2) -> 5368.88 | P69: =ROUND(K69*1.14,2) -> 20401.74 | Q69: =K69*T69 -> 27560.24 | R69: =K69+O69+P69+Q69 -> 71227.12 | S69: =ROUND(K69*S$12,2) -> 4474.07 | T69: 1.54 | U69: =K69+O69+P69+Q69+S69 -> 75701.19 | V69: =R69*0.87 -> 61967.595 | W69: =U69*0.87 -> 65860.036 | X69: 3 | Y69: 3 | Z69: =X69-Y69 -> 0 | AA69: =K69*Z69 -> 0 | AB69: =K69*Y69 -> 53688.78 | AD69: 0.1 | AE69: =K69*AD69 -> 1789.626 | AF69: 0.2 | AG69: =AF69*K69 -> 3579.252
C70: Главный специалист-врач-эксперт | D70: 1 | H70: 9212.35 | I70: =H70*$I$12 -> 10133.585 | J70: 10741.6 | K70: =ROUND('26.08.22'!K70*1.04,2) -> 17896.26 | L70: Братчева И.В. | M70: 30 | O70: =ROUND((K70*M70/100),2) -> 5368.88 | P70: =ROUND(K70*1.14,2) -> 20401.74 | Q70: =K70*T70 -> 27560.24 | R70: =K70+O70+P70+Q70 -> 71227.12 | S70: =ROUND(K70*S$12,2) -> 4474.07 | T70: 1.54 | U70: =K70+O70+P70+Q70+S70 -> 75701.19 | V70: =R70*0.87 -> 61967.595 | W70: =U70*0.87 -> 65860.036 | X70: 3 | Y70: 0 | Z70: =X70-Y70 -> 3 | AA70: =K70*Z70 -> 53688.78 | AB70: =K70*Y70 -> 0 | AD70: 0.1 | AE70: =K70*AD70 -> 1789.626 | AF70: 0.2 | AG70: =AF70*K70 -> 3579.252
C71: Главный специалист | D71: 1 | K71: =ROUND('26.08.22'!K71*1.04,2) -> 17896.26 | L71: Клюкина Г.Н. | M71: 20 | O71: =ROUND((K71*M71/100),2) -> 3579.25 | P71: =ROUND(K71*1.14,2) -> 20401.74 | Q71: =K71*T71 -> 27560.24 | R71: =K71+O71+P71+Q71 -> 69437.49 | S71: =ROUND(K71*S$12,2) -> 4474.07 | T71: 1.54 | U71: =K71+O71+P71+Q71+S71 -> 73911.56 | V71: =R71*0.87 -> 60410.617 | W71: =U71*0.87 -> 64303.058 | X71: 3 | Y71: 3 | Z71: =X71-Y71 -> 0 | AA71: =K71*Z71 -> 0 | AB71: =K71*Y71 -> 53688.78 | AD71: 0.1 | AE71: =K71*AD71 -> 1789.626 | AF71: 0.2 | AG71: =AF71*K71 -> 3579.252
C72: Главный специалист | D72: 1 | H72: 9212.35 | I72: =H72*$I$12 -> 10133.585 | J72: 10741.6 | K72: =ROUND('26.08.22'!K72*1.04,2) -> 17896.26 | L72: Кузнецова И.Г. | M72: 30 | O72: =ROUND((K72*M72/100),2) -> 5368.88 | P72: =ROUND(K72*1.14,2) -> 20401.74 | Q72: =K72*T72 -> 27560.24 | R72: =K72+O72+P72+Q72 -> 71227.12 | S72: =ROUND(K72*S$12,2) -> 4474.07 | T72: 1.54 | U72: =K72+O72+P72+Q72+S72 -> 75701.19 | V72: =R72*0.87 -> 61967.595 | W72: =U72*0.87 -> 65860.036 | X72: 3 | Z72: =X72-Y72 -> 3 | AA72: =K72*Z72 -> 53688.78 | AB72: =K72*Y72 -> 0 | AD72: 0.1 | AE72: =K72*AD72 -> 1789.626 | AF72: 0.2 | AG72: =AF72*K72 -> 3579.252
C73: Ведущий специалист | D73: 0 | K73: =ROUND('26.08.22'!K73*1.04,2) -> 0 | M73: 10 | O73: =ROUND((K73*M73/100),2) -> 0 | P73: =ROUND(K73*1.14,2) -> 0 | Q73: =K73*T73 -> 0 | R73: =K73+O73+P73+Q73 -> 0 | S73: =ROUND(K73*S$12,2) -> 0 | T73: 2.54 | U73: =K73+O73+P73+Q73+S73 -> 0 | V73: =R73*0.87 -> 0 | W73: =U73*0.87 -> 0 | X73: 4
C74: Ведущий специалист | D74: 0 | K74: =ROUND('26.08.22'!K74*1.04,2) -> 0 | M74: 15 | O74: =ROUND((K74*M74/100),2) -> 0 | P74: =ROUND(K74*1.14,2) -> 0 | Q74: =K74*T74 -> 0 | R74: =K74+O74+P74+Q74 -> 0 | S74: =ROUND(K74*S$12,2) -> 0 | T74: 3.54 | U74: =K74+O74+P74+Q74+S74 -> 0 | V74: =R74*0.87 -> 0 | W74: =U74*0.87 -> 0 | X74: 5
C75: Ведущий специалист | D75: 1 | K75: =ROUND('26.08.22'!K75*1.04,2) -> 15418.33 | L75: Грицнелова Ю.С. | M75: 0 | O75: =ROUND((K75*M75/100),2) -> 0 | P75: =ROUND(K75*1.14,2) -> 17576.9 | Q75: =K75*T75 -> 22202.395 | R75: =K75+O75+P75+Q75 -> 55197.625 | S75: =ROUND(K75*S$12,2) -> 3854.58 | T75: 1.44 | U75: =K75+O75+P75+Q75+S75 -> 59052.205 | V75: =R75*0.87 -> 48021.934 | W75: =U75*0.87 -> 51375.419 | X75: 6
C76: Главный специалист-врач эксперт | D76: 1 | K76: =ROUND('26.08.22'!K76*1.04,2) -> 17896.26 | L76: Федорова Н.Г. | M76: 30 | O76: =ROUND((K76*M76/100),2) -> 5368.88 | P76: =ROUND(K76*1.14,2) -> 20401.74 | Q76: =K76*T76 -> 27560.24 | R76: =K76+O76+P76+Q76 -> 71227.12 | S76: =ROUND(K76*S$12,2) -> 4474.07 | T76: 1.54 | U76: =K76+O76+P76+Q76+S76 -> 75701.19 | V76: =R76*0.87 -> 61967.595 | W76: =U76*0.87 -> 65860.036
C77: ИТОГО по отделу | D77: =SUM(D60:D76) -> 15 | E77: =SUM(E60:E67) -> 28000 | F77: =SUM(F60:F67) -> 29700 | G77: =SUM(G60:G67) -> 35939 | H77: =SUM(H60:H67) -> 65802.53 | I77: =SUM(I60:I67) -> 72382.783 | J77: =SUM(J60:J67) -> 101661.62 | K77: =SUM(K60:K76) -> 274776.38 | N77: =SUM(N60:N72) -> 0 | O77: =SUM(O60:O76) -> 63160.03 | P77: =SUM(P60:P76) -> 315585.39 | Q77: =SUM(Q60:Q75) -> 394053.55 | R77: =SUM(R60:R75) -> 1003908.5 | S77: =SUM(S60:S76) -> 68694.15 | T77: =SUM(T60:T75) -> 27.54 | U77: =SUM(U60:U75) -> 1068128.6 | V77: =SUM(V60:V75) -> 873400.37 | W77: =SUM(W60:W75) -> 929271.84 | X77: =SUM(X60:X75) -> 51 | Y77: =SUM(Y60:Y75) -> 23 | Z77: =SUM(Z60:Z75) -> 13 | AA77: =SUM(AA60:AA75) -> 238157.89 | ... AH77: =SUM(AH60:AH75) -> 0
A78: Отдел планирования и мониторинга тер. прграммы | AA78: =K78*Z78 -> 0 | AB78: =K78*Y78 -> 0 | AD78: 0.1
C79: Начальник отдела | D79: 1 | E79: 7500 | F79: =ROUND(E79*F$12,2) -> 8250 | G79: =F79*1.1*1.1+0.5 -> 9983 | H79: 12337.98 | I79: =H79*$I$12 -> 13571.778 | J79: 14386.085 | K79: =ROUND('26.08.22'!K79*1.04,2) -> 23402.77 | L79: Гришина М.В. | M79: 20 | O79: =ROUND((K79*M79/100),2) -> 4680.55 | P79: =ROUND(K79*1.24,2) -> 29019.43 | Q79: =K79*T79 -> 36040.266 | R79: =K79+O79+P79+Q79 -> 93143.016 | S79: =ROUND(K79*S$12,2) -> 5850.69 | T79: 1.54 | U79: =K79+O79+P79+Q79+S79 -> 98993.706 | V79: =R79*0.87 -> 81034.424 | W79: =U79*0.87 -> 86124.524 | X79: 3 | Y79: 3 | Z79: =X79-Y79 -> 0 | AA79: =K79*Z79 -> 0 | AB79: =K79*Y79 -> 70208.31 | AD79: 0.1 | AE79: =K79*AD79 -> 2340.277 | AF79: 0.2 | AG79: =AF79*K79 -> 4680.554
C80: Заместитель начальника отдела | D80: 1 | H80: 10692.91 | I80: =H80*$I$12 -> 11762.201 | J80: 12467.933 | K80: =ROUND('26.08.22'!K80*1.04,2) -> 21200.16 | L80: Шакурова О.Ю. | M80: 30 | O80: =ROUND((K80*M80/100),2) -> 6360.05 | P80: =ROUND(K80*1.14,2) -> 24168.18 | Q80: =K80*T80 -> 32648.246 | R80: =K80+O80+P80+Q80 -> 84376.636 | S80: =ROUND(K80*S$12,2) -> 5300.04 | T80: 1.54 | U80: =K80+O80+P80+Q80+S80 -> 89676.676 | V80: =R80*0.87 -> 73407.674 | W80: =U80*0.87 -> 78018.708
C81: Главный специалист | D81: 1 | E81: 6500 | F81: =ROUND(E81*F$12,2) -> 7150 | G81: =F81*1.1*1.1+0.5 -> 8652 | H81: 10692.91 | I81: =H81*$I$12 -> 11762.201 | J81: 12467.933 | K81: =ROUND('26.08.22'!K81*1.04,2) -> 17896.26 | L81: Парфенова И.В. | M81: 30 | O81: =ROUND((K81*M81/100),2) -> 5368.88 | P81: =ROUND(K81*1.14,2) -> 20401.74 | Q81: =K81*T81 -> 27560.24 | R81: =K81+O81+P81+Q81 -> 71227.12 | S81: =ROUND(K81*S$12,2) -> 4474.07 | T81: 1.54 | U81: =K81+O81+P81+Q81+S81 -> 75701.19 | V81: =R81*0.87 -> 61967.595 | W81: =U81*0.87 -> 65860.036 | X81: 3 | Y81: 3 | Z81: =X81-Y81 -> 0 | AA81: =K81*Z81 -> 0 | AB81: =K81*Y81 -> 53688.78 | AD81: 0.1 | AE81: =K81*AD81 -> 1789.626 | AF81: 0.2 | AG81: =AF81*K81 -> 3579.252
C82: Главный специалист | D82: 1 | E82: 6500 | F82: =ROUND(E82*F$12,2) -> 7150 | G82: =F82*1.1*1.1+0.5 -> 8652 | H82: 10692.91 | I82: =H82*$I$12 -> 11762.201 | J82: 12467.933 | K82: =ROUND('26.08.22'!K82*1.04,2) -> 17896.26 | L82: Фахуртдинова Р.Н. | M82: 30 | O82: =ROUND((K82*M82/100),2) -> 5368.88 | P82: =ROUND(K82*1.14,2) -> 20401.74 | Q82: =K82*T82 -> 27560.24 | R82: =K82+O82+P82+Q82 -> 71227.12 | S82: =ROUND(K82*S$12,2) -> 4474.07 | T82: 1.54 | U82: =K82+O82+P82+Q82+S82 -> 75701.19 | V82: =R82*0.87 -> 61967.595 | W82: =U82*0.87 -> 65860.036 | X82: 3 | Y82: 3 | Z82: =X82-Y82 -> 0 | AA82: =K82*Z82 -> 0 | AB82: =K82*Y82 -> 53688.78 | AD82: 0.1 | AE82: =K82*AD82 -> 1789.626 | AF82: 0.2 | AG82: =AF82*K82 -> 3579.252
C83: Главный специалист | D83: 1 | E83: 6500 | F83: =ROUND(E83*F$12,2) -> 7150 | G83: =F83*1.1*1.1+0.5 -> 8652 | H83: 10692.91 | I83: =H83*$I$12 -> 11762.201 | J83: 12467.933 | K83: =ROUND('26.08.22'!K83*1.04,2) -> 17896.26 | L83: Рыженко Ю.В. | M83: 30 | O83: =ROUND((K83*M83/100),2) -> 5368.88 | P83: =ROUND(K83*1.14,2) -> 20401.74 | Q83: =K83*T83 -> 27560.24 | R83: =K83+O83+P83+Q83 -> 71227.12 | S83: =ROUND(K83*S$12,2) -> 4474.07 | T83: 1.54 | U83: =K83+O83+P83+Q83+S83 -> 75701.19 | V83: =R83*0.87 -> 61967.595 | W83: =U83*0.87 -> 65860.036 | X83: 3 | Z83: =X83-Y83 -> 3 | AA83: =K83*Z83 -> 53688.78 | AB83: =K83*Y83 -> 0 | AD83: 0.1 | AE83: =K83*AD83 -> 1789.626 | AF83: 0.2 | AG83: =AF83*K83 -> 3579.252
C84: Главный специалист | D84: 1 | K84: =ROUND('26.08.22'!K84*1.04,2) -> 17896.26 | L84: Сахтуева М.А. | M84: 30 | O84: =ROUND((K84*M84/100),2) -> 5368.88 | P84: =ROUND(K84*1.14,2) -> 20401.74 | Q84: =K84*T84 -> 27560.24 | R84: =K84+O84+P84+Q84 -> 71227.12 | S84: =ROUND(K84*S$12,2) -> 4474.07 | T84: 1.54 | U84: =K84+O84+P84+Q84+S84 -> 75701.19 | V84: =R84*0.87 -> 61967.595 | W84: =U84*0.87 -> 65860.036 | AB84: =K84*Y84 -> 0
C85: Ведущий специалист | D85: 1 | H85: 9212.35 | I85: =H85*$I$12 -> 10133.585 | J85: 10741.6 | K85: =ROUND('26.08.22'!K85*1.04,2) -> 15418.33 | L85: Бондаренко Л.П. | M85: 30 | O85: =ROUND((K85*M85/100),2) -> 4625.5 | P85: =ROUND(K85*1.14,2) -> 17576.9 | Q85: =K85*T85 -> 22202.395 | R85: =K85+O85+P85+Q85 -> 59823.125 | S85: =ROUND(K85*S$12,2) -> 3854.58 | T85: 1.44 | U85: =K85+O85+P85+Q85+S85 -> 63677.705 | V85: =R85*0.87 -> 52046.119 | W85: =U85*0.87 -> 55399.604 | X85: 3 | Y85: 3 | Z85: =X85-Y85 -> 0 | AA85: =K85*Z85 -> 0 | AB85: =K85*Y85 -> 46254.99 | AD85: 0.1 | AE85: =K85*AD85 -> 1541.833 | AF85: 0.2 | AG85: =AF85*K85 -> 3083.666
C86: Ведущий специалист | D86: 0 | H86: 9212.35 | I86: =H86*$I$12 -> 10133.585 | J86: 10741.6 | K86: =ROUND('26.08.22'!K86*1.04,2) -> 0 | M86: 0 | O86: =ROUND((K86*M86/100),2) -> 0 | P86: =ROUND(K86*1.14,2) -> 0 | Q86: =K86*T86 -> 0 | R86: =K86+O86+P86+Q86 -> 0 | S86: =ROUND(K86*S$12,2) -> 0 | T86: 1.44 | U86: =K86+O86+P86+Q86+S86 -> 0 | V86: =R86*0.87 -> 0 | W86: =U86*0.87 -> 0 | X86: 3 | Z86: =X86-Y86 -> 3 | AA86: =K86*Z86 -> 0 | AB86: =K86*Y86 -> 0 | AD86: 0.1 | AE86: =K86*AD86 -> 0 | AF86: 0.2 | AG86: =AF86*K86 -> 0
C87: Ведущий специалист | D87: 1 | H87: 9212.35 | I87: =H87*$I$12 -> 10133.585 | J87: 10741.6 | K87: =ROUND('26.08.22'!K87*1.04,2) -> 15418.33 | L87: Шабанова М.А. | M87: 30 | O87: =ROUND((K87*M87/100),2) -> 4625.5 | P87: =ROUND(K87*1.14,2) -> 17576.9 | Q87: =K87*T87 -> 22202.395 | R87: =K87+O87+P87+Q87 -> 59823.125 | S87: =ROUND(K87*S$12,2) -> 3854.58 | T87: 1.44 | U87: =K87+O87+P87+Q87+S87 -> 63677.705 | V87: =R87*0.87 -> 52046.119 | W87: =U87*0.87 -> 55399.604 | X87: 4 | Z87: =X87-Y87 -> 4 | AA87: =K87*Z87 -> 61673.32 | AB87: =K87*Y87 -> 0 | AD87: 1.1 | AE87: =K87*AD87 -> 16960.163 | AF87: 1.2 | AG87: =AF87*K87 -> 18501.996
C88: ИТОГО по отделу | D88: =SUM(D79:D87) -> 8 | E88: =SUM(E79:E85) -> 27000 | F88: =SUM(F79:F85) -> 29700 | G88: =SUM(G79:G85) -> 35939 | H88: =SUM(H79:H86) -> 73534.32 | I88: =SUM(I79:I86) -> 80887.752 | J88: 73273.084 | K88: =SUM(K79:K87) -> 147024.63 | N88: =SUM(N79:N86) -> 0 | O88: =SUM(O79:O87) -> 41767.12 | P88: =SUM(P79:P87) -> 169948.37 | Q88: =SUM(Q79:Q87) -> 223334.26 | R88: =SUM(R79:R87) -> 582074.38 | S88: =SUM(S79:S87) -> 36756.17 | T88: =SUM(T79:T87) -> 13.56 | U88: =SUM(U79:U87) -> 618830.55 | V88: =SUM(V79:V87) -> 506404.71 | W88: =SUM(W79:W87) -> 538382.58 | AA88: =K88*Z88 -> 0 | AB88: =K88*Y88 -> 0 | AD88: 0.1 | AE88: =K88*AD88 -> 14702.463 | AF88: 0.2 | AG88: =AF88*K88 -> 29404.926
C89: ИТОГО по департаменту | D89: =D77+D88+D57+D58 -> 25 | E89: =SUM(E57:E58)+E77+E88 -> 73300 | F89: =SUM(F57:F58)+F77+F88 -> 79530 | G89: =SUM(G57:G58)+G77+G88 -> 96236 | H89: =SUM(H57:H58)+H77+H88 -> 169441.5 | I89: =SUM(I57:I58)+I77+I88 -> 186385.65 | J89: 185100.86 | K89: =K88+K77+K57+K58 -> 476040.42 | N89: =N88+N77+N57+N58 -> 0 | O89: =O88+O77+O57+O58 -> 117605.95 | P89: =P88+P77+P57+P58 -> 550078.66 | Q89: =Q88+Q77+Q57+Q58 -> 700916.51 | R89: =R88+R77+R57+R58 -> 1800974.7 | S89: =S88+S77+S57+S58 -> 119010.18 | T89: =T88+T77+T57+T58 -> 44.18 | U89: =U88+U77+U57+U58 -> 1915510.8 | ... W89: =W88+W77+W57+W58 -> 1666494.4 | AA89: =K89*Z89 -> 0 | AB89: =K89*Y89 -> 0 | AD89: 0.1 | AE89: =K89*AD89 -> 47604.042 | AF89: 0.2 | AG89: =AF89*K89 -> 95208.084
A90: Отдел информационной безопасности | AA90: =K90*Z90 -> 0 | AB90: =K90*Y90 -> 0 | AD90: 0.1
C91: Начальник отдела | D91: 1 | J91: 16304.213 | K91: =ROUND('26.08.22'!K91*1.04,2) -> 23402.77 | L91: Филиппова Е.А. | M91: 15 | O91: =ROUND((K91*M91/100),2) -> 3510.42 | P91: =ROUND(K91*1.24,2) -> 29019.43 | Q91: =K91*T91 -> 36040.266 | R91: =K91+O91+P91+Q91 -> 91972.886 | S91: =ROUND(K91*S$12,2) -> 5850.69 | T91: 1.54 | U91: =K91+O91+P91+Q91+S91 -> 97823.576 | V91: =R91*0.87 -> 80016.411 | W91: =U91*0.87 -> 85106.511 | X91: 3 | Y91: 3 | Z91: =X91-Y91 -> 0 | AA91: =K91*Z91 -> 0 | AB91: =K91*Y91 -> 70208.31 | AD91: 0.1 | AE91: =K91*AD91 -> 2340.277 | AF91: 0.2 | AG91: =AF91*K91 -> 4680.554
C92: Главный специалист | D92: 1 | J92: 12467.933 | K92: =ROUND('26.08.22'!K92*1.04,2) -> 17896.26 | L92: Чиркевич АБ | M92: 30 | O92: =ROUND((K92*M92/100),2) -> 5368.88 | P92: =ROUND(K92*1.14,2) -> 20401.74 | Q92: =K92*T92 -> 27560.24 | R92: =K92+O92+P92+Q92 -> 71227.12 | S92: =ROUND(K92*S$12,2) -> 4474.07 | T92: 1.54 | U92: =K92+O92+P92+Q92+S92 -> 75701.19 | V92: =R92*0.87 -> 61967.595 | W92: =U92*0.87 -> 65860.036 | X92: 3 | Z92: =X92-Y92 -> 3 | AA92: =K92*Z92 -> 53688.78 | AB92: =K92*Y92 -> 0 | AD92: 0.1 | AE92: =K92*AD92 -> 1789.626 | AF92: 0.2 | AG92: =AF92*K92 -> 3579.252
C93: ИТОГО по отделу | D93: =SUM(D91:D92) -> 2 | J93: 28772.146 | K93: =SUM(K91:K92) -> 41299.03 | N93: =SUM(N91:N92) -> 0 | O93: =SUM(O91:O92) -> 8879.3 | P93: =SUM(P91:P92) -> 49421.17 | Q93: =SUM(Q91:Q92) -> 63600.506 | R93: =SUM(R91:R92) -> 163200.01 | S93: =SUM(S91:S92) -> 10324.76 | U93: =SUM(U91:U92) -> 173524.77 | V93: =SUM(V91:V92) -> 141984.01 | W93: =SUM(W91:W92) -> 150966.55 | AA93: =K93*Z93 -> 0 | AB93: =K93*Y93 -> 0 | AD93: 0.1 | AE93: =K93*AD93 -> 4129.903 | AF93: 0.2 | AG93: =AF93*K93 -> 8259.806
A94: Отдел информационных технологий | P94: 1,14-1,24 | Q94: 1,44-1,54 | AA94: =K94*Z94 -> 0 | AB94: =K94*Y94 -> 0 | AD94: 0.1
C95: Начальник отдела | D95: 1 | E95: 8500 | F95: =ROUND(E95*F$12,2) -> 9350 | G95: =F95*1.1*1.1+0.5 -> 11314 | H95: 13983.03 | I95: =H95*$I$12 -> 15381.333 | J95: 16304.213 | K95: =ROUND('26.08.22'!K95*1.04,2) -> 23402.77 | L95: Суворов А.М. | M95: 30 | O95: =ROUND((K95*M95/100),2) -> 7020.83 | P95: =ROUND(K95*1.24,2) -> 29019.43 | Q95: =K95*T95 -> 36040.266 | R95: =K95+O95+P95+Q95 -> 95483.296 | S95: =ROUND(K95*S$12,2) -> 5850.69 | T95: 1.54 | U95: =K95+O95+P95+Q95+S95 -> 101333.99 | V95: =R95*0.87 -> 83070.467 | W95: =U95*0.87 -> 88160.568 | X95: 3 | Z95: =X95-Y95 -> 3 | AA95: =K95*Z95 -> 70208.31 | AB95: =K95*Y95 -> 0 | AD95: 0.1 | AE95: =K95*AD95 -> 2340.277 | AF95: 0.2 | AG95: =AF95*K95 -> 4680.554
C96: Зам.начальника отдела | D96: 1 | E96: 7700 | F96: =ROUND(E96*F$12,2) -> 8470 | G96: =F96*1.1*1.1+0.3 -> 10249 | H96: 12666.98 | I96: =H96*$I$12 -> 13933.678 | J96: 14769.699 | K96: =ROUND('26.08.22'!K96*1.04,2) -> 21200.16 | L96: Красавин О.Ю. | M96: 30 | O96: =ROUND((K96*M96/100),2) -> 6360.05 | P96: =ROUND(K96*1.14,2) -> 24168.18 | Q96: =K96*T96 -> 32648.246 | R96: =K96+O96+P96+Q96 -> 84376.636 | S96: =ROUND(K96*S$12,2) -> 5300.04 | T96: 1.54 | U96: =K96+O96+P96+Q96+S96 -> 89676.676 | V96: =R96*0.87 -> 73407.674 | W96: =U96*0.87 -> 78018.708 | X96: 3 | Z96: =X96-Y96 -> 3 | AA96: =K96*Z96 -> 63600.48 | AB96: =K96*Y96 -> 0 | AD96: 0.1 | AE96: =K96*AD96 -> 2120.016 | AF96: 0.2 | AG96: =AF96*K96 -> 4240.032
A97: =K98/2 -> 8948.13 | C97: Главный специалист | D97: 1 | E97: 6500 | F97: =ROUND(E97*F$12,2) -> 7150 | G97: =F97*1.1*1.1+0.5 -> 8652 | H97: 10692.91 | I97: =H97*$I$12 -> 11762.201 | J97: 12467.933 | K97: =ROUND('26.08.22'!K97*1.04,2) -> 17896.26 | L97: Блохин Г.В. | M97: 30 | O97: =ROUND((K97*M97/100),2) -> 5368.88 | P97: =ROUND(K97*1.14,2) -> 20401.74 | Q97: =K97*T97 -> 27560.24 | R97: =K97+O97+P97+Q97 -> 71227.12 | S97: =ROUND(K97*S$12,2) -> 4474.07 | T97: 1.54 | U97: =K97+O97+P97+Q97+S97 -> 75701.19 | V97: =R97*0.87 -> 61967.595 | W97: =U97*0.87 -> 65860.036 | X97: 3 | Y97: 2 | Z97: =X97-Y97 -> 1 | AA97: =K97*Z97 -> 17896.26 | AB97: =K97*Y97 -> 35792.52 | AD97: 0.1 | AE97: =K97*AD97 -> 1789.626 | AF97: 0.2 | AG97: =AF97*K97 -> 3579.252
C98: Главный специалист | D98: 1 | K98: =ROUND('26.08.22'!K98*1.04,2) -> 17896.26 | L98: Голубев О.Л. | M98: 0 | O98: =ROUND((K98*M98/100),2) -> 0 | P98: =ROUND(K98*1.14,2) -> 20401.74 | Q98: =K98*T98 -> 27560.24 | R98: =K98+O98+P98+Q98 -> 65858.24 | S98: =ROUND(K98*S$12,2) -> 4474.07 | T98: 1.54 | U98: =K98+O98+P98+Q98+S98 -> 70332.31 | V98: =R98*0.87 -> 57296.669 | W98: =U98*0.87 -> 61189.11
C99: Главный специалист | D99: 1 | E99: 6500 | F99: =ROUND(E99*F$12,2) -> 7150 | G99: =F99*1.1*1.1+0.5 -> 8652 | H99: 10692.91 | I99: =H99*$I$12 -> 11762.201 | J99: 12467.933 | K99: =ROUND('26.08.22'!K99*1.04,2) -> 17896.26 | L99: Гаврилова Н.Н. | M99: 15 | O99: =ROUND((K99*M99/100),2) -> 2684.44 | P99: =ROUND(K99*1.14,2) -> 20401.74 | Q99: =K99*T99 -> 27560.24 | R99: =K99+O99+P99+Q99 -> 68542.68 | S99: =ROUND(K99*S$12,2) -> 4474.07 | T99: 1.54 | U99: =K99+O99+P99+Q99+S99 -> 73016.75 | V99: =R99*0.87 -> 59632.132 | W99: =U99*0.87 -> 63524.573 | X99: 3 | Y99: 3 | Z99: =X99-Y99 -> 0 | AA99: =K99*Z99 -> 0 | AB99: =K99*Y99 -> 53688.78 | AD99: 0.1 | AE99: =K99*AD99 -> 1789.626 | AF99: 0.2 | AG99: =AF99*K99 -> 3579.252
C100: Главный специалист | D100: 1 | E100: 6500 | F100: =ROUND(E100*F$12,2) -> 7150 | G100: =F100*1.1*1.1+0.5 -> 8652 | H100: 10692.91 | I100: =H100*$I$12 -> 11762.201 | J100: 12467.933 | K100: =ROUND('26.08.22'!K100*1.04,2) -> 8948.13 | L100: Тимановский А.Е. | M100: 20 | O100: =ROUND((K100*M100/100),2) -> 1789.63 | P100: =ROUND(K100*1.14,2) -> 10200.87 | Q100: =K100*T100 -> 13780.12 | R100: =K100+O100+P100+Q100 -> 34718.75 | S100: =ROUND(K100*S$12,2) -> 2237.03 | T100: 1.54 | U100: =K100+O100+P100+Q100+S100 -> 36955.78 | V100: =R100*0.87 -> 30205.313 | W100: =U100*0.87 -> 32151.529 | X100: 3 | Z100: =X100-Y100 -> 3 | AA100: =K100*Z100 -> 26844.39 | AB100: =K100*Y100 -> 0 | AD100: 0.1 | AE100: =K100*AD100 -> 894.813 | AF100: 0.2 | AG100: =AF100*K100 -> 1789.626
C101: Главный специалист | D101: 1 | E101: 6500 | F101: =ROUND(E101*F$12,2) -> 7150 | G101: =F101*1.1*1.1+0.5 -> 8652 | H101: 10692.91 | I101: =H101*$I$12 -> 11762.201 | J101: 12467.933 | K101: =ROUND('26.08.22'!K101*1.04,2) -> 17896.26 | L101: Кругликов А.А. | M101: 15 | O101: =ROUND((K101*M101/100),2) -> 2684.44 | P101: =ROUND(K101*1.14,2) -> 20401.74 | Q101: =K101*T101 -> 27560.24 | R101: =K101+O101+P101+Q101 -> 68542.68 | S101: =ROUND(K101*S$12,2) -> 4474.07 | T101: 1.54 | U101: =K101+O101+P101+Q101+S101 -> 73016.75 | V101: =R101*0.87 -> 59632.132 | W101: =U101*0.87 -> 63524.573 | X101: 3 | Z101: =X101-Y101 -> 3 | AA101: =K101*Z101 -> 53688.78 | AB101: =K101*Y101 -> 0 | AD101: 0.1 | AE101: =K101*AD101 -> 1789.626 | AF101: 0.2 | AG101: =AF101*K101 -> 3579.252
C102: Ведущий специалист | D102: 1 | E102: 5600 | F102: =ROUND(E102*F$12,2) -> 6160 | G102: =F102*1.1*1.1+0.4 -> 7454 | H102: 9212.35 | I102: =H102*$I$12 -> 10133.585 | J102: 10741.6 | K102: =ROUND('26.08.22'!K102*1.04,2) -> 15418.33 | L102: Миронов А.В. | M102: 30 | O102: =ROUND((K102*M102/100),2) -> 4625.5 | P102: =ROUND(K102*1.14,2) -> 17576.9 | Q102: =K102*T102 -> 22202.395 | R102: =K102+O102+P102+Q102 -> 59823.125 | S102: =ROUND(K102*S$12,2) -> 3854.58 | T102: 1.44 | U102: =K102+O102+P102+Q102+S102 -> 63677.705 | V102: =R102*0.87 -> 52046.119 | W102: =U102*0.87 -> 55399.604 | X102: 3 | Z102: =X102-Y102 -> 3 | AA102: =K102*Z102 -> 46254.99 | AB102: =K102*Y102 -> 0 | AD102: 0.1 | AE102: =K102*AD102 -> 1541.833 | AF102: 0.2 | AG102: =AF102*K102 -> 3083.666
C103: Ведущий специалист | D103: 1 | E103: 5600 | F103: =ROUND(E103*F$12,2) -> 6160 | G103: =F103*1.1*1.1+0.4 -> 7454 | H103: 9212.35 | I103: =H103*$I$12 -> 10133.585 | J103: 10741.6 | K103: =ROUND('26.08.22'!K103*1.04,2) -> 15418.33 | L103: Степанов Д.С. | M103: 30 | O103: =ROUND((K103*M103/100),2) -> 4625.5 | P103: =ROUND(K103*1.14,2) -> 17576.9 | Q103: =K103*T103 -> 22202.395 | R103: =K103+O103+P103+Q103 -> 59823.125 | S103: =ROUND(K103*S$12,2) -> 3854.58 | T103: 1.44 | U103: =K103+O103+P103+Q103+S103 -> 63677.705 | V103: =R103*0.87 -> 52046.119 | W103: =U103*0.87 -> 55399.604 | X103: 3 | Y103: 3 | Z103: =X103-Y103 -> 0 | AA103: =K103*Z103 -> 0 | AB103: =K103*Y103 -> 46254.99 | AD103: 0.1 | AE103: =K103*AD103 -> 1541.833 | AF103: 0.2 | AG103: =AF103*K103 -> 3083.666
...

Sheet 14.10.22
P1: Рсшифровка штатного расписания
A2: Территориальный фонд обязательного медицинского | P2: Форма по ОКУД 0301017
A3: страхования Ленинградской области | P3: по ОКПО
P6: "Утверждено"
A7: Штатное расписание по состоянию на 14.10.2022 | O7: Штат в количестве 123,0 единиц
R9: ФОТ мес
A10: Наименование струк.подразделения | B10: КОД | C10: Должность(специальность),разряд,класс (категория) квалификации | D10: Кол-во штатных единиц | E10: Тарифная ставка (оклад) и пр., руб. | F10: Тарифная ставка (оклад) и пр., руб. | G10: Тарифная ставка (оклад) и пр., руб. | H10: Тарифная ставка (оклад) и пр., руб. с 01.01.2012 | I10: Тарифная ставка (оклад) и пр., руб. с 01.09.2012 | K10: Тарифная ставка (оклад) и пр., руб. | L10: Фамилия И.О. | M10: Надбавка за выслугу лет % | N10: Декретный отпуск | O10: Надбавка за выслугу лет, руб. | P10: Надбавка к основному окладу за особ.усл., руб. | Q10: Ежемесячное денежное поощрение, руб. | R10: Всего, руб. | S10: Материальная помощь, руб.(в мес.) | T10: Коэф.ежемес. ден.поощрен. | U10: Всего, руб. | V10: Всего без подоходного налога (гр.11*0,87) | W10: Всего без подоходного налога (гр.14*0,87) | X10: Должно быть | Y10: Факт
A11: 1 | B11: 2 | C11: 3 | D11: 4 | K11: 5 | L11: 6 | M11: 7 | O11: 8 | P11: 9 | Q11: 10 | R11: 11 | S11: 12 | T11: 13 | U11: 14 | V11: 15 | W11: 16
A12: Дирекция ТФОМС ЛО | F12: 1.1 | G12: 1.1 | H12: 1.1 | I12: 1.1 | J12: 1.06 | P12: 1.24 | Q12: 1,14-1,34 | S12: 0.25
C13: Директор | D13: 1 | E13: 12000 | F13: =ROUND(E13*F$12,2) -> 13200 | G13: =F13*1.1*1.1 -> 15972 | H13: 19740.75 | I13: =H13*$I$12 -> 21714.825 | J13: 23017.715 | K13: 33039.22 | L13: Алексеев А.Н. | M13: 30 | O13: =ROUND((K13*M13/100),2) -> 9911.77 | P13: =ROUND(K13*P$12,2) -> 40968.63 | Q13: =K13*T13 -> 44272.555 | R13: =K13+O13+P13+Q13 -> 128192.17 | S13: =ROUND(K13*S$12,2) -> 8259.81 | T13: 1.34 | U13: =K13+O13+P13+Q13+S13 -> 136451.98 | V13: =R13*0.87 -> 111527.19 | W13: =U13*0.87 -> 118713.23 | X13: 3 | Y13: 3 | Z13: =X13-Y13 -> 0 | AA13: =K13*Z13 -> 0 | AB13: =K13*Y13 -> 99117.66 | AD13: 0.1 | AE13: =K13*AD13 -> 3303.922 | AF13: 0.2 | AG13: =AF13*K13 -> 6607.844
C14: 1 зам. директора | D14: 0 | E14: 11500 | F14: =ROUND(E14*F$12,2) -> 12650 | G14: =F14*1.1*1.1+0.5 -> 15307 | H14: 18918.22 | I14: =H14*$I$12 -> 20810.042 | J14: 22058.645 | O14: =ROUND((K14*M14/100),2) -> 0 | P14: =ROUND(K14*P$12,2) -> 0 | Q14: =K14*T14 -> 0 | R14: =K14+O14+P14+Q14 -> 0 | S14: =ROUND(K14*S$12,2) -> 0 | T14: 1.14 | U14: =K14+O14+P14+Q14+S14 -> 0 | V14: =R14*0.87 -> 0 | W14: =U14*0.87 -> 0 | X14: 3 | Y14: 3 | Z14: =X14-Y14 -> 0 | AA14: =K14*Z14 -> 0 | AB14: =K14*Y14 -> 0 | AD14: 0.1 | AE14: =K14*AD14 -> 0 | AF14: 0.2 | AG14: =AF14*K14 -> 0 | AH14: =R14+AG14 -> 0
C15: Помощник диектора | D15: 1 | K15: 17896.26 | L15: Омаров М.М. | M15: 10 | O15: =ROUND((K15*M15/100),2) -> 1789.63 | P15: =ROUND(K15*1.14,2) -> 20401.74 | Q15: =K15*T15 -> 27560.24 | R15: =K15+O15+P15+Q15 -> 67647.87 | S15: =ROUND(K15*S$12,2) -> 4474.07 | T15: 1.54 | U15: =K15+O15+P15+Q15+S15 -> 72121.94 | V15: =R15*0.87 -> 58853.647 | W15: =U15*0.87 -> 62746.088 | X15: 3 | Y15: 3 | Z15: =X15-Y15 -> 0 | AA15: =K15*Z15 -> 0 | AB15: =K15*Y15 -> 53688.78 | AD15: 1.1 | AE15: =K15*AD15 -> 19685.886 | AF15: 1.2 | AG15: =AF15*K15 -> 21475.512 | AH15: =R15+AG15 -> 89123.382
C16: ИТОГО | D16: =SUM(D13:D15) -> 2 | E16: =SUM(E13:E14) -> 23500 | F16: =SUM(F13:F14) -> 25850 | G16: =SUM(G13:G14) -> 31279 | H16: =SUM(H13:H14) -> 38658.97 | I16: =SUM(I13:I14) -> 42524.867 | J16: 45076.359 | K16: =SUM(K13:K15) -> 50935.48 | N16: =SUM(N13:N14) -> 0 | O16: =SUM(O13:O15) -> 11701.4 | P16: =SUM(P13:P15) -> 61370.37 | Q16: =SUM(Q13:Q15) -> 71832.795 | R16: =SUM(R13:R15) -> 195840.05 | S16: =SUM(S13:S15) -> 12733.88 | U16: =SUM(U13:U15) -> 208573.93 | V16: =SUM(V13:V15) -> 170380.84 | W16: =SUM(W13:W15) -> 181459.31 | X16: =SUM(X13:X15) -> 9 | Y16: =SUM(Y13:Y15) -> 9 | Z16: =SUM(Z13:Z15) -> 0 | AA16: =SUM(AA13:AA15) -> 0 | AB16: =SUM(AB13:AB15) -> 152806.44 | ... AH16: =SUM(AH13:AH15) -> 89123.382
A17: Бухгалтерия | P17: 1,14-1,24 | Q17: 1,44-1,64 | AA17: =K17*Z17 -> 0 | AB17: =K17*Y17 -> 0 | AD17: 0.1
C18: Главный бухгалтер | D18: 1 | E18: 8500 | F18: =ROUND(E18*F$12,2) -> 9350 | G18: =F18*1.1*1.1+0.5 -> 11314 | H18: 13983.03 | I18: =H18*$I$12 -> 15381.333 | J18: 16304.213 | K18: 23402.77 | L18: Бондарева О.А. | M18: 30 | O18: =ROUND((K18*M18/100),2) -> 7020.83 | P18: =ROUND(K18*1.24,2) -> 29019.43 | Q18: =K18*T18 -> 38380.543 | R18: =K18+O18+P18+Q18 -> 97823.573 | S18: =ROUND(K18*S$12,2) -> 5850.69 | T18: 1.64 | U18: =K18+O18+P18+Q18+S18 -> 103674.26 | V18: =R18*0.87 -> 85106.508 | W18: =U18*0.87 -> 90196.609 | X18: 3 | Y18: 3 | Z18: =X18-Y18 -> 0 | AA18: =K18*Z18 -> 0 | AB18: =K18*Y18 -> 70208.31 | AD18: 0.1 | AE18: =K18*AD18 -> 2340.277 | AF18: 0.2 | AG18: =AF18*K18 -> 4680.554
C19: Зам. главного бухгалтера | D19: 1 | E19: 7700 | F19: =ROUND(E19*F$12,2) -> 8470 | G19: =F19*1.1*1.1+0.3 -> 10249 | H19: 12666.98 | I19: =H19*$I$12 -> 13933.678 | J19: 14769.699 | K19: 21200.16 | L19: Пуганова Л.И. | M19: 30 | O19: =ROUND((K19*M19/100),2) -> 6360.05 | P19: =ROUND(K19*1.14,2) -> 24168.18 | Q19: =K19*T19 -> 32648.246 | R19: =K19+O19+P19+Q19 -> 84376.636 | S19: =ROUND(K19*S$12,2) -> 5300.04 | T19: 1.54 | U19: =K19+O19+P19+Q19+S19 -> 89676.676 | V19: =R19*0.87 -> 73407.674 | W19: =U19*0.87 -> 78018.708 | X19: 3 | Z19: =X19-Y19 -> 3 | AA19: =K19*Z19 -> 63600.48 | AB19: =K19*Y19 -> 0 | AD19: 0.1 | AE19: =K19*AD19 -> 2120.016 | AF19: 0.2 | AG19: =AF19*K19 -> 4240.032
C20: Главный специалист-бухгалтер | D20: 1 | E20: 6500 | F20: =ROUND(E20*F$12,2) -> 7150 | G20: =F20*1.1*1.1+0.5 -> 8652 | H20: 10692.91 | I20: =H20*$I$12 -> 11762.201 | J20: 12467.933 | K20: 17896.26 | L20: Ятагама Гамаге Л.В. | M20: 30 | O20: =ROUND((K20*M20/100),2) -> 5368.88 | P20: =ROUND(K20*1.14,2) -> 20401.74 | Q20: =K20*T20 -> 27560.24 | R20: =K20+O20+P20+Q20 -> 71227.12 | S20: =ROUND(K20*S$12,2) -> 4474.07 | T20: 1.54 | U20: =K20+O20+P20+Q20+S20 -> 75701.19 | V20: =R20*0.87 -> 61967.595 | W20: =U20*0.87 -> 65860.036 | X20: 3 | Y20: 3 | Z20: =X20-Y20 -> 0 | AA20: =K20*Z20 -> 0 | AB20: =K20*Y20 -> 53688.78 | AD20: 0.1 | AE20: =K20*AD20 -> 1789.626 | AF20: 0.2 | AG20: =AF20*K20 -> 3579.252
C21: Главный специалист-бухгалтер | D21: 1 | E21: 6500 | F21: =ROUND(E21*F$12,2) -> 7150 | G21: =F21*1.1*1.1+0.5 -> 8652 | H21: 10692.91 | I21: =H21*$I$12 -> 11762.201 | J21: 12467.933 | K21: 17896.26 | L21: Кравецкая Л.Г. | M21: 30 | O21: =ROUND((K21*M21/100),2) -> 5368.88 | P21: =ROUND(K21*1.14,2) -> 20401.74 | Q21: =K21*T21 -> 27560.24 | R21: =K21+O21+P21+Q21 -> 71227.12 | S21: =ROUND(K21*S$12,2) -> 4474.07 | T21: 1.54 | U21: =K21+O21+P21+Q21+S21 -> 75701.19 | V21: =R21*0.87 -> 61967.595 | W21: =U21*0.87 -> 65860.036 | X21: 3 | Y21: 2 | Z21: =X21-Y21 -> 1 | AA21: =K21*Z21 -> 17896.26 | AB21: =K21*Y21 -> 35792.52 | AD21: 0.1 | AE21: =K21*AD21 -> 1789.626 | AF21: 0.2 | AG21: =AF21*K21 -> 3579.252
C22: Ведущий специалист-бухгалтер | D22: 1 | E22: 5600 | F22: =ROUND(E22*F$12,2) -> 6160 | G22: =F22*1.1*1.1+0.4 -> 7454 | H22: 9212.35 | I22: =H22*$I$12 -> 10133.585 | J22: 10741.6 | K22: 15418.33 | L22: Гуськова Е.С. | M22: 30 | O22: =ROUND((K22*M22/100),2) -> 4625.5 | P22: =ROUND(K22*1.14,2) -> 17576.9 | Q22: =K22*T22 -> 22202.395 | R22: =K22+O22+P22+Q22 -> 59823.125 | S22: =ROUND(K22*S$12,2) -> 3854.58 | T22: 1.44 | U22: =K22+O22+P22+Q22+S22 -> 63677.705 | V22: =R22*0.87 -> 52046.119 | W22: =U22*0.87 -> 55399.604 | X22: 3 | Y22: 3 | Z22: =X22-Y22 -> 0 | AA22: =K22*Z22 -> 0 | AB22: =K22*Y22 -> 46254.99 | AD22: 0.1 | AE22: =K22*AD22 -> 1541.833 | AF22: 0.2 | AG22: =AF22*K22 -> 3083.666
C23: Главный специалист-бухгалтер | D23: 1 | E23: 5600 | F23: =ROUND(E23*F$12,2) -> 6160 | G23: =F23*1.1*1.1+0.4 -> 7454 | H23: 9212.35 | I23: =H23*$I$12 -> 10133.585 | J23: 10741.6 | K23: 17896.26 | L23: Касаткина Л.В. | M23: 30 | O23: =ROUND((K23*M23/100),2) -> 5368.88 | P23: =ROUND(K23*1.14,2) -> 20401.74 | Q23: =K23*T23 -> 27560.24 | R23: =K23+O23+P23+Q23 -> 71227.12 | S23: =ROUND(K23*S$12,2) -> 4474.07 | T23: 1.54 | U23: =K23+O23+P23+Q23+S23 -> 75701.19 | V23: =R23*0.87 -> 61967.595 | W23: =U23*0.87 -> 65860.036 | X23: 3 | Y23: 3 | Z23: =X23-Y23 -> 0 | AA23: =K23*Z23 -> 0 | AB23: =K23*Y23 -> 53688.78 | AD23: 0.1 | AE23: =K23*AD23 -> 1789.626 | AF23: 0.2 | AG23: =AF23*K23 -> 3579.252
C24: ИТОГО по отделу | D24: =SUM(D18:D23) -> 6 | E24: =SUM(E18:E23) -> 40400 | F24: =SUM(F18:F23) -> 44440 | G24: =SUM(G18:G23) -> 53775 | H24: =SUM(H18:H23) -> 66460.53 | I24: =SUM(I18:I23) -> 73106.583 | J24: 77492.978 | K24: =SUM(K18:K23) -> 113710.04 | N24: =SUM(N18:N23) -> 0 | O24: =SUM(O18:O23) -> 34113.02 | P24: =SUM(P18:P23) -> 131969.73 | Q24: =SUM(Q18:Q23) -> 175911.91 | R24: =SUM(R18:R23) -> 455704.7 | S24: =SUM(S18:S23) -> 28427.52 | T24: =SUM(T18:T23) -> 9.24 | U24: =SUM(U18:U23) -> 484132.22 | ... W24: =SUM(W18:W23) -> 421195.03 | AA24: =K24*Z24 -> 0 | AB24: =K24*Y24 -> 0 | AD24: 0.1 | AE24: =K24*AD24 -> 11371.004 | AF24: 0.2 | AG24: =AF24*K24 -> 22742.008
A25: Департамент финансово-экономической деятельности и учета поступлений финансовых средств ОМС | P25: 1.19 | AA25: =K25*Z25 -> 0 | AB25: =K25*Y25 -> 0 | AD25: 0.1
C26: Заместитель директора-Начальник департамента | D26: 1 | G26: =11616*1.1+0.4 -> 12778 | H26: 15792.6 | I26: =H26*$I$12 -> 17371.86 | J26: 18414.172 | K26: =ROUND('26.08.22'!K26*1.04,2) -> 30285.94 | L26: Селезнева Н.М. | M26: 30 | O26: =ROUND((K26*M26/100),2) -> 9085.78 | P26: =ROUND(K26*1.19,2) -> 36040.27 | Q26: =K26*T26 -> 46640.348 | R26: =K26+O26+P26+Q26 -> 122052.34 | S26: =ROUND(K26*S$12,2) -> 7571.49 | T26: 1.54 | U26: =K26+O26+P26+Q26+S26 -> 129623.83 | V26: =R26*0.87 -> 106185.53 | W26: =U26*0.87 -> 112772.73 | X26: 3 | Y26: 3 | Z26: =X26-Y26 -> 0 | AA26: =K26*Z26 -> 0 | AB26: =K26*Y26 -> 90857.82 | AD26: 0.1 | AE26: =K26*AD26 -> 3028.594 | AF26: 0.2 | AG26: =AF26*K26 -> 6057.188
C27: Зам. начальника департамента | D27: 1 | G27: =10527*1.1+0.3 -> 11580 | H27: 14312.05 | I27: =H27*$I$12 -> 15743.255 | J27: 16687.85 | K27: =ROUND('26.08.22'!K27*1.04,2) -> 23953.47 | L27: Воронкова О.Ю. | M27: 30 | O27: =ROUND((K27*M27/100),2) -> 7186.04 | P27: =ROUND(K27*1.19,2) -> 28504.63 | Q27: =K27*T27 -> 36888.344 | R27: =K27+O27+P27+Q27 -> 96532.484 | S27: =ROUND(K27*S$12,2) -> 5988.37 | T27: 1.54 | U27: =K27+O27+P27+Q27+S27 -> 102520.85 | V27: =R27*0.87 -> 83983.261 | W27: =U27*0.87 -> 89193.143 | X27: 3 | Y27: 3 | Z27: =X27-Y27 -> 0 | AA27: =K27*Z27 -> 0 | AB27: =K27*Y27 -> 71860.41 | AD27: 0.1 | AE27: =K27*AD27 -> 2395.347 | AF27: 0.2 | AG27: =AF27*K27 -> 4790.694
A28: Отдел межтерриториальных расчетов, финансирования и планирования | P28: 1,14-1,24 | Q28: 1,44-1,54 | AA28: =K28*Z28 -> 0 | AB28: =K28*Y28 -> 0 | AD28: 0.1
C29: Начальник отдела | D29: 1 | E29: 8500 | F29: =ROUND(E29*F$12,2) -> 9350 | G29: =9075*1.1+0.5 -> 9983 | H29: 12337.98 | I29: =H29*$I$12 -> 13571.778 | J29: 14386.085 | K29: =ROUND('26.08.22'!K29*1.04,2) -> 23402.77 | L29: Жильцова Л.Н. | M29: 30 | O29: =ROUND((K29*M29/100),2) -> 7020.83 | P29: =ROUND(K29*1.24,2) -> 29019.43 | Q29: =K29*T29 -> 36040.266 | R29: =K29+O29+P29+Q29 -> 95483.296 | S29: =ROUND(K29*S$12,2) -> 5850.69 | T29: 1.54 | U29: =K29+O29+P29+Q29+S29 -> 101333.99 | V29: =R29*0.87 -> 83070.467 | W29: =U29*0.87 -> 88160.568 | X29: 3 | Y29: 3 | Z29: =X29-Y29 -> 0 | AA29: =K29*Z29 -> 0 | AB29: =K29*Y29 -> 70208.31 | AD29: 0.1 | AE29: =K29*AD29 -> 2340.277 | AF29: 0.2 | AG29: =AF29*K29 -> 4680.554
C30: Заместитель начальника отдела | D30: 1 | K30: =ROUND('26.08.22'!K30*1.04,2) -> 21200.16 | L30: Федяшина Н.Г. | M30: 30 | O30: =ROUND((K30*M30/100),2) -> 6360.05 | P30: =ROUND(K30*1.14,2) -> 24168.18 | Q30: =K30*T30 -> 32648.246 | R30: =K30+O30+P30+Q30 -> 84376.636 | S30: =ROUND(K30*S$12,2) -> 5300.04 | T30: 1.54 | U30: =K30+O30+P30+Q30+S30 -> 89676.676 | V30: =R30*0.87 -> 73407.674 | W30: =U30*0.87 -> 78018.708
C31: Главный специалист | D31: 1 | E31: 6500 | F31: =ROUND(E31*F$12,2) -> 7150 | G31: =F31*1.1*1.1+0.5 -> 8652 | H31: 10692.91 | I31: =H31*$I$12 -> 11762.201 | J31: 12467.933 | K31: =ROUND('26.08.22'!K31*1.04,2) -> 17896.26 | L31: Терновская Г.В. | M31: 30 | O31: =ROUND((K31*M31/100),2) -> 5368.88 | P31: =ROUND(K31*1.14,2) -> 20401.74 | Q31: =K31*T31 -> 27560.24 | R31: =K31+O31+P31+Q31 -> 71227.12 | S31: =ROUND(K31*S$12,2) -> 4474.07 | T31: 1.54 | U31: =K31+O31+P31+Q31+S31 -> 75701.19 | V31: =R31*0.87 -> 61967.595 | W31: =U31*0.87 -> 65860.036 | X31: 3 | Y31: 3 | Z31: =X31-Y31 -> 0 | AA31: =K31*Z31 -> 0 | AB31: =K31*Y31 -> 53688.78 | AD31: 0.1 | AE31: =K31*AD31 -> 1789.626 | AF31: 0.2 | AG31: =AF31*K31 -> 3579.252
C32: Главный специалист | D32: 1 | E32: 6500 | F32: =ROUND(E32*F$12,2) -> 7150 | G32: =F32*1.1*1.1+0.5 -> 8652 | H32: 10692.91 | I32: =H32*$I$12 -> 11762.201 | J32: 12467.933 | K32: =ROUND('26.08.22'!K32*1.04,2) -> 17896.26 | L32: Хисматуллина Р.А. | M32: 30 | O32: =ROUND((K32*M32/100),2) -> 5368.88 | P32: =ROUND(K32*1.14,2) -> 20401.74 | Q32: =K32*T32 -> 27560.24 | R32: =K32+O32+P32+Q32 -> 71227.12 | S32: =ROUND(K32*S$12,2) -> 4474.07 | T32: 1.54 | U32: =K32+O32+P32+Q32+S32 -> 75701.19 | V32: =R32*0.87 -> 61967.595 | W32: =U32*0.87 -> 65860.036 | X32: 3 | Y32: 3 | Z32: =X32-Y32 -> 0 | AA32: =K32*Z32 -> 0 | AB32: =K32*Y32 -> 53688.78 | AD32: 0.1 | AE32: =K32*AD32 -> 1789.626 | AF32: 0.2 | AG32: =AF32*K32 -> 3579.252
C33: Главный специалист | D33: 1 | E33: 6500 | F33: =ROUND(E33*F$12,2) -> 7150 | G33: =F33*1.1*1.1+0.5 -> 8652 | H33: 10692.91 | I33: =H33*$I$12 -> 11762.201 | J33: 12467.933 | K33: =ROUND('26.08.22'!K33*1.04,2) -> 17896.26 | L33: Бесклинская Ю.А. | M33: 30 | O33: =ROUND((K33*M33/100),2) -> 5368.88 | P33: =ROUND(K33*1.14,2) -> 20401.74 | Q33: =K33*T33 -> 27560.24 | R33: =K33+O33+P33+Q33 -> 71227.12 | S33: =ROUND(K33*S$12,2) -> 4474.07 | T33: 1.54 | U33: =K33+O33+P33+Q33+S33 -> 75701.19 | V33: =R33*0.87 -> 61967.595 | W33: =U33*0.87 -> 65860.036 | X33: 3 | Y33: 3 | Z33: =X33-Y33 -> 0 | AA33: =K33*Z33 -> 0 | AB33: =K33*Y33 -> 53688.78 | AD33: 0.1 | AE33: =K33*AD33 -> 1789.626 | AF33: 0.2 | AG33: =AF33*K33 -> 3579.252
C34: Главный специалист | D34: 1 | E34: 5600 | F34: 7150 | G34: =F34*1.1*1.1+0.5 -> 8652 | H34: 10692.91 | I34: =H34*$I$12 -> 11762.201 | J34: 12467.933 | K34: =ROUND('26.08.22'!K34*1.04,2) -> 17896.26 | L34: Титишева Г.М. | M34: 30 | O34: =ROUND((K34*M34/100),2) -> 5368.88 | P34: =ROUND(K34*1.14,2) -> 20401.74 | Q34: =K34*T34 -> 27560.24 | R34: =K34+O34+P34+Q34 -> 71227.12 | S34: =ROUND(K34*S$12,2) -> 4474.07 | T34: 1.54 | U34: =K34+O34+P34+Q34+S34 -> 75701.19 | V34: =R34*0.87 -> 61967.595 | W34: =U34*0.87 -> 65860.036 | X34: 3 | Y34: 3 | Z34: =X34-Y34 -> 0 | AA34: =K34*Z34 -> 0 | AB34: =K34*Y34 -> 53688.78 | AD34: 0.1 | AE34: =K34*AD34 -> 1789.626 | AF34: 0.2 | AG34: =AF34*K34 -> 3579.252
C35: Главный специалист | D35: 1 | E35: 5600 | F35: =ROUND(E35*F$12,2) -> 6160 | G35: =F35*1.1*1.1+0.4 -> 7454 | H35: 9212.35 | I35: =H35*$I$12 -> 10133.585 | J35: 10741.6 | K35: =ROUND('26.08.22'!K35*1.04,2) -> 17896.26 | L35: Зобнина Г.И. | M35: 30 | O35: =ROUND((K35*M35/100),2) -> 5368.88 | P35: =ROUND(K35*1.14,2) -> 20401.74 | Q35: =K35*T35 -> 27560.24 | R35: =K35+O35+P35+Q35 -> 71227.12 | S35: =ROUND(K35*S$12,2) -> 4474.07 | T35: 1.54 | U35: =K35+O35+P35+Q35+S35 -> 75701.19 | V35: =R35*0.87 -> 61967.595 | W35: =U35*0.87 -> 65860.036 | X35: 3 | Y35: 3 | Z35: =X35-Y35 -> 0 | AA35: =K35*Z35 -> 0 | AB35: =K35*Y35 -> 53688.78 | AD35: 0.1 | AE35: =K35*AD35 -> 1789.626 | AF35: 0.2 | AG35: =AF35*K35 -> 3579.252
C36: Главный специалист | D36: 1 | E36: 5600 | F36: =ROUND(E36*F$12,2) -> 6160 | G36: =F36*1.1*1.1+0.4 -> 7454 | H36: 9212.35 | I36: =H36*$I$12 -> 10133.585 | J36: 10741.6 | K36: =ROUND('26.08.22'!K36*1.04,2) -> 17896.26 | L36: Бакалец-Ланская Н.Л. | M36: 30 | O36: =ROUND((K36*M36/100),2) -> 5368.88 | P36: =ROUND(K36*1.14,2) -> 20401.74 | Q36: =K36*T36 -> 27560.24 | R36: =K36+O36+P36+Q36 -> 71227.12 | S36: =ROUND(K36*S$12,2) -> 4474.07 | T36: 1.54 | U36: =K36+O36+P36+Q36+S36 -> 75701.19 | V36: =R36*0.87 -> 61967.595 | W36: =U36*0.87 -> 65860.036 | X36: 3 | Y36: 3 | Z36: =X36-Y36 -> 0 | AA36: =K36*Z36 -> 0 | AB36: =K36*Y36 -> 53688.78 | AD36: 0.1 | AE36: =K36*AD36 -> 1789.626 | AF36: 0.2 | AG36: =AF36*K36 -> 3579.252
C37: Главный специалист | D37: 1 | E37: 5600 | F37: =ROUND(E37*F$12,2) -> 6160 | G37: =F37*1.1*1.1+0.4 -> 7454 | H37: 9213.35 | I37: =H37*$I$12 -> 10134.685 | J37: 10741.6 | K37: =ROUND('26.08.22'!K37*1.04,2) -> 17896.26 | L37: Орлов Н.Ю. | M37: 30 | O37: =ROUND((K37*M37/100),2) -> 5368.88 | P37: =ROUND(K37*1.14,2) -> 20401.74 | Q37: =K37*T37 -> 27560.24 | R37: =K37+O37+P37+Q37 -> 71227.12 | S37: =ROUND(K37*S$12,2) -> 4474.07 | T37: 1.54 | U37: =K37+O37+P37+Q37+S37 -> 75701.19 | V37: =R37*0.87 -> 61967.595 | W37: =U37*0.87 -> 65860.036 | X37: 3 | Y37: 3 | Z37: =X37-Y37 -> 0 | AA37: =K37*Z37 -> 0 | AB37: =K37*Y37 -> 53688.78 | AD37: 1.1 | AE37: =K37*AD37 -> 19685.886 | AF37: 1.2 | AG37: =AF37*K37 -> 21475.512
C38: Главный специалист | D38: 1 | E38: 5600 | F38: =ROUND(E38*F$12,2) -> 6160 | G38: =F38*1.1*1.1+0.4 -> 7454 | H38: 9212.35 | I38: =H38*$I$12 -> 10133.585 | J38: 10741.6 | K38: =ROUND('26.08.22'!K38*1.04,2) -> 17896.26 | L38: Сакович И.С. | M38: 20 | O38: =ROUND((K38*M38/100),2) -> 3579.25 | P38: =ROUND(K38*1.14,2) -> 20401.74 | Q38: =K38*T38 -> 27560.24 | R38: =K38+O38+P38+Q38 -> 69437.49 | S38: =ROUND(K38*S$12,2) -> 4474.07 | T38: 1.54 | U38: =K38+O38+P38+Q38+S38 -> 73911.56 | V38: =R38*0.87 -> 60410.617 | W38: =U38*0.87 -> 64303.058 | X38: 3 | Y38: 3 | Z38: =X38-Y38 -> 0 | AA38: =K38*Z38 -> 0 | AB38: =K38*Y38 -> 53688.78 | AD38: 0.1 | AE38: =K38*AD38 -> 1789.626 | AF38: 0.2 | AG38: =AF38*K38 -> 3579.252
C39: Ведущий специалист | D39: 1 | E39: 5600 | F39: =ROUND(E39*F$12,2) -> 6160 | G39: =F39*1.1*1.1+0.4 -> 7454 | H39: 9212.35 | I39: =H39*$I$12 -> 10133.585 | J39: 10741.6 | K39: =ROUND('26.08.22'!K39*1.04,2) -> 15418.33 | L39: Лукьяноа Л.В. | M39: 30 | O39: =ROUND((K39*M39/100),2) -> 4625.5 | P39: =ROUND(K39*1.14,2) -> 17576.9 | Q39: =K39*T39 -> 22202.395 | R39: =K39+O39+P39+Q39 -> 59823.125 | S39: =ROUND(K39*S$12,2) -> 3854.58 | T39: 1.44 | U39: =K39+O39+P39+Q39+S39 -> 63677.705 | V39: =R39*0.87 -> 52046.119 | W39: =U39*0.87 -> 55399.604 | X39: 3 | Y39: 3 | Z39: Коровко О.Н.
C40: Ведущий специалист | D40: 1 | K40: =ROUND('26.08.22'!K40*1.04,2) -> 15418.33 | L40: Азаренко Д.А. | M40: 15 | O40: =ROUND((K40*M40/100),2) -> 2312.75 | P40: =ROUND(K40*1.14,2) -> 17576.9 | Q40: =K40*T40 -> 22202.395 | R40: =K40+O40+P40+Q40 -> 57510.375 | S40: =ROUND(K40*S$12,2) -> 3854.58 | T40: 1.44 | U40: =K40+O40+P40+Q40+S40 -> 61364.955 | V40: =R40*0.87 -> 50034.026 | W40: =U40*0.87 -> 53387.511
C41: ИТОГО по отделу | D41: =SUM(D29:D40) -> 12 | G41: =SUM(G29:G36) -> 59499 | H41: =SUM(H29:H36) -> 73534.32 | I41: =SUM(I29:I36) -> 80887.752 | J41: 87467.35 | K41: =SUM(K29:K40) -> 218609.67 | N41: =SUM(N29:N36) -> 0 | O41: =SUM(O29:O40) -> 61480.54 | P41: =SUM(P29:P40) -> 251555.33 | Q41: =SUM(Q29:Q40) -> 333575.23 | R41: =SUM(R29:R40) -> 865220.77 | S41: =SUM(S29:S40) -> 54652.45 | T41: =SUM(T29:T40) -> 18.28 | U41: =SUM(U29:U40) -> 919873.22 | V41: =SUM(V29:V40) -> 752742.07 | W41: =SUM(W29:W40) -> 800289.7 | Z41: =X41-Y41 -> 0 | AA41: =K41*Z41 -> 0 | AB41: =K41*Y41 -> 0 | AD41: 0.1 | AE41: =K41*AD41 -> 21860.967 | AF41: 0.2 | AG41: =AF41*K41 -> 43721.934
A42: Отдел учета поступлений финансовых средств ОМС и взаимодействия со СМО | P42: 1,14-1,24 | Z42: =X42-Y42 -> 0 | AA42: =K42*Z42 -> 0 | AB42: =K42*Y42 -> 0 | AD42: 0.1
C43: Начальник отдела | D43: 1 | E43: 8500 | F43: =ROUND(E43*F$12,2) -> 9350 | G43: =9075*1.1+0.5 -> 9983 | H43: 12337.98 | I43: =H43*$I$12 -> 13571.778 | J43: 14386.085 | K43: =ROUND('26.08.22'!K43*1.04,2) -> 23402.77 | L43: Токарева Е.В. | M43: 30 | O43: =ROUND((K43*M43/100),2) -> 7020.83 | P43: =ROUND(K43*1.24,2) -> 29019.43 | Q43: =K43*T43 -> 36040.266 | R43: =K43+O43+P43+Q43 -> 95483.296 | S43: =ROUND(K43*S$12,2) -> 5850.69 | T43: 1.54 | U43: =K43+O43+P43+Q43+S43 -> 101333.99 | V43: =R43*0.87 -> 83070.467 | W43: =U43*0.87 -> 88160.568 | X43: 3 | Y43: 3 | Z43: =X43-Y43 -> 0 | AA43: =K43*Z43 -> 0 | AB43: =K43*Y43 -> 70208.31 | AD43: 0.1 | AE43: =K43*AD43 -> 2340.277 | AF43: 0.2 | AG43: =AF43*K43 -> 4680.554
C44: Заместитель начальника отдела | D44: 1 | E44: 5600 | F44: =ROUND(E44*F$12,2) -> 6160 | G44: =F44*1.1*1.1+0.4 -> 7454 | H44: 9212.35 | I44: =H44*$I$12 -> 10133.585 | J44: 10741.6 | K44: =ROUND('26.08.22'!K44*1.04,2) -> 21200.16 | L44: Бурмистрова А.В. | M44: 15 | O44: =ROUND((K44*M44/100),2) -> 3180.02 | P44: =ROUND(K44*1.14,2) -> 24168.18 | Q44: =K44*T44 -> 32648.246 | R44: =K44+O44+P44+Q44 -> 81196.606 | S44: =ROUND(K44*S$12,2) -> 5300.04 | T44: 1.54 | U44: =K44+O44+P44+Q44+S44 -> 86496.646 | V44: =R44*0.87 -> 70641.048 | W44: =U44*0.87 -> 75252.082
C45: Главный специалист | D45: 1 | E45: 6500 | F45: =ROUND(E45*F$12,2) -> 7150 | G45: =F45*1.1*1.1+0.5 -> 8652 | H45: 10692.91 | I45: =H45*$I$12 -> 11762.201 | J45: 12467.933 | K45: =ROUND('26.08.22'!K45*1.04,2) -> 17896.26 | L45: Кобец Е.В. | M45: 30 | O45: =ROUND((K45*M45/100),2) -> 5368.88 | P45: =ROUND(K45*1.14,2) -> 20401.74 | Q45: =K45*T45 -> 27560.24 | R45: =K45+O45+P45+Q45 -> 71227.12 | S45: =ROUND(K45*S$12,2) -> 4474.07 | T45: 1.54 | U45: =K45+O45+P45+Q45+S45 -> 75701.19 | V45: =R45*0.87 -> 61967.595 | W45: =U45*0.87 -> 65860.036 | X45: 3 | Y45: 3 | Z45: =X45-Y45 -> 0 | AA45: =K45*Z45 -> 0 | AB45: =K45*Y45 -> 53688.78 | AD45: 0.1 | AE45: =K45*AD45 -> 1789.626 | AF45: 0.2 | AG45: =AF45*K45 -> 3579.252
C46: Ведущий специалист | D46: 1 | E46: 5600 | F46: =ROUND(E46*F$12,2) -> 6160 | G46: =F46*1.1*1.1+0.4 -> 7454 | H46: 9212.35 | I46: =H46*$I$12 -> 10133.585 | J46: 10741.6 | K46: =ROUND('26.08.22'!K46*1.04,2) -> 15418.33 | L46: Короткова М.А. | M46: 30 | O46: =ROUND((K46*M46/100),2) -> 4625.5 | P46: =ROUND(K46*1.14,2) -> 17576.9 | Q46: =K46*T46 -> 22202.395 | R46: =K46+O46+P46+Q46 -> 59823.125 | S46: =ROUND(K46*S$12,2) -> 3854.58 | T46: 1.44 | U46: =K46+O46+P46+Q46+S46 -> 63677.705 | V46: =R46*0.87 -> 52046.119 | W46: =U46*0.87 -> 55399.604 | X46: 3 | Y46: 3 | Z46: =X46-Y46 -> 0 | AA46: =K46*Z46 -> 0 | AB46: =K46*Y46 -> 46254.99 | AD46: 0.1 | AE46: =K46*AD46 -> 1541.833 | AF46: 0.2 | AG46: =AF46*K46 -> 3083.666
C47: Главный специалист | D47: 1 | E47: 6500 | F47: =ROUND(E47*F$12,2) -> 7150 | G47: =F47*1.1*1.1+0.5 -> 8652 | H47: 10692.91 | I47: =H47*$I$12 -> 11762.201 | J47: 12467.933 | K47: =ROUND('26.08.22'!K47*1.04,2) -> 17896.26 | L47: Сотников Д.Ю. | M47: 30 | O47: =ROUND((K47*M47/100),2) -> 5368.88 | P47: =ROUND(K47*1.14,2) -> 20401.74 | Q47: =K47*T47 -> 27560.24 | R47: =K47+O47+P47+Q47 -> 71227.12 | S47: =ROUND(K47*S$12,2) -> 4474.07 | T47: 1.54 | U47: =K47+O47+P47+Q47+S47 -> 75701.19 | V47: =R47*0.87 -> 61967.595 | W47: =U47*0.87 -> 65860.036 | X47: 3 | Y47: 3 | Z47: =X47-Y47 -> 0 | AA47: =K47*Z47 -> 0 | AB47: =K47*Y47 -> 53688.78 | AD47: 0.1 | AE47: =K47*AD47 -> 1789.626 | AF47: 0.2 | AG47: =AF47*K47 -> 3579.252
C48: Главный специалист | D48: 1 | E48: 5600 | F48: =ROUND(E48*F$12,2) -> 6160 | G48: =F48*1.1*1.1+0.4 -> 7454 | H48: 9212.35 | I48: =H48*$I$12 -> 10133.585 | J48: 10741.6 | K48: =ROUND('26.08.22'!K48*1.04,2) -> 17896.26 | L48: Осадчая О.Ю. | M48: 30 | O48: =ROUND((K48*M48/100),2) -> 5368.88 | P48: =ROUND(K48*1.14,2) -> 20401.74 | Q48: =K48*T48 -> 27560.24 | R48: =K48+O48+P48+Q48 -> 71227.12 | S48: =ROUND(K48*S$12,2) -> 4474.07 | T48: 1.54 | U48: =K48+O48+P48+Q48+S48 -> 75701.19 | V48: =R48*0.87 -> 61967.595 | W48: =U48*0.87 -> 65860.036 | X48: 3 | Y48: 3 | Z48: =X48-Y48 -> 0 | AA48: =K48*Z48 -> 0 | AB48: =K48*Y48 -> 53688.78 | AD48: 0.1 | AE48: =K48*AD48 -> 1789.626 | AF48: 0.2 | AG48: =AF48*K48 -> 3579.252
C49: Главный специалист | D49: 1 | E49: 5600 | F49: =ROUND(E49*F$12,2) -> 6160 | G49: =F49*1.1*1.1+0.4 -> 7454 | H49: 9213.35 | I49: =H49*$I$12 -> 10134.685 | J49: 10741.6 | K49: =ROUND('26.08.22'!K49*1.04,2) -> 17896.26 | L49: Коровко О.Н. | M49: 30 | O49: =ROUND((K49*M49/100),2) -> 5368.88 | P49: =ROUND(K49*1.14,2) -> 20401.74 | Q49: =K49*T49 -> 27560.24 | R49: =K49+O49+P49+Q49 -> 71227.12 | S49: =ROUND(K49*S$12,2) -> 4474.07 | T49: 1.54 | U49: =K49+O49+P49+Q49+S49 -> 75701.19 | V49: =R49*0.87 -> 61967.595 | W49: =U49*0.87 -> 65860.036 | X49: 3 | Y49: 3 | Z49: =X49-Y49 -> 0 | AA49: =K49*Z49 -> 0 | AB49: =K49*Y49 -> 53688.78 | AD49: 1.1 | AE49: =K49*AD49 -> 19685.886 | AF49: 1.2 | AG49: =AF49*K49 -> 21475.512
C50: ИТОГО по отделу | D50: =SUM(D43:D48)+D49 -> 7 | E50: =SUM(E29:E48) -> 99900 | F50: =SUM(F29:F48) -> 110880 | G50: =SUM(G43:G48) -> 49649 | H50: =SUM(H43:H48) -> 61360.85 | I50: =SUM(I43:I48) -> 67496.935 | J50: 71546.751 | K50: =SUM(K43:K49) -> 131606.3 | N50: =SUM(N43:N48) -> 0 | O50: =SUM(O43:O49) -> 36301.87 | P50: =SUM(P43:P49) -> 152371.47 | Q50: =SUM(Q43:Q49) -> 201131.87 | R50: =SUM(R43:R49) -> 521411.51 | S50: =SUM(S43:S49) -> 32901.59 | T50: =SUM(T43:T49) -> 10.68 | U50: =SUM(U43:U49) -> 554313.1 | V50: =SUM(V43:V49) -> 453628.01 | ... AG50: =SUM(AG43:AG49) -> 39977.488
C51: ИТОГО по департаменту | D51: =D26+D27+D41+D50 -> 21 | G51: =G26+G27+G41+G50 -> 133506 | H51: =H26+H27+H41+H50 -> 164999.82 | I51: =I26+I27+I41+I50 -> 181499.8 | J51: 194116.12 | K51: =K26+K27+K41+K50 -> 404455.38 | N51: =N26+N27+N41+N50 -> 0 | O51: =O26+O27+O41+O50 -> 114054.23 | P51: =P26+P27+P41+P50 -> 468471.7 | Q51: =Q26+Q27+Q41+Q50 -> 618235.79 | R51: =R26+R27+R41+R50 -> 1605217.1 | S51: =S26+S27+S41+S50 -> 101113.9 | T51: =T26+T27+T41+T50 -> 32.04 | U51: =U26+U27+U41+U50 -> 1706331 | ... W51: =W26+W27+W41+W50 -> 1484508 | AA51: =K51*Z51 -> 0 | AB51: =K51*Y51 -> 0 | AD51: 0.1 | AE51: =K51*AD51 -> 40445.538 | AF51: 0.2 | AG51: =AF51*K51 -> 80891.076
A52: Юридический отдел | P52: 1,14-1,24 | AA52: =K52*Z52 -> 0 | AB52: =K52*Y52 -> 0 | AD52: 0.1
C53: Начальник отдела | D53: 1 | E53: 8500 | F53: =ROUND(E53*F$12,2) -> 9350 | G53: =F53*1.1*1.1+0.5 -> 11314 | H53: 13983.03 | I53: =H53*$I$12 -> 15381.333 | J53: 16304.213 | K53: =ROUND('26.08.22'!K53*1.04,2) -> 23402.77 | L53: Рябова Л.В. | M53: 30 | O53: =ROUND((K53*M53/100),2) -> 7020.83 | P53: =ROUND(K53*1.24,2) -> 29019.43 | Q53: =K53*T53 -> 36040.266 | R53: =K53+O53+P53+Q53 -> 95483.296 | S53: =ROUND(K53*S$12,2) -> 5850.69 | T53: 1.54 | U53: =K53+O53+P53+Q53+S53 -> 101333.99 | V53: =R53*0.87 -> 83070.467 | W53: =U53*0.87 -> 88160.568 | X53: 3 | Y53: 3 | Z53: =X53-Y53 -> 0 | AA53: =K53*Z53 -> 0 | AB53: =K53*Y53 -> 70208.31 | AD53: 0.1 | AE53: =K53*AD53 -> 2340.277 | AF53: 0.2 | AG53: =AF53*K53 -> 4680.554
C54: Юрисконсульт* | D54: 1 | E54: 6500 | F54: =ROUND(E54*F$12,2) -> 7150 | G54: =F54*1.1*1.1+0.5 -> 8652 | H54: 10692.91 | I54: =H54*$I$12 -> 11762.201 | J54: 12467.933 | K54: =ROUND('26.08.22'!K54*1.04,2) -> 17896.26 | L54: Зеленская Е.Л. | M54: 30 | O54: =ROUND((K54*M54/100),2) -> 5368.88 | P54: =ROUND(K54*1.14,2) -> 20401.74 | Q54: =K54*T54 -> 27560.24 | R54: =K54+O54+P54+Q54 -> 71227.12 | S54: =ROUND(K54*S$12,2) -> 4474.07 | T54: 1.54 | U54: =K54+O54+P54+Q54+S54 -> 75701.19 | V54: =R54*0.87 -> 61967.595 | W54: =U54*0.87 -> 65860.036 | X54: 3 | Y54: 3 | Z54: =X54-Y54 -> 0 | AA54: =K54*Z54 -> 0 | AB54: =K54*Y54 -> 53688.78 | AD54: 0.1 | AE54: =K54*AD54 -> 1789.626 | AF54: 0.2 | AG54: =AF54*K54 -> 3579.252
C55: ИТОГО по отделу | D55: =SUM(D53:D54) -> 2 | E55: =SUM(E53:E54) -> 15000 | F55: =SUM(F53:F54) -> 16500 | G55: =SUM(G53:G54) -> 19966 | H55: =SUM(H53:H54) -> 24675.94 | I55: =SUM(I53:I54) -> 27143.534 | J55: 28772.146 | K55: =SUM(K53:K54) -> 41299.03 | N55: =SUM(N53:N54) -> 0 | O55: =SUM(O53:O54) -> 12389.71 | P55: =SUM(P53:P54) -> 49421.17 | Q55: =SUM(Q53:Q54) -> 63600.506 | R55: =SUM(R53:R54) -> 166710.42 | S55: =SUM(S53:S54) -> 10324.76 | T55: =SUM(T53:T54) -> 3.08 | U55: =SUM(U53:U54) -> 177035.18 | ... W55: =SUM(W53:W54) -> 154020.6 | AA55: =K55*Z55 -> 0 | AB55: =K55*Y55 -> 0 | AD55: 0.1 | AE55: =K55*AD55 -> 4129.903 | AF55: 0.2 | AG55: =AF55*K55 -> 8259.806
A56: Департамент организации обязательного медицинского страхования | P56: 1.19 | AA56: =K56*Z56 -> 0 | AB56: =K56*Y56 -> 0 | AD56: 0.1
C57: Заместитель директора-Начальник департамента | D57: 1 | E57: 9600 | F57: =ROUND(E57*F$12,2) -> 10560 | G57: =F57*1.1*1.1+0.4 -> 12778 | H57: 15792.6 | I57: =H57*$I$12 -> 17371.86 | J57: 18414.172 | K57: =ROUND('26.08.22'!K57*1.04,2) -> 30285.94 | L57: Рыжкова С.П. | M57: 30 | O57: =ROUND((K57*M57/100),2) -> 9085.78 | P57: =ROUND(K57*1.19,2) -> 36040.27 | Q57: =K57*T57 -> 46640.348 | R57: =K57+O57+P57+Q57 -> 122052.34 | S57: =ROUND(K57*S$12,2) -> 7571.49 | T57: 1.54 | U57: =K57+O57+P57+Q57+S57 -> 129623.83 | V57: =R57*0.87 -> 106185.53 | W57: =U57*0.87 -> 112772.73 | X57: 3 | Z57: =X57-Y57 -> 3 | AA57: =K57*Z57 -> 90857.82 | AB57: =K57*Y57 -> 0 | AD57: 0.1 | AE57: =K57*AD57 -> 3028.594 | AF57: 0.2 | AG57: =AF57*K57 -> 6057.188
C58: Зам. начальника департамента,врач-эксперт | D58: 1 | E58: 8700 | F58: =ROUND(E58*F$12,2) -> 9570 | G58: =F58*1.1*1.1+0.3 -> 11580 | H58: 14312.05 | I58: =H58*$I$12 -> 15743.255 | J58: 16687.85 | K58: =ROUND('26.08.22'!K58*1.04,2) -> 23953.47 | L58: Захарова А.В. | M58: 15 | O58: =ROUND((K58*M58/100),2) -> 3593.02 | P58: =ROUND(K58*1.19,2) -> 28504.63 | Q58: =K58*T58 -> 36888.344 | R58: =K58+O58+P58+Q58 -> 92939.464 | S58: =ROUND(K58*S$12,2) -> 5988.37 | T58: 1.54 | U58: =K58+O58+P58+Q58+S58 -> 98927.834 | V58: =R58*0.87 -> 80857.334 | W58: =U58*0.87 -> 86067.215 | X58: 3 | Y58: 0 | Z58: =X58-Y58 -> 3 | AA58: =K58*Z58 -> 71860.41 | AB58: =K58*Y58 -> 0 | AD58: 0.1 | AE58: =K58*AD58 -> 2395.347 | AF58: 0.2 | AG58: =AF58*K58 -> 4790.694
A59: Отдел контроля качества медицинской помощи и защиты прав застрахованных | P59: 1,14-1,24 | AA59: =K59*Z59 -> 0 | AB59: =K59*Y59 -> 0 | AD59: 0.1
C60: Начальник отдела | D60: 1 | E60: 8500 | F60: 8250 | G60: =F60*1.1*1.1+0.5 -> 9983 | H60: 12337.98 | I60: =H60*$I$12 -> 13571.778 | J60: 14386.085 | K60: =ROUND('26.08.22'!K60*1.04,2) -> 23402.77 | L60: Рабочий С.И. | M60: 30 | O60: =ROUND((K60*M60/100),2) -> 7020.83 | P60: =ROUND(K60*1.24,2) -> 29019.43 | Q60: =K60*T60 -> 36040.266 | R60: =K60+O60+P60+Q60 -> 95483.296 | S60: =ROUND(K60*S$12,2) -> 5850.69 | T60: 1.54 | U60: =K60+O60+P60+Q60+S60 -> 101333.99 | V60: =R60*0.87 -> 83070.467 | W60: =U60*0.87 -> 88160.568 | X60: 3 | Y60: 2 | Z60: =X60-Y60 -> 1 | AA60: =K60*Z60 -> 23402.77 | AB60: =K60*Y60 -> 46805.54 | AD60: 0.1 | AE60: =K60*AD60 -> 2340.277 | AF60: 0.2 | AG60: =AF60*K60 -> 4680.554
C61: Заместитель начальника отдела | D61: 1 | H61: 10692.91 | I61: =H61*$I$12 -> 11762.201 | J61: 12467.933 | K61: =ROUND('26.08.22'!K61*1.04,2) -> 21200.16 | L61: Мочалова Е.Д. | M61: 20 | O61: =ROUND((K61*M61/100),2) -> 4240.03 | P61: =ROUND(K61*1.14,2) -> 24168.18 | Q61: =K61*T61 -> 32648.246 | R61: =K61+O61+P61+Q61 -> 82256.616 | S61: =ROUND(K61*S$12,2) -> 5300.04 | T61: 1.54 | U61: =K61+O61+P61+Q61+S61 -> 87556.656 | V61: =R61*0.87 -> 71563.256 | W61: =U61*0.87 -> 76174.291 | X61: 3 | Y61: 3 | Z61: =X61-Y61 -> 0 | AA61: =K61*Z61 -> 0 | AB61: =K61*Y61 -> 63600.48 | AD61: 0.1 | AE61: =K61*AD61 -> 2120.016 | AF61: 0.2 | AG61: =AF61*K61 -> 4240.032
C62: Главный специалист-врач-эксперт | D62: 1 | E62: 6500 | F62: =ROUND(E62*F$12,2) -> 7150 | G62: =F62*1.1*1.1+0.5 -> 8652 | H62: 10692.91 | I62: =H62*$I$12 -> 11762.201 | J62: 12467.933 | K62: =ROUND('26.08.22'!K62*1.04,2) -> 17896.26 | L62: Завьялова С.В. | M62: 15 | O62: =ROUND((K62*M62/100),2) -> 2684.44 | P62: =ROUND(K62*1.14,2) -> 20401.74 | Q62: =K62*T62 -> 27560.24 | R62: =K62+O62+P62+Q62 -> 68542.68 | S62: =ROUND(K62*S$12,2) -> 4474.07 | T62: 1.54 | U62: =K62+O62+P62+Q62+S62 -> 73016.75 | V62: =R62*0.87 -> 59632.132 | W62: =U62*0.87 -> 63524.573 | X62: 3 | Z62: =X62-Y62 -> 3 | AA62: =K62*Z62 -> 53688.78 | AB62: =K62*Y62 -> 0 | AD62: 0.1 | AE62: =K62*AD62 -> 1789.626 | AF62: 0.2 | AG62: =AF62*K62 -> 3579.252
C63: Главный специалист-врач-эксперт | D63: 1 | E63: 6500 | F63: =ROUND(E63*F$12,2) -> 7150 | G63: =F63*1.1*1.1+0.5 -> 8652 | H63: 10692.91 | I63: =H63*$I$12 -> 11762.201 | J63: 12467.933 | K63: =ROUND('26.08.22'!K63*1.04,2) -> 17896.26 | L63: Сальков А.В. | M63: 30 | O63: =ROUND((K63*M63/100),2) -> 5368.88 | P63: =ROUND(K63*1.14,2) -> 20401.74 | Q63: =K63*T63 -> 27560.24 | R63: =K63+O63+P63+Q63 -> 71227.12 | S63: =ROUND(K63*S$12,2) -> 4474.07 | T63: 1.54 | U63: =K63+O63+P63+Q63+S63 -> 75701.19 | V63: =R63*0.87 -> 61967.595 | W63: =U63*0.87 -> 65860.036 | X63: 3 | Y63: 3 | Z63: =X63-Y63 -> 0 | AA63: =K63*Z63 -> 0 | AB63: =K63*Y63 -> 53688.78 | AD63: 0.1 | AE63: =K63*AD63 -> 1789.626 | AF63: 0.2 | AG63: =AF63*K63 -> 3579.252
C64: Главный специалист | D64: 1 | E64: 6500 | F64: =ROUND(E64*F$12,2) -> 7150 | G64: =F64*1.1*1.1+0.5 -> 8652 | H64: 10692.91 | I64: =H64*$I$12 -> 11762.201 | J64: 12467.933 | K64: =ROUND('26.08.22'!K64*1.04,2) -> 17896.26 | L64: Черноног О.А. | M64: 30 | O64: =ROUND((K64*M64/100),2) -> 5368.88 | P64: =ROUND(K64*1.14,2) -> 20401.74 | Q64: =K64*T64 -> 27560.24 | R64: =K64+O64+P64+Q64 -> 71227.12 | S64: =ROUND(K64*S$12,2) -> 4474.07 | T64: 1.54 | U64: =K64+O64+P64+Q64+S64 -> 75701.19 | V64: =R64*0.87 -> 61967.595 | W64: =U64*0.87 -> 65860.036 | X64: 3 | Y64: 3 | Z64: =X64-Y64 -> 0 | AA64: =K64*Z64 -> 0 | AB64: =K64*Y64 -> 53688.78 | AD64: 0.1 | AE64: =K64*AD64 -> 1789.626 | AF64: 0.2 | AG64: =AF64*K64 -> 3579.252
C65: Главный специалист | D65: 1 | H65: 10692.91 | I65: =H65*$I$12 -> 11762.201 | J65: 12467.933 | K65: =ROUND('26.08.22'!K65*1.04,2) -> 17896.26 | L65: Калошина И.А. | M65: 15 | O65: =ROUND((K65*M65/100),2) -> 2684.44 | P65: =ROUND(K65*1.14,2) -> 20401.74 | Q65: =K65*T65 -> 27560.24 | R65: =K65+O65+P65+Q65 -> 68542.68 | S65: =ROUND(K65*S$12,2) -> 4474.07 | T65: 1.54 | U65: =K65+O65+P65+Q65+S65 -> 73016.75 | V65: =R65*0.87 -> 59632.132 | W65: =U65*0.87 -> 63524.573 | X65: 3 | Y65: 0 | Z65: =X65-Y65 -> 3 | AA65: =K65*Z65 -> 53688.78 | AB65: =K65*Y65 -> 0 | AD65: 0.1 | AE65: =K65*AD65 -> 1789.626 | AF65: 0.2 | AG65: =AF65*K65 -> 3579.252
C66: Главный специалист-врач-эксперт | D66: 1 | J66: 12467.933 | K66: =ROUND('26.08.22'!K66*1.04,2) -> 17896.26 | L66: Спирина Г.В. | M66: 30 | O66: =ROUND((K66*M66/100),2) -> 5368.88 | P66: =ROUND(K66*1.14,2) -> 20401.74 | Q66: =K66*T66 -> 27560.24 | R66: =K66+O66+P66+Q66 -> 71227.12 | S66: =ROUND(K66*S$12,2) -> 4474.07 | T66: 1.54 | U66: =K66+O66+P66+Q66+S66 -> 75701.19 | V66: =R66*0.87 -> 61967.595 | W66: =U66*0.87 -> 65860.036 | X66: 3 | Y66: 3 | Z66: =X66-Y66 -> 0 | AA66: =K66*Z66 -> 0 | AB66: =K66*Y66 -> 53688.78 | AD66: 0.1 | AE66: =K66*AD66 -> 1789.626 | AF66: 0.2 | AG66: =AF66*K66 -> 3579.252
C67: Главный специалист-врач-эксперт | D67: 1 | J67: 12467.933 | K67: =ROUND('26.08.22'!K67*1.04,2) -> 17896.26 | L67: Мишков А.Н. | M67: 30 | O67: =ROUND((K67*M67/100),2) -> 5368.88 | P67: =ROUND(K67*1.14,2) -> 20401.74 | Q67: =K67*T67 -> 27560.24 | R67: =K67+O67+P67+Q67 -> 71227.12 | S67: =ROUND(K67*S$12,2) -> 4474.07 | T67: 1.54 | U67: =K67+O67+P67+Q67+S67 -> 75701.19 | V67: =R67*0.87 -> 61967.595 | W67: =U67*0.87 -> 65860.036 | X67: 3 | Y67: 3 | Z67: =X67-Y67 -> 0 | AA67: =K67*Z67 -> 0 | AB67: =K67*Y67 -> 53688.78 | AD67: 0.1 | AE67: =K67*AD67 -> 1789.626 | AF67: 0.2 | AG67: =AF67*K67 -> 3579.252
C68: Главный специалист-врач-эксперт | D68: 1 | K68: =ROUND('26.08.22'!K68*1.04,2) -> 17896.26 | L68: Шмаков И.В. | M68: 30 | O68: =ROUND((K68*M68/100),2) -> 5368.88 | P68: =ROUND(K68*1.14,2) -> 20401.74 | Q68: =K68*T68 -> 27560.24 | R68: =K68+O68+P68+Q68 -> 71227.12 | S68: =ROUND(K68*S$12,2) -> 4474.07 | T68: 1.54 | U68: =K68+O68+P68+Q68+S68 -> 75701.19 | V68: =R68*0.87 -> 61967.595 | W68: =U68*0.87 -> 65860.036
C69: Главный специалист-врач-эксперт | D69: 1 | H69: 9212.35 | I69: =H69*$I$12 -> 10133.585 | J69: 10741.6 | K69: =ROUND('26.08.22'!K69*1.04,2) -> 17896.26 | L69: Решетникова С. Л. | M69: 30 | O69: =ROUND((K69*M69/100),2) -> 5368.88 | P69: =ROUND(K69*1.14,2) -> 20401.74 | Q69: =K69*T69 -> 27560.24 | R69: =K69+O69+P69+Q69 -> 71227.12 | S69: =ROUND(K69*S$12,2) -> 4474.07 | T69: 1.54 | U69: =K69+O69+P69+Q69+S69 -> 75701.19 | V69: =R69*0.87 -> 61967.595 | W69: =U69*0.87 -> 65860.036 | X69: 3 | Y69: 3 | Z69: =X69-Y69 -> 0 | AA69: =K69*Z69 -> 0 | AB69: =K69*Y69 -> 53688.78 | AD69: 0.1 | AE69: =K69*AD69 -> 1789.626 | AF69: 0.2 | AG69: =AF69*K69 -> 3579.252
C70: Главный специалист-врач-эксперт | D70: 1 | H70: 9212.35 | I70: =H70*$I$12 -> 10133.585 | J70: 10741.6 | K70: =ROUND('26.08.22'!K70*1.04,2) -> 17896.26 | L70: Братчева И.В. | M70: 30 | O70: =ROUND((K70*M70/100),2) -> 5368.88 | P70: =ROUND(K70*1.14,2) -> 20401.74 | Q70: =K70*T70 -> 27560.24 | R70: =K70+O70+P70+Q70 -> 71227.12 | S70: =ROUND(K70*S$12,2) -> 4474.07 | T70: 1.54 | U70: =K70+O70+P70+Q70+S70 -> 75701.19 | V70: =R70*0.87 -> 61967.595 | W70: =U70*0.87 -> 65860.036 | X70: 3 | Y70: 0 | Z70: =X70-Y70 -> 3 | AA70: =K70*Z70 -> 53688.78 | AB70: =K70*Y70 -> 0 | AD70: 0.1 | AE70: =K70*AD70 -> 1789.626 | AF70: 0.2 | AG70: =AF70*K70 -> 3579.252
C71: Главный специалист | D71: 1 | K71: =ROUND('26.08.22'!K71*1.04,2) -> 17896.26 | L71: Клюкина Г.Н. | M71: 20 | O71: =ROUND((K71*M71/100),2) -> 3579.25 | P71: =ROUND(K71*1.14,2) -> 20401.74 | Q71: =K71*T71 -> 27560.24 | R71: =K71+O71+P71+Q71 -> 69437.49 | S71: =ROUND(K71*S$12,2) -> 4474.07 | T71: 1.54 | U71: =K71+O71+P71+Q71+S71 -> 73911.56 | V71: =R71*0.87 -> 60410.617 | W71: =U71*0.87 -> 64303.058 | X71: 3 | Y71: 3 | Z71: =X71-Y71 -> 0 | AA71: =K71*Z71 -> 0 | AB71: =K71*Y71 -> 53688.78 | AD71: 0.1 | AE71: =K71*AD71 -> 1789.626 | AF71: 0.2 | AG71: =AF71*K71 -> 3579.252
C72: Главный специалист | D72: 1 | H72: 9212.35 | I72: =H72*$I$12 -> 10133.585 | J72: 10741.6 | K72: =ROUND('26.08.22'!K72*1.04,2) -> 17896.26 | L72: Кузнецова И.Г. | M72: 30 | O72: =ROUND((K72*M72/100),2) -> 5368.88 | P72: =ROUND(K72*1.14,2) -> 20401.74 | Q72: =K72*T72 -> 27560.24 | R72: =K72+O72+P72+Q72 -> 71227.12 | S72: =ROUND(K72*S$12,2) -> 4474.07 | T72: 1.54 | U72: =K72+O72+P72+Q72+S72 -> 75701.19 | V72: =R72*0.87 -> 61967.595 | W72: =U72*0.87 -> 65860.036 | X72: 3 | Z72: =X72-Y72 -> 3 | AA72: =K72*Z72 -> 53688.78 | AB72: =K72*Y72 -> 0 | AD72: 0.1 | AE72: =K72*AD72 -> 1789.626 | AF72: 0.2 | AG72: =AF72*K72 -> 3579.252
C73: Ведущий специалист | D73: 0 | K73: =ROUND('26.08.22'!K73*1.04,2) -> 0 | M73: 10 | O73: =ROUND((K73*M73/100),2) -> 0 | P73: =ROUND(K73*1.14,2) -> 0 | Q73: =K73*T73 -> 0 | R73: =K73+O73+P73+Q73 -> 0 | S73: =ROUND(K73*S$12,2) -> 0 | T73: 2.54 | U73: =K73+O73+P73+Q73+S73 -> 0 | V73: =R73*0.87 -> 0 | W73: =U73*0.87 -> 0 | X73: 4
C74: Ведущий специалист | D74: 0 | K74: =ROUND('26.08.22'!K74*1.04,2) -> 0 | M74: 15 | O74: =ROUND((K74*M74/100),2) -> 0 | P74: =ROUND(K74*1.14,2) -> 0 | Q74: =K74*T74 -> 0 | R74: =K74+O74+P74+Q74 -> 0 | S74: =ROUND(K74*S$12,2) -> 0 | T74: 3.54 | U74: =K74+O74+P74+Q74+S74 -> 0 | V74: =R74*0.87 -> 0 | W74: =U74*0.87 -> 0 | X74: 5
C75: Ведущий специалист | D75: 1 | K75: =ROUND('26.08.22'!K75*1.04,2) -> 15418.33 | L75: Грицнелова Ю.С. | M75: 0 | O75: =ROUND((K75*M75/100),2) -> 0 | P75: =ROUND(K75*1.14,2) -> 17576.9 | Q75: =K75*T75 -> 22202.395 | R75: =K75+O75+P75+Q75 -> 55197.625 | S75: =ROUND(K75*S$12,2) -> 3854.58 | T75: 1.44 | U75: =K75+O75+P75+Q75+S75 -> 59052.205 | V75: =R75*0.87 -> 48021.934 | W75: =U75*0.87 -> 51375.419 | X75: 6
C76: Главный специалист-врач эксперт | D76: 1 | K76: =ROUND('26.08.22'!K76*1.04,2) -> 17896.26 | L76: Абрамович Е.В. | M76: 30 | O76: =ROUND((K76*M76/100),2) -> 5368.88 | P76: =ROUND(K76*1.14,2) -> 20401.74 | Q76: =K76*T76 -> 27560.24 | R76: =K76+O76+P76+Q76 -> 71227.12 | S76: =ROUND(K76*S$12,2) -> 4474.07 | T76: 1.54 | U76: =K76+O76+P76+Q76+S76 -> 75701.19 | V76: =R76*0.87 -> 61967.595 | W76: =U76*0.87 -> 65860.036
C77: ИТОГО по отделу | D77: =SUM(D60:D76) -> 15 | E77: =SUM(E60:E67) -> 28000 | F77: =SUM(F60:F67) -> 29700 | G77: =SUM(G60:G67) -> 35939 | H77: =SUM(H60:H67) -> 65802.53 | I77: =SUM(I60:I67) -> 72382.783 | J77: =SUM(J60:J67) -> 101661.62 | K77: =SUM(K60:K76) -> 274776.38 | N77: =SUM(N60:N72) -> 0 | O77: =SUM(O60:O76) -> 68528.91 | P77: =SUM(P60:P76) -> 315585.39 | Q77: =SUM(Q60:Q75) -> 394053.55 | R77: =SUM(R60:R75) -> 1009277.4 | S77: =SUM(S60:S76) -> 68694.15 | T77: =SUM(T60:T75) -> 27.54 | U77: =SUM(U60:U75) -> 1073497.4 | V77: =SUM(V60:V75) -> 878071.3 | W77: =SUM(W60:W75) -> 933942.77 | X77: =SUM(X60:X75) -> 51 | Y77: =SUM(Y60:Y75) -> 23 | Z77: =SUM(Z60:Z75) -> 13 | AA77: =SUM(AA60:AA75) -> 238157.89 | ... AH77: =SUM(AH60:AH75) -> 0
A78: Отдел планирования и мониторинга тер. прграммы | AA78: =K78*Z78 -> 0 | AB78: =K78*Y78 -> 0 | AD78: 0.1
C79: Начальник отдела | D79: 1 | E79: 7500 | F79: =ROUND(E79*F$12,2) -> 8250 | G79: =F79*1.1*1.1+0.5 -> 9983 | H79: 12337.98 | I79: =H79*$I$12 -> 13571.778 | J79: 14386.085 | K79: =ROUND('26.08.22'!K79*1.04,2) -> 23402.77 | L79: Гришина М.В. | M79: 30 | O79: =ROUND((K79*M79/100),2) -> 7020.83 | P79: =ROUND(K79*1.24,2) -> 29019.43 | Q79: =K79*T79 -> 36040.266 | R79: =K79+O79+P79+Q79 -> 95483.296 | S79: =ROUND(K79*S$12,2) -> 5850.69 | T79: 1.54 | U79: =K79+O79+P79+Q79+S79 -> 101333.99 | V79: =R79*0.87 -> 83070.467 | W79: =U79*0.87 -> 88160.568 | X79: 3 | Y79: 3 | Z79: =X79-Y79 -> 0 | AA79: =K79*Z79 -> 0 | AB79: =K79*Y79 -> 70208.31 | AD79: 0.1 | AE79: =K79*AD79 -> 2340.277 | AF79: 0.2 | AG79: =AF79*K79 -> 4680.554
C80: Заместитель начальника отдела | D80: 1 | H80: 10692.91 | I80: =H80*$I$12 -> 11762.201 | J80: 12467.933 | K80: =ROUND('26.08.22'!K80*1.04,2) -> 21200.16 | L80: Шакурова О.Ю. | M80: 30 | O80: =ROUND((K80*M80/100),2) -> 6360.05 | P80: =ROUND(K80*1.14,2) -> 24168.18 | Q80: =K80*T80 -> 32648.246 | R80: =K80+O80+P80+Q80 -> 84376.636 | S80: =ROUND(K80*S$12,2) -> 5300.04 | T80: 1.54 | U80: =K80+O80+P80+Q80+S80 -> 89676.676 | V80: =R80*0.87 -> 73407.674 | W80: =U80*0.87 -> 78018.708
C81: Главный специалист | D81: 1 | E81: 6500 | F81: =ROUND(E81*F$12,2) -> 7150 | G81: =F81*1.1*1.1+0.5 -> 8652 | H81: 10692.91 | I81: =H81*$I$12 -> 11762.201 | J81: 12467.933 | K81: =ROUND('26.08.22'!K81*1.04,2) -> 17896.26 | L81: Парфенова И.В. | M81: 30 | O81: =ROUND((K81*M81/100),2) -> 5368.88 | P81: =ROUND(K81*1.14,2) -> 20401.74 | Q81: =K81*T81 -> 27560.24 | R81: =K81+O81+P81+Q81 -> 71227.12 | S81: =ROUND(K81*S$12,2) -> 4474.07 | T81: 1.54 | U81: =K81+O81+P81+Q81+S81 -> 75701.19 | V81: =R81*0.87 -> 61967.595 | W81: =U81*0.87 -> 65860.036 | X81: 3 | Y81: 3 | Z81: =X81-Y81 -> 0 | AA81: =K81*Z81 -> 0 | AB81: =K81*Y81 -> 53688.78 | AD81: 0.1 | AE81: =K81*AD81 -> 1789.626 | AF81: 0.2 | AG81: =AF81*K81 -> 3579.252
C82: Главный специалист | D82: 1 | E82: 6500 | F82: =ROUND(E82*F$12,2) -> 7150 | G82: =F82*1.1*1.1+0.5 -> 8652 | H82: 10692.91 | I82: =H82*$I$12 -> 11762.201 | J82: 12467.933 | K82: =ROUND('26.08.22'!K82*1.04,2) -> 17896.26 | L82: Фахуртдинова Р.Н. | M82: 30 | O82: =ROUND((K82*M82/100),2) -> 5368.88 | P82: =ROUND(K82*1.14,2) -> 20401.74 | Q82: =K82*T82 -> 27560.24 | R82: =K82+O82+P82+Q82 -> 71227.12 | S82: =ROUND(K82*S$12,2) -> 4474.07 | T82: 1.54 | U82: =K82+O82+P82+Q82+S82 -> 75701.19 | V82: =R82*0.87 -> 61967.595 | W82: =U82*0.87 -> 65860.036 | X82: 3 | Y82: 3 | Z82: =X82-Y82 -> 0 | AA82: =K82*Z82 -> 0 | AB82: =K82*Y82 -> 53688.78 | AD82: 0.1 | AE82: =K82*AD82 -> 1789.626 | AF82: 0.2 | AG82: =AF82*K82 -> 3579.252
C83: Главный специалист | D83: 1 | E83: 6500 | F83: =ROUND(E83*F$12,2) -> 7150 | G83: =F83*1.1*1.1+0.5 -> 8652 | H83: 10692.91 | I83: =H83*$I$12 -> 11762.201 | J83: 12467.933 | K83: =ROUND('26.08.22'!K83*1.04,2) -> 17896.26 | L83: Рыженко Ю.В. | M83: 30 | O83: =ROUND((K83*M83/100),2) -> 5368.88 | P83: =ROUND(K83*1.14,2) -> 20401.74 | Q83: =K83*T83 -> 27560.24 | R83: =K83+O83+P83+Q83 -> 71227.12 | S83: =ROUND(K83*S$12,2) -> 4474.07 | T83: 1.54 | U83: =K83+O83+P83+Q83+S83 -> 75701.19 | V83: =R83*0.87 -> 61967.595 | W83: =U83*0.87 -> 65860.036 | X83: 3 | Z83: =X83-Y83 -> 3 | AA83: =K83*Z83 -> 53688.78 | AB83: =K83*Y83 -> 0 | AD83: 0.1 | AE83: =K83*AD83 -> 1789.626 | AF83: 0.2 | AG83: =AF83*K83 -> 3579.252
C84: Главный специалист | D84: 1 | K84: =ROUND('26.08.22'!K84*1.04,2) -> 17896.26 | L84: Сахтуева М.А. | M84: 30 | O84: =ROUND((K84*M84/100),2) -> 5368.88 | P84: =ROUND(K84*1.14,2) -> 20401.74 | Q84: =K84*T84 -> 27560.24 | R84: =K84+O84+P84+Q84 -> 71227.12 | S84: =ROUND(K84*S$12,2) -> 4474.07 | T84: 1.54 | U84: =K84+O84+P84+Q84+S84 -> 75701.19 | V84: =R84*0.87 -> 61967.595 | W84: =U84*0.87 -> 65860.036 | AB84: =K84*Y84 -> 0
C85: Ведущий специалист | D85: 1 | H85: 9212.35 | I85: =H85*$I$12 -> 10133.585 | J85: 10741.6 | K85: =ROUND('26.08.22'!K85*1.04,2) -> 15418.33 | L85: Бондаренко Л.П. | M85: 30 | O85: =ROUND((K85*M85/100),2) -> 4625.5 | P85: =ROUND(K85*1.14,2) -> 17576.9 | Q85: =K85*T85 -> 22202.395 | R85: =K85+O85+P85+Q85 -> 59823.125 | S85: =ROUND(K85*S$12,2) -> 3854.58 | T85: 1.44 | U85: =K85+O85+P85+Q85+S85 -> 63677.705 | V85: =R85*0.87 -> 52046.119 | W85: =U85*0.87 -> 55399.604 | X85: 3 | Y85: 3 | Z85: =X85-Y85 -> 0 | AA85: =K85*Z85 -> 0 | AB85: =K85*Y85 -> 46254.99 | AD85: 0.1 | AE85: =K85*AD85 -> 1541.833 | AF85: 0.2 | AG85: =AF85*K85 -> 3083.666
C86: Ведущий специалист | D86: 0 | H86: 9212.35 | I86: =H86*$I$12 -> 10133.585 | J86: 10741.6 | K86: =ROUND('26.08.22'!K86*1.04,2) -> 0 | M86: 0 | O86: =ROUND((K86*M86/100),2) -> 0 | P86: =ROUND(K86*1.14,2) -> 0 | Q86: =K86*T86 -> 0 | R86: =K86+O86+P86+Q86 -> 0 | S86: =ROUND(K86*S$12,2) -> 0 | T86: 1.44 | U86: =K86+O86+P86+Q86+S86 -> 0 | V86: =R86*0.87 -> 0 | W86: =U86*0.87 -> 0 | X86: 3 | Z86: =X86-Y86 -> 3 | AA86: =K86*Z86 -> 0 | AB86: =K86*Y86 -> 0 | AD86: 0.1 | AE86: =K86*AD86 -> 0 | AF86: 0.2 | AG86: =AF86*K86 -> 0
C87: Ведущий специалист | D87: 1 | H87: 9212.35 | I87: =H87*$I$12 -> 10133.585 | J87: 10741.6 | K87: =ROUND('26.08.22'!K87*1.04,2) -> 15418.33 | L87: Шабанова М.А. | M87: 30 | O87: =ROUND((K87*M87/100),2) -> 4625.5 | P87: =ROUND(K87*1.14,2) -> 17576.9 | Q87: =K87*T87 -> 22202.395 | R87: =K87+O87+P87+Q87 -> 59823.125 | S87: =ROUND(K87*S$12,2) -> 3854.58 | T87: 1.44 | U87: =K87+O87+P87+Q87+S87 -> 63677.705 | V87: =R87*0.87 -> 52046.119 | W87: =U87*0.87 -> 55399.604 | X87: 4 | Z87: =X87-Y87 -> 4 | AA87: =K87*Z87 -> 61673.32 | AB87: =K87*Y87 -> 0 | AD87: 1.1 | AE87: =K87*AD87 -> 16960.163 | AF87: 1.2 | AG87: =AF87*K87 -> 18501.996
C88: ИТОГО по отделу | D88: =SUM(D79:D87) -> 8 | E88: =SUM(E79:E85) -> 27000 | F88: =SUM(F79:F85) -> 29700 | G88: =SUM(G79:G85) -> 35939 | H88: =SUM(H79:H86) -> 73534.32 | I88: =SUM(I79:I86) -> 80887.752 | J88: 73273.084 | K88: =SUM(K79:K87) -> 147024.63 | N88: =SUM(N79:N86) -> 0 | O88: =SUM(O79:O87) -> 44107.4 | P88: =SUM(P79:P87) -> 169948.37 | Q88: =SUM(Q79:Q87) -> 223334.26 | R88: =SUM(R79:R87) -> 584414.66 | S88: =SUM(S79:S87) -> 36756.17 | T88: =SUM(T79:T87) -> 13.56 | U88: =SUM(U79:U87) -> 621170.83 | V88: =SUM(V79:V87) -> 508440.76 | W88: =SUM(W79:W87) -> 540418.63 | AA88: =K88*Z88 -> 0 | AB88: =K88*Y88 -> 0 | AD88: 0.1 | AE88: =K88*AD88 -> 14702.463 | AF88: 0.2 | AG88: =AF88*K88 -> 29404.926
C89: ИТОГО по департаменту | D89: =D77+D88+D57+D58 -> 25 | E89: =SUM(E57:E58)+E77+E88 -> 73300 | F89: =SUM(F57:F58)+F77+F88 -> 79530 | G89: =SUM(G57:G58)+G77+G88 -> 96236 | H89: =SUM(H57:H58)+H77+H88 -> 169441.5 | I89: =SUM(I57:I58)+I77+I88 -> 186385.65 | J89: 185100.86 | K89: =K88+K77+K57+K58 -> 476040.42 | N89: =N88+N77+N57+N58 -> 0 | O89: =O88+O77+O57+O58 -> 125315.11 | P89: =P88+P77+P57+P58 -> 550078.66 | Q89: =Q88+Q77+Q57+Q58 -> 700916.51 | R89: =R88+R77+R57+R58 -> 1808683.8 | S89: =S88+S77+S57+S58 -> 119010.18 | T89: =T88+T77+T57+T58 -> 44.18 | U89: =U88+U77+U57+U58 -> 1923219.9 | ... W89: =W88+W77+W57+W58 -> 1673201.3 | AA89: =K89*Z89 -> 0 | AB89: =K89*Y89 -> 0 | AD89: 0.1 | AE89: =K89*AD89 -> 47604.042 | AF89: 0.2 | AG89: =AF89*K89 -> 95208.084
A90: Отдел информационной безопасности | AA90: =K90*Z90 -> 0 | AB90: =K90*Y90 -> 0 | AD90: 0.1
C91: Начальник отдела | D91: 1 | J91: 16304.213 | K91: =ROUND('26.08.22'!K91*1.04,2) -> 23402.77 | L91: Филиппова Е.А. | M91: 20 | O91: =ROUND((K91*M91/100),2) -> 4680.55 | P91: =ROUND(K91*1.24,2) -> 29019.43 | Q91: =K91*T91 -> 36040.266 | R91: =K91+O91+P91+Q91 -> 93143.016 | S91: =ROUND(K91*S$12,2) -> 5850.69 | T91: 1.54 | U91: =K91+O91+P91+Q91+S91 -> 98993.706 | V91: =R91*0.87 -> 81034.424 | W91: =U91*0.87 -> 86124.524 | X91: 3 | Y91: 3 | Z91: =X91-Y91 -> 0 | AA91: =K91*Z91 -> 0 | AB91: =K91*Y91 -> 70208.31 | AD91: 0.1 | AE91: =K91*AD91 -> 2340.277 | AF91: 0.2 | AG91: =AF91*K91 -> 4680.554
C92: Главный специалист | D92: 1 | J92: 12467.933 | K92: =ROUND('26.08.22'!K92*1.04,2) -> 17896.26 | L92: Чиркевич АБ | M92: 30 | O92: =ROUND((K92*M92/100),2) -> 5368.88 | P92: =ROUND(K92*1.14,2) -> 20401.74 | Q92: =K92*T92 -> 27560.24 | R92: =K92+O92+P92+Q92 -> 71227.12 | S92: =ROUND(K92*S$12,2) -> 4474.07 | T92: 1.54 | U92: =K92+O92+P92+Q92+S92 -> 75701.19 | V92: =R92*0.87 -> 61967.595 | W92: =U92*0.87 -> 65860.036 | X92: 3 | Z92: =X92-Y92 -> 3 | AA92: =K92*Z92 -> 53688.78 | AB92: =K92*Y92 -> 0 | AD92: 0.1 | AE92: =K92*AD92 -> 1789.626 | AF92: 0.2 | AG92: =AF92*K92 -> 3579.252
C93: ИТОГО по отделу | D93: =SUM(D91:D92) -> 2 | J93: 28772.146 | K93: =SUM(K91:K92) -> 41299.03 | N93: =SUM(N91:N92) -> 0 | O93: =SUM(O91:O92) -> 10049.43 | P93: =SUM(P91:P92) -> 49421.17 | Q93: =SUM(Q91:Q92) -> 63600.506 | R93: =SUM(R91:R92) -> 164370.14 | S93: =SUM(S91:S92) -> 10324.76 | U93: =SUM(U91:U92) -> 174694.9 | V93: =SUM(V91:V92) -> 143002.02 | W93: =SUM(W91:W92) -> 151984.56 | AA93: =K93*Z93 -> 0 | AB93: =K93*Y93 -> 0 | AD93: 0.1 | AE93: =K93*AD93 -> 4129.903 | AF93: 0.2 | AG93: =AF93*K93 -> 8259.806
A94: Отдел информационных технологий | P94: 1,14-1,24 | Q94: 1,44-1,54 | AA94: =K94*Z94 -> 0 | AB94: =K94*Y94 -> 0 | AD94: 0.1
C95: Начальник отдела | D95: 1 | E95: 8500 | F95: =ROUND(E95*F$12,2) -> 9350 | G95: =F95*1.1*1.1+0.5 -> 11314 | H95: 13983.03 | I95: =H95*$I$12 -> 15381.333 | J95: 16304.213 | K95: =ROUND('26.08.22'!K95*1.04,2) -> 23402.77 | L95: Суворов А.М. | M95: 30 | O95: =ROUND((K95*M95/100),2) -> 7020.83 | P95: =ROUND(K95*1.24,2) -> 29019.43 | Q95: =K95*T95 -> 36040.266 | R95: =K95+O95+P95+Q95 -> 95483.296 | S95: =ROUND(K95*S$12,2) -> 5850.69 | T95: 1.54 | U95: =K95+O95+P95+Q95+S95 -> 101333.99 | V95: =R95*0.87 -> 83070.467 | W95: =U95*0.87 -> 88160.568 | X95: 3 | Z95: =X95-Y95 -> 3 | AA95: =K95*Z95 -> 70208.31 | AB95: =K95*Y95 -> 0 | AD95: 0.1 | AE95: =K95*AD95 -> 2340.277 | AF95: 0.2 | AG95: =AF95*K95 -> 4680.554
C96: Зам.начальника отдела | D96: 1 | E96: 7700 | F96: =ROUND(E96*F$12,2) -> 8470 | G96: =F96*1.1*1.1+0.3 -> 10249 | H96: 12666.98 | I96: =H96*$I$12 -> 13933.678 | J96: 14769.699 | K96: =ROUND('26.08.22'!K96*1.04,2) -> 21200.16 | L96: Красавин О.Ю. | M96: 30 | O96: =ROUND((K96*M96/100),2) -> 6360.05 | P96: =ROUND(K96*1.14,2) -> 24168.18 | Q96: =K96*T96 -> 32648.246 | R96: =K96+O96+P96+Q96 -> 84376.636 | S96: =ROUND(K96*S$12,2) -> 5300.04 | T96: 1.54 | U96: =K96+O96+P96+Q96+S96 -> 89676.676 | V96: =R96*0.87 -> 73407.674 | W96: =U96*0.87 -> 78018.708 | X96: 3 | Z96: =X96-Y96 -> 3 | AA96: =K96*Z96 -> 63600.48 | AB96: =K96*Y96 -> 0 | AD96: 0.1 | AE96: =K96*AD96 -> 2120.016 | AF96: 0.2 | AG96: =AF96*K96 -> 4240.032
A97: =K98/2 -> 8948.13 | C97: Главный специалист | D97: 1 | E97: 6500 | F97: =ROUND(E97*F$12,2) -> 7150 | G97: =F97*1.1*1.1+0.5 -> 8652 | H97: 10692.91 | I97: =H97*$I$12 -> 11762.201 | J97: 12467.933 | K97: =ROUND('26.08.22'!K97*1.04,2) -> 17896.26 | L97: Блохин Г.В. | M97: 30 | O97: =ROUND((K97*M97/100),2) -> 5368.88 | P97: =ROUND(K97*1.14,2) -> 20401.74 | Q97: =K97*T97 -> 27560.24 | R97: =K97+O97+P97+Q97 -> 71227.12 | S97: =ROUND(K97*S$12,2) -> 4474.07 | T97: 1.54 | U97: =K97+O97+P97+Q97+S97 -> 75701.19 | V97: =R97*0.87 -> 61967.595 | W97: =U97*0.87 -> 65860.036 | X97: 3 | Y97: 2 | Z97: =X97-Y97 -> 1 | AA97: =K97*Z97 -> 17896.26 | AB97: =K97*Y97 -> 35792.52 | AD97: 0.1 | AE97: =K97*AD97 -> 1789.626 | AF97: 0.2 | AG97: =AF97*K97 -> 3579.252
C98: Главный специалист | D98: 1 | K98: =ROUND('26.08.22'!K98*1.04,2) -> 17896.26 | L98: Голубев О.Л. | M98: 10 | O98: =ROUND((K98*M98/100),2) -> 1789.63 | P98: =ROUND(K98*1.14,2) -> 20401.74 | Q98: =K98*T98 -> 27560.24 | R98: =K98+O98+P98+Q98 -> 67647.87 | S98: =ROUND(K98*S$12,2) -> 4474.07 | T98: 1.54 | U98: =K98+O98+P98+Q98+S98 -> 72121.94 | V98: =R98*0.87 -> 58853.647 | W98: =U98*0.87 -> 62746.088
C99: Главный специалист | D99: 1 | E99: 6500 | F99: =ROUND(E99*F$12,2) -> 7150 | G99: =F99*1.1*1.1+0.5 -> 8652 | H99: 10692.91 | I99: =H99*$I$12 -> 11762.201 | J99: 12467.933 | K99: =ROUND('26.08.22'!K99*1.04,2) -> 17896.26 | L99: Гаврилова Н.Н. | M99: 20 | O99: =ROUND((K99*M99/100),2) -> 3579.25 | P99: =ROUND(K99*1.14,2) -> 20401.74 | Q99: =K99*T99 -> 27560.24 | R99: =K99+O99+P99+Q99 -> 69437.49 | S99: =ROUND(K99*S$12,2) -> 4474.07 | T99: 1.54 | U99: =K99+O99+P99+Q99+S99 -> 73911.56 | V99: =R99*0.87 -> 60410.617 | W99: =U99*0.87 -> 64303.058 | X99: 3 | Y99: 3 | Z99: =X99-Y99 -> 0 | AA99: =K99*Z99 -> 0 | AB99: =K99*Y99 -> 53688.78 | AD99: 0.1 | AE99: =K99*AD99 -> 1789.626 | AF99: 0.2 | AG99: =AF99*K99 -> 3579.252
C100: Главный специалист | D100: 1 | E100: 6500 | F100: =ROUND(E100*F$12,2) -> 7150 | G100: =F100*1.1*1.1+0.5 -> 8652 | H100: 10692.91 | I100: =H100*$I$12 -> 11762.201 | J100: 12467.933 | K100: 17896.26 | L100: Тимановский А.Е. | M100: 30 | O100: =ROUND((K100*M100/100),2) -> 5368.88 | P100: =ROUND(K100*1.14,2) -> 20401.74 | Q100: =K100*T100 -> 27560.24 | R100: =K100+O100+P100+Q100 -> 71227.12 | S100: =ROUND(K100*S$12,2) -> 4474.07 | T100: 1.54 | U100: =K100+O100+P100+Q100+S100 -> 75701.19 | V100: =R100*0.87 -> 61967.595 | W100: =U100*0.87 -> 65860.036 | X100: 3 | Z100: =X100-Y100 -> 3 | AA100: =K100*Z100 -> 53688.78 | AB100: =K100*Y100 -> 0 | AD100: 0.1 | AE100: =K100*AD100 -> 1789.626 | AF100: 0.2 | AG100: =AF100*K100 -> 3579.252
C101: Главный специалист | D101: 1 | E101: 6500 | F101: =ROUND(E101*F$12,2) -> 7150 | G101: =F101*1.1*1.1+0.5 -> 8652 | H101: 10692.91 | I101: =H101*$I$12 -> 11762.201 | J101: 12467.933 | K101: =ROUND('26.08.22'!K101*1.04,2) -> 17896.26 | L101: Кругликов А.А. | M101: 20 | O101: =ROUND((K101*M101/100),2) -> 3579.25 | P101: =ROUND(K101*1.14,2) -> 20401.74 | Q101: =K101*T101 -> 27560.24 | R101: =K101+O101+P101+Q101 -> 69437.49 | S101: =ROUND(K101*S$12,2) -> 4474.07 | T101: 1.54 | U101: =K101+O101+P101+Q101+S101 -> 73911.56 | V101: =R101*0.87 -> 60410.617 | W101: =U101*0.87 -> 64303.058 | X101: 3 | Z101: =X101-Y101 -> 3 | AA101: =K101*Z101 -> 53688.78 | AB101: =K101*Y101 -> 0 | AD101: 0.1 | AE101: =K101*AD101 -> 1789.626 | AF101: 0.2 | AG101: =AF101*K101 -> 3579.252
C102: Ведущий специалист | D102: 1 | E102: 5600 | F102: =ROUND(E102*F$12,2) -> 6160 | G102: =F102*1.1*1.1+0.4 -> 7454 | H102: 9212.35 | I102: =H102*$I$12 -> 10133.585 | J102: 10741.6 | K102: =ROUND('26.08.22'!K102*1.04,2) -> 15418.33 | L102: Миронов А.В. | M102: 30 | O102: =ROUND((K102*M102/100),2) -> 4625.5 | P102: =ROUND(K102*1.14,2) -> 17576.9 | Q102: =K102*T102 -> 22202.395 | R102: =K102+O102+P102+Q102 -> 59823.125 | S102: =ROUND(K102*S$12,2) -> 3854.58 | T102: 1.44 | U102: =K102+O102+P102+Q102+S102 -> 63677.705 | V102: =R102*0.87 -> 52046.119 | W102: =U102*0.87 -> 55399.604 | X102: 3 | Z102: =X102-Y102 -> 3 | AA102: =K102*Z102 -> 46254.99 | AB102: =K102*Y102 -> 0 | AD102: 0.1 | AE102: =K102*AD102 -> 1541.833 | AF102: 0.2 | AG102: =AF102*K102 -> 3083.666
C103: Ведущий специалист | D103: 1 | E103: 5600 | F103: =ROUND(E103*F$12,2) -> 6160 | G103: =F103*1.1*1.1+0.4 -> 7454 | H103: 9212.35 | I103: =H103*$I$12 -> 10133.585 | J103: 10741.6 | K103: =ROUND('26.08.22'!K103*1.04,2) -> 15418.33 | L103: Степанов Д.С. | M103: 30 | O103: =ROUND((K103*M103/100),2) -> 4625.5 | P103: =ROUND(K103*1.14,2) -> 17576.9 | Q103: =K103*T103 -> 22202.395 | R103: =K103+O103+P103+Q103 -> 59823.125 | S103: =ROUND(K103*S$12,2) -> 3854.58 | T103: 1.44 | U103: =K103+O103+P103+Q103+S103 -> 63677.705 | V103: =R103*0.87 -> 52046.119 | W103: =U103*0.87 -> 55399.604 | X103: 3 | Y103: 3 | Z103: =X103-Y103 -> 0 | AA103: =K103*Z103 -> 0 | AB103: =K103*Y103 -> 46254.99 | AD103: 0.1 | AE103: =K103*AD103 -> 1541.833 | AF103: 0.2 | AG103: =AF103*K103 -> 3083.666
...

Sheet ПРОЕКТ с 01.02.2023
P1: Рсшифровка штатного расписания
A2: Территориальный фонд обязательного медицинского | P2: Форма по ОКУД 0301017
A3: страхования Ленинградской области | P3: по ОКПО
P6: "Утверждено"
A7: Штатное расписание по состоянию на 14.10.2022 | O7: Штат в количестве 123,0 единиц
R9: ФОТ мес
A10: Наименование струк.подразделения | B10: КОД | C10: Должность(специальность),разряд,класс (категория) квалификации | D10: Кол-во штатных единиц | E10: Тарифная ставка (оклад) и пр., руб. | F10: Тарифная ставка (оклад) и пр., руб. | G10: Тарифная ставка (оклад) и пр., руб. | H10: Тарифная ставка (оклад) и пр., руб. с 01.01.2012 | I10: Тарифная ставка (оклад) и пр., руб. с 01.09.2012 | K10: Тарифная ставка (оклад) и пр., руб. | L10: Фамилия И.О. | M10: Надбавка за выслугу лет % | N10: Декретный отпуск | O10: Надбавка за выслугу лет, руб. | P10: Надбавка к основному окладу за особ.усл., руб. | Q10: Ежемесячное денежное поощрение, руб. | R10: Всего, руб. | S10: Материальная помощь, руб.(в мес.) | T10: Коэф.ежемес. ден.поощрен. | U10: Всего, руб. | V10: Всего без подоходного налога (гр.11*0,87) | W10: Всего без подоходного налога (гр.14*0,87) | X10: Должно быть | Y10: Факт
A11: 1 | B11: 2 | C11: 3 | D11: 4 | K11: 5 | L11: 6 | M11: 7 | O11: 8 | P11: 9 | Q11: 10 | R11: 11 | S11: 12 | T11: 13 | U11: 14 | V11: 15 | W11: 16
A12: Дирекция ТФОМС ЛО | F12: 1.1 | G12: 1.1 | H12: 1.1 | I12: 1.1 | J12: 1.06 | P12: 1.24 | Q12: 1,14-1,34 | S12: 0.25
C13: Директор | D13: 1 | E13: 12000 | F13: =ROUND(E13*F$12,2) -> 13200 | G13: =F13*1.1*1.1 -> 15972 | H13: 19740.75 | I13: =H13*$I$12 -> 21714.825 | J13: 23017.715 | K13: 33039.22 | L13: Алексеев А.Н. | M13: 30 | O13: =ROUND((K13*M13/100),2) -> 9911.77 | P13: =ROUND(K13*P$12,2) -> 40968.63 | Q13: =K13*T13 -> 44272.555 | R13: =K13+O13+P13+Q13 -> 128192.17 | S13: =ROUND(K13*S$12,2) -> 8259.81 | T13: 1.34 | U13: =K13+O13+P13+Q13+S13 -> 136451.98 | V13: =R13*0.87 -> 111527.19 | W13: =U13*0.87 -> 118713.23 | X13: 3 | Y13: 3 | Z13: =X13-Y13 -> 0 | AA13: =K13*Z13 -> 0 | AB13: =K13*Y13 -> 99117.66 | AD13: 0.1 | AE13: =K13*AD13 -> 3303.922 | AF13: 0.2 | AG13: =AF13*K13 -> 6607.844
C14: 1 зам. директора | D14: 0 | E14: 11500 | F14: =ROUND(E14*F$12,2) -> 12650 | G14: =F14*1.1*1.1+0.5 -> 15307 | H14: 18918.22 | I14: =H14*$I$12 -> 20810.042 | J14: 22058.645 | O14: =ROUND((K14*M14/100),2) -> 0 | P14: =ROUND(K14*P$12,2) -> 0 | Q14: =K14*T14 -> 0 | R14: =K14+O14+P14+Q14 -> 0 | S14: =ROUND(K14*S$12,2) -> 0 | T14: 1.14 | U14: =K14+O14+P14+Q14+S14 -> 0 | V14: =R14*0.87 -> 0 | W14: =U14*0.87 -> 0 | X14: 3 | Y14: 3 | Z14: =X14-Y14 -> 0 | AA14: =K14*Z14 -> 0 | AB14: =K14*Y14 -> 0 | AD14: 0.1 | AE14: =K14*AD14 -> 0 | AF14: 0.2 | AG14: =AF14*K14 -> 0 | AH14: =R14+AG14 -> 0
C15: Помощник диектора | D15: 1 | K15: 17896.26 | L15: Омаров М.М. | M15: 10 | O15: =ROUND((K15*M15/100),2) -> 1789.63 | P15: =ROUND(K15*1.14,2) -> 20401.74 | Q15: =K15*T15 -> 27560.24 | R15: =K15+O15+P15+Q15 -> 67647.87 | S15: =ROUND(K15*S$12,2) -> 4474.07 | T15: 1.54 | U15: =K15+O15+P15+Q15+S15 -> 72121.94 | V15: =R15*0.87 -> 58853.647 | W15: =U15*0.87 -> 62746.088 | X15: 3 | Y15: 3 | Z15: =X15-Y15 -> 0 | AA15: =K15*Z15 -> 0 | AB15: =K15*Y15 -> 53688.78 | AD15: 1.1 | AE15: =K15*AD15 -> 19685.886 | AF15: 1.2 | AG15: =AF15*K15 -> 21475.512 | AH15: =R15+AG15 -> 89123.382
C16: ИТОГО | D16: =SUM(D13:D15) -> 2 | E16: =SUM(E13:E14) -> 23500 | F16: =SUM(F13:F14) -> 25850 | G16: =SUM(G13:G14) -> 31279 | H16: =SUM(H13:H14) -> 38658.97 | I16: =SUM(I13:I14) -> 42524.867 | J16: 45076.359 | K16: =SUM(K13:K15) -> 50935.48 | N16: =SUM(N13:N14) -> 0 | O16: =SUM(O13:O15) -> 11701.4 | P16: =SUM(P13:P15) -> 61370.37 | Q16: =SUM(Q13:Q15) -> 71832.795 | R16: =SUM(R13:R15) -> 195840.05 | S16: =SUM(S13:S15) -> 12733.88 | U16: =SUM(U13:U15) -> 208573.93 | V16: =SUM(V13:V15) -> 170380.84 | W16: =SUM(W13:W15) -> 181459.31 | X16: =SUM(X13:X15) -> 9 | Y16: =SUM(Y13:Y15) -> 9 | Z16: =SUM(Z13:Z15) -> 0 | AA16: =SUM(AA13:AA15) -> 0 | AB16: =SUM(AB13:AB15) -> 152806.44 | ... AH16: =SUM(AH13:AH15) -> 89123.382
A17: Бухгалтерия | P17: 1,14-1,24 | Q17: 1,44-1,64 | AA17: =K17*Z17 -> 0 | AB17: =K17*Y17 -> 0 | AD17: 0.1
C18: Главный бухгалтер | D18: 1 | E18: 8500 | F18: =ROUND(E18*F$12,2) -> 9350 | G18: =F18*1.1*1.1+0.5 -> 11314 | H18: 13983.03 | I18: =H18*$I$12 -> 15381.333 | J18: 16304.213 | K18: 23402.77 | L18: Бондарева О.А. | M18: 30 | O18: =ROUND((K18*M18/100),2) -> 7020.83 | P18: =ROUND(K18*1.24,2) -> 29019.43 | Q18: =K18*T18 -> 38380.543 | R18: =K18+O18+P18+Q18 -> 97823.573 | S18: =ROUND(K18*S$12,2) -> 5850.69 | T18: 1.64 | U18: =K18+O18+P18+Q18+S18 -> 103674.26 | V18: =R18*0.87 -> 85106.508 | W18: =U18*0.87 -> 90196.609 | X18: 3 | Y18: 3 | Z18: =X18-Y18 -> 0 | AA18: =K18*Z18 -> 0 | AB18: =K18*Y18 -> 70208.31 | AD18: 0.1 | AE18: =K18*AD18 -> 2340.277 | AF18: 0.2 | AG18: =AF18*K18 -> 4680.554
C19: Зам. главного бухгалтера | D19: 1 | E19: 7700 | F19: =ROUND(E19*F$12,2) -> 8470 | G19: =F19*1.1*1.1+0.3 -> 10249 | H19: 12666.98 | I19: =H19*$I$12 -> 13933.678 | J19: 14769.699 | K19: 21200.16 | L19: Пуганова Л.И. | M19: 30 | O19: =ROUND((K19*M19/100),2) -> 6360.05 | P19: =ROUND(K19*1.14,2) -> 24168.18 | Q19: =K19*T19 -> 32648.246 | R19: =K19+O19+P19+Q19 -> 84376.636 | S19: =ROUND(K19*S$12,2) -> 5300.04 | T19: 1.54 | U19: =K19+O19+P19+Q19+S19 -> 89676.676 | V19: =R19*0.87 -> 73407.674 | W19: =U19*0.87 -> 78018.708 | X19: 3 | Z19: =X19-Y19 -> 3 | AA19: =K19*Z19 -> 63600.48 | AB19: =K19*Y19 -> 0 | AD19: 0.1 | AE19: =K19*AD19 -> 2120.016 | AF19: 0.2 | AG19: =AF19*K19 -> 4240.032
C20: Главный специалист-бухгалтер | D20: 1 | E20: 6500 | F20: =ROUND(E20*F$12,2) -> 7150 | G20: =F20*1.1*1.1+0.5 -> 8652 | H20: 10692.91 | I20: =H20*$I$12 -> 11762.201 | J20: 12467.933 | K20: 17896.26 | L20: Ятагама Гамаге Л.В. | M20: 30 | O20: =ROUND((K20*M20/100),2) -> 5368.88 | P20: =ROUND(K20*1.14,2) -> 20401.74 | Q20: =K20*T20 -> 27560.24 | R20: =K20+O20+P20+Q20 -> 71227.12 | S20: =ROUND(K20*S$12,2) -> 4474.07 | T20: 1.54 | U20: =K20+O20+P20+Q20+S20 -> 75701.19 | V20: =R20*0.87 -> 61967.595 | W20: =U20*0.87 -> 65860.036 | X20: 3 | Y20: 3 | Z20: =X20-Y20 -> 0 | AA20: =K20*Z20 -> 0 | AB20: =K20*Y20 -> 53688.78 | AD20: 0.1 | AE20: =K20*AD20 -> 1789.626 | AF20: 0.2 | AG20: =AF20*K20 -> 3579.252
C21: Главный специалист-бухгалтер | D21: 1 | E21: 6500 | F21: =ROUND(E21*F$12,2) -> 7150 | G21: =F21*1.1*1.1+0.5 -> 8652 | H21: 10692.91 | I21: =H21*$I$12 -> 11762.201 | J21: 12467.933 | K21: 17896.26 | L21: Кравецкая Л.Г. | M21: 30 | O21: =ROUND((K21*M21/100),2) -> 5368.88 | P21: =ROUND(K21*1.14,2) -> 20401.74 | Q21: =K21*T21 -> 27560.24 | R21: =K21+O21+P21+Q21 -> 71227.12 | S21: =ROUND(K21*S$12,2) -> 4474.07 | T21: 1.54 | U21: =K21+O21+P21+Q21+S21 -> 75701.19 | V21: =R21*0.87 -> 61967.595 | W21: =U21*0.87 -> 65860.036 | X21: 3 | Y21: 2 | Z21: =X21-Y21 -> 1 | AA21: =K21*Z21 -> 17896.26 | AB21: =K21*Y21 -> 35792.52 | AD21: 0.1 | AE21: =K21*AD21 -> 1789.626 | AF21: 0.2 | AG21: =AF21*K21 -> 3579.252
C22: Ведущий специалист-бухгалтер | D22: 1 | E22: 5600 | F22: =ROUND(E22*F$12,2) -> 6160 | G22: =F22*1.1*1.1+0.4 -> 7454 | H22: 9212.35 | I22: =H22*$I$12 -> 10133.585 | J22: 10741.6 | K22: 15418.33 | L22: Гуськова Е.С. | M22: 30 | O22: =ROUND((K22*M22/100),2) -> 4625.5 | P22: =ROUND(K22*1.14,2) -> 17576.9 | Q22: =K22*T22 -> 22202.395 | R22: =K22+O22+P22+Q22 -> 59823.125 | S22: =ROUND(K22*S$12,2) -> 3854.58 | T22: 1.44 | U22: =K22+O22+P22+Q22+S22 -> 63677.705 | V22: =R22*0.87 -> 52046.119 | W22: =U22*0.87 -> 55399.604 | X22: 3 | Y22: 3 | Z22: =X22-Y22 -> 0 | AA22: =K22*Z22 -> 0 | AB22: =K22*Y22 -> 46254.99 | AD22: 0.1 | AE22: =K22*AD22 -> 1541.833 | AF22: 0.2 | AG22: =AF22*K22 -> 3083.666
C23: Главный специалист-бухгалтер | D23: 1 | E23: 5600 | F23: =ROUND(E23*F$12,2) -> 6160 | G23: =F23*1.1*1.1+0.4 -> 7454 | H23: 9212.35 | I23: =H23*$I$12 -> 10133.585 | J23: 10741.6 | K23: 17896.26 | L23: Касаткина Л.В. | M23: 30 | O23: =ROUND((K23*M23/100),2) -> 5368.88 | P23: =ROUND(K23*1.14,2) -> 20401.74 | Q23: =K23*T23 -> 27560.24 | R23: =K23+O23+P23+Q23 -> 71227.12 | S23: =ROUND(K23*S$12,2) -> 4474.07 | T23: 1.54 | U23: =K23+O23+P23+Q23+S23 -> 75701.19 | V23: =R23*0.87 -> 61967.595 | W23: =U23*0.87 -> 65860.036 | X23: 3 | Y23: 3 | Z23: =X23-Y23 -> 0 | AA23: =K23*Z23 -> 0 | AB23: =K23*Y23 -> 53688.78 | AD23: 0.1 | AE23: =K23*AD23 -> 1789.626 | AF23: 0.2 | AG23: =AF23*K23 -> 3579.252
C24: ИТОГО по отделу | D24: =SUM(D18:D23) -> 6 | E24: =SUM(E18:E23) -> 40400 | F24: =SUM(F18:F23) -> 44440 | G24: =SUM(G18:G23) -> 53775 | H24: =SUM(H18:H23) -> 66460.53 | I24: =SUM(I18:I23) -> 73106.583 | J24: 77492.978 | K24: =SUM(K18:K23) -> 113710.04 | N24: =SUM(N18:N23) -> 0 | O24: =SUM(O18:O23) -> 34113.02 | P24: =SUM(P18:P23) -> 131969.73 | Q24: =SUM(Q18:Q23) -> 175911.91 | R24: =SUM(R18:R23) -> 455704.7 | S24: =SUM(S18:S23) -> 28427.52 | T24: =SUM(T18:T23) -> 9.24 | U24: =SUM(U18:U23) -> 484132.22 | ... W24: =SUM(W18:W23) -> 421195.03 | AA24: =K24*Z24 -> 0 | AB24: =K24*Y24 -> 0 | AD24: 0.1 | AE24: =K24*AD24 -> 11371.004 | AF24: 0.2 | AG24: =AF24*K24 -> 22742.008
A25: Департамент финансово-экономической деятельности и учета поступлений финансовых средств ОМС | P25: 1.19 | AA25: =K25*Z25 -> 0 | AB25: =K25*Y25 -> 0 | AD25: 0.1
C26: Заместитель директора-Начальник департамента | D26: 1 | G26: =11616*1.1+0.4 -> 12778 | H26: 15792.6 | I26: =H26*$I$12 -> 17371.86 | J26: 18414.172 | K26: =ROUND('26.08.22'!K26*1.04,2) -> 30285.94 | L26: Селезнева Н.М. | M26: 30 | O26: =ROUND((K26*M26/100),2) -> 9085.78 | P26: =ROUND(K26*1.19,2) -> 36040.27 | Q26: =K26*T26 -> 46640.348 | R26: =K26+O26+P26+Q26 -> 122052.34 | S26: =ROUND(K26*S$12,2) -> 7571.49 | T26: 1.54 | U26: =K26+O26+P26+Q26+S26 -> 129623.83 | V26: =R26*0.87 -> 106185.53 | W26: =U26*0.87 -> 112772.73 | X26: 3 | Y26: 3 | Z26: =X26-Y26 -> 0 | AA26: =K26*Z26 -> 0 | AB26: =K26*Y26 -> 90857.82 | AD26: 0.1 | AE26: =K26*AD26 -> 3028.594 | AF26: 0.2 | AG26: =AF26*K26 -> 6057.188
C27: Зам. начальника департамента | D27: 1 | G27: =10527*1.1+0.3 -> 11580 | H27: 14312.05 | I27: =H27*$I$12 -> 15743.255 | J27: 16687.85 | K27: =ROUND('26.08.22'!K27*1.04,2) -> 23953.47 | L27: Воронкова О.Ю. | M27: 30 | O27: =ROUND((K27*M27/100),2) -> 7186.04 | P27: =ROUND(K27*1.19,2) -> 28504.63 | Q27: =K27*T27 -> 36888.344 | R27: =K27+O27+P27+Q27 -> 96532.484 | S27: =ROUND(K27*S$12,2) -> 5988.37 | T27: 1.54 | U27: =K27+O27+P27+Q27+S27 -> 102520.85 | V27: =R27*0.87 -> 83983.261 | W27: =U27*0.87 -> 89193.143 | X27: 3 | Y27: 3 | Z27: =X27-Y27 -> 0 | AA27: =K27*Z27 -> 0 | AB27: =K27*Y27 -> 71860.41 | AD27: 0.1 | AE27: =K27*AD27 -> 2395.347 | AF27: 0.2 | AG27: =AF27*K27 -> 4790.694
A28: Отдел межтерриториальных расчетов, финансирования и планирования | P28: 1,14-1,24 | Q28: 1,44-1,54 | AA28: =K28*Z28 -> 0 | AB28: =K28*Y28 -> 0 | AD28: 0.1
C29: Начальник отдела | D29: 1 | E29: 8500 | F29: =ROUND(E29*F$12,2) -> 9350 | G29: =9075*1.1+0.5 -> 9983 | H29: 12337.98 | I29: =H29*$I$12 -> 13571.778 | J29: 14386.085 | K29: =ROUND('26.08.22'!K29*1.04,2) -> 23402.77 | L29: Жильцова Л.Н. | M29: 30 | O29: =ROUND((K29*M29/100),2) -> 7020.83 | P29: =ROUND(K29*1.24,2) -> 29019.43 | Q29: =K29*T29 -> 36040.266 | R29: =K29+O29+P29+Q29 -> 95483.296 | S29: =ROUND(K29*S$12,2) -> 5850.69 | T29: 1.54 | U29: =K29+O29+P29+Q29+S29 -> 101333.99 | V29: =R29*0.87 -> 83070.467 | W29: =U29*0.87 -> 88160.568 | X29: 3 | Y29: 3 | Z29: =X29-Y29 -> 0 | AA29: =K29*Z29 -> 0 | AB29: =K29*Y29 -> 70208.31 | AD29: 0.1 | AE29: =K29*AD29 -> 2340.277 | AF29: 0.2 | AG29: =AF29*K29 -> 4680.554
C30: Заместитель начальника отдела | D30: 1 | K30: =ROUND('26.08.22'!K30*1.04,2) -> 21200.16 | L30: Федяшина Н.Г. | M30: 30 | O30: =ROUND((K30*M30/100),2) -> 6360.05 | P30: =ROUND(K30*1.14,2) -> 24168.18 | Q30: =K30*T30 -> 32648.246 | R30: =K30+O30+P30+Q30 -> 84376.636 | S30: =ROUND(K30*S$12,2) -> 5300.04 | T30: 1.54 | U30: =K30+O30+P30+Q30+S30 -> 89676.676 | V30: =R30*0.87 -> 73407.674 | W30: =U30*0.87 -> 78018.708
C31: Главный специалист | D31: 1 | E31: 6500 | F31: =ROUND(E31*F$12,2) -> 7150 | G31: =F31*1.1*1.1+0.5 -> 8652 | H31: 10692.91 | I31: =H31*$I$12 -> 11762.201 | J31: 12467.933 | K31: =ROUND('26.08.22'!K31*1.04,2) -> 17896.26 | L31: Терновская Г.В. | M31: 30 | O31: =ROUND((K31*M31/100),2) -> 5368.88 | P31: =ROUND(K31*1.14,2) -> 20401.74 | Q31: =K31*T31 -> 27560.24 | R31: =K31+O31+P31+Q31 -> 71227.12 | S31: =ROUND(K31*S$12,2) -> 4474.07 | T31: 1.54 | U31: =K31+O31+P31+Q31+S31 -> 75701.19 | V31: =R31*0.87 -> 61967.595 | W31: =U31*0.87 -> 65860.036 | X31: 3 | Y31: 3 | Z31: =X31-Y31 -> 0 | AA31: =K31*Z31 -> 0 | AB31: =K31*Y31 -> 53688.78 | AD31: 0.1 | AE31: =K31*AD31 -> 1789.626 | AF31: 0.2 | AG31: =AF31*K31 -> 3579.252
C32: Главный специалист | D32: 1 | E32: 6500 | F32: =ROUND(E32*F$12,2) -> 7150 | G32: =F32*1.1*1.1+0.5 -> 8652 | H32: 10692.91 | I32: =H32*$I$12 -> 11762.201 | J32: 12467.933 | K32: =ROUND('26.08.22'!K32*1.04,2) -> 17896.26 | L32: Хисматуллина Р.А. | M32: 30 | O32: =ROUND((K32*M32/100),2) -> 5368.88 | P32: =ROUND(K32*1.14,2) -> 20401.74 | Q32: =K32*T32 -> 27560.24 | R32: =K32+O32+P32+Q32 -> 71227.12 | S32: =ROUND(K32*S$12,2) -> 4474.07 | T32: 1.54 | U32: =K32+O32+P32+Q32+S32 -> 75701.19 | V32: =R32*0.87 -> 61967.595 | W32: =U32*0.87 -> 65860.036 | X32: 3 | Y32: 3 | Z32: =X32-Y32 -> 0 | AA32: =K32*Z32 -> 0 | AB32: =K32*Y32 -> 53688.78 | AD32: 0.1 | AE32: =K32*AD32 -> 1789.626 | AF32: 0.2 | AG32: =AF32*K32 -> 3579.252
C33: Главный специалист | D33: 1 | E33: 6500 | F33: =ROUND(E33*F$12,2) -> 7150 | G33: =F33*1.1*1.1+0.5 -> 8652 | H33: 10692.91 | I33: =H33*$I$12 -> 11762.201 | J33: 12467.933 | K33: =ROUND('26.08.22'!K33*1.04,2) -> 17896.26 | L33: Бесклинская Ю.А. | M33: 30 | O33: =ROUND((K33*M33/100),2) -> 5368.88 | P33: =ROUND(K33*1.14,2) -> 20401.74 | Q33: =K33*T33 -> 27560.24 | R33: =K33+O33+P33+Q33 -> 71227.12 | S33: =ROUND(K33*S$12,2) -> 4474.07 | T33: 1.54 | U33: =K33+O33+P33+Q33+S33 -> 75701.19 | V33: =R33*0.87 -> 61967.595 | W33: =U33*0.87 -> 65860.036 | X33: 3 | Y33: 3 | Z33: =X33-Y33 -> 0 | AA33: =K33*Z33 -> 0 | AB33: =K33*Y33 -> 53688.78 | AD33: 0.1 | AE33: =K33*AD33 -> 1789.626 | AF33: 0.2 | AG33: =AF33*K33 -> 3579.252
C34: Главный специалист | D34: 1 | E34: 5600 | F34: 7150 | G34: =F34*1.1*1.1+0.5 -> 8652 | H34: 10692.91 | I34: =H34*$I$12 -> 11762.201 | J34: 12467.933 | K34: =ROUND('26.08.22'!K34*1.04,2) -> 17896.26 | L34: Титишева Г.М. | M34: 30 | O34: =ROUND((K34*M34/100),2) -> 5368.88 | P34: =ROUND(K34*1.14,2) -> 20401.74 | Q34: =K34*T34 -> 27560.24 | R34: =K34+O34+P34+Q34 -> 71227.12 | S34: =ROUND(K34*S$12,2) -> 4474.07 | T34: 1.54 | U34: =K34+O34+P34+Q34+S34 -> 75701.19 | V34: =R34*0.87 -> 61967.595 | W34: =U34*0.87 -> 65860.036 | X34: 3 | Y34: 3 | Z34: =X34-Y34 -> 0 | AA34: =K34*Z34 -> 0 | AB34: =K34*Y34 -> 53688.78 | AD34: 0.1 | AE34: =K34*AD34 -> 1789.626 | AF34: 0.2 | AG34: =AF34*K34 -> 3579.252
C35: Главный специалист | D35: 1 | E35: 5600 | F35: =ROUND(E35*F$12,2) -> 6160 | G35: =F35*1.1*1.1+0.4 -> 7454 | H35: 9212.35 | I35: =H35*$I$12 -> 10133.585 | J35: 10741.6 | K35: =ROUND('26.08.22'!K35*1.04,2) -> 17896.26 | L35: Зобнина Г.И. | M35: 30 | O35: =ROUND((K35*M35/100),2) -> 5368.88 | P35: =ROUND(K35*1.14,2) -> 20401.74 | Q35: =K35*T35 -> 27560.24 | R35: =K35+O35+P35+Q35 -> 71227.12 | S35: =ROUND(K35*S$12,2) -> 4474.07 | T35: 1.54 | U35: =K35+O35+P35+Q35+S35 -> 75701.19 | V35: =R35*0.87 -> 61967.595 | W35: =U35*0.87 -> 65860.036 | X35: 3 | Y35: 3 | Z35: =X35-Y35 -> 0 | AA35: =K35*Z35 -> 0 | AB35: =K35*Y35 -> 53688.78 | AD35: 0.1 | AE35: =K35*AD35 -> 1789.626 | AF35: 0.2 | AG35: =AF35*K35 -> 3579.252
C36: Главный специалист | D36: 1 | E36: 5600 | F36: =ROUND(E36*F$12,2) -> 6160 | G36: =F36*1.1*1.1+0.4 -> 7454 | H36: 9212.35 | I36: =H36*$I$12 -> 10133.585 | J36: 10741.6 | K36: =ROUND('26.08.22'!K36*1.04,2) -> 17896.26 | L36: Бакалец-Ланская Н.Л. | M36: 30 | O36: =ROUND((K36*M36/100),2) -> 5368.88 | P36: =ROUND(K36*1.14,2) -> 20401.74 | Q36: =K36*T36 -> 27560.24 | R36: =K36+O36+P36+Q36 -> 71227.12 | S36: =ROUND(K36*S$12,2) -> 4474.07 | T36: 1.54 | U36: =K36+O36+P36+Q36+S36 -> 75701.19 | V36: =R36*0.87 -> 61967.595 | W36: =U36*0.87 -> 65860.036 | X36: 3 | Y36: 3 | Z36: =X36-Y36 -> 0 | AA36: =K36*Z36 -> 0 | AB36: =K36*Y36 -> 53688.78 | AD36: 0.1 | AE36: =K36*AD36 -> 1789.626 | AF36: 0.2 | AG36: =AF36*K36 -> 3579.252
C37: Главный специалист | D37: 1 | E37: 5600 | F37: =ROUND(E37*F$12,2) -> 6160 | G37: =F37*1.1*1.1+0.4 -> 7454 | H37: 9213.35 | I37: =H37*$I$12 -> 10134.685 | J37: 10741.6 | K37: =ROUND('26.08.22'!K37*1.04,2) -> 17896.26 | L37: Орлов Н.Ю. | M37: 30 | O37: =ROUND((K37*M37/100),2) -> 5368.88 | P37: =ROUND(K37*1.14,2) -> 20401.74 | Q37: =K37*T37 -> 27560.24 | R37: =K37+O37+P37+Q37 -> 71227.12 | S37: =ROUND(K37*S$12,2) -> 4474.07 | T37: 1.54 | U37: =K37+O37+P37+Q37+S37 -> 75701.19 | V37: =R37*0.87 -> 61967.595 | W37: =U37*0.87 -> 65860.036 | X37: 3 | Y37: 3 | Z37: =X37-Y37 -> 0 | AA37: =K37*Z37 -> 0 | AB37: =K37*Y37 -> 53688.78 | AD37: 1.1 | AE37: =K37*AD37 -> 19685.886 | AF37: 1.2 | AG37: =AF37*K37 -> 21475.512
C38: Главный специалист | D38: 1 | E38: 5600 | F38: =ROUND(E38*F$12,2) -> 6160 | G38: =F38*1.1*1.1+0.4 -> 7454 | H38: 9212.35 | I38: =H38*$I$12 -> 10133.585 | J38: 10741.6 | K38: =ROUND('26.08.22'!K38*1.04,2) -> 17896.26 | L38: Сакович И.С. | M38: 20 | O38: =ROUND((K38*M38/100),2) -> 3579.25 | P38: =ROUND(K38*1.14,2) -> 20401.74 | Q38: =K38*T38 -> 27560.24 | R38: =K38+O38+P38+Q38 -> 69437.49 | S38: =ROUND(K38*S$12,2) -> 4474.07 | T38: 1.54 | U38: =K38+O38+P38+Q38+S38 -> 73911.56 | V38: =R38*0.87 -> 60410.617 | W38: =U38*0.87 -> 64303.058 | X38: 3 | Y38: 3 | Z38: =X38-Y38 -> 0 | AA38: =K38*Z38 -> 0 | AB38: =K38*Y38 -> 53688.78 | AD38: 0.1 | AE38: =K38*AD38 -> 1789.626 | AF38: 0.2 | AG38: =AF38*K38 -> 3579.252
D39: 1 | K39: 17896.26
D40: 0 | K40: 0
D41: 1 | K41: 17896.26
C42: Главный специалист | D42: 1 | K42: =17896.26 -> 17896.26 | M42: 30 | O42: =ROUND((K42*M42/100),2) -> 5368.88 | P42: =ROUND(K42*1.14,2) -> 20401.74 | Q42: =K42*T42 -> 27560.24 | R42: =K42+O42+P42+Q42 -> 71227.12 | S42: =ROUND(K42*S$12,2) -> 4474.07 | T42: 1.54 | U42: =K42+O42+P42+Q42+S42 -> 75701.19 | V42: =R42*0.87 -> 61967.595 | W42: =U42*0.87 -> 65860.036
C43: Ведущий специалист | D43: 1 | E43: 5600 | F43: =ROUND(E43*F$12,2) -> 6160 | G43: =F43*1.1*1.1+0.4 -> 7454 | H43: 9212.35 | I43: =H43*$I$12 -> 10133.585 | J43: 10741.6 | K43: =ROUND('26.08.22'!K39*1.04,2) -> 15418.33 | L43: Лукьяноа Л.В. | M43: 30 | O43: =ROUND((K43*M43/100),2) -> 4625.5 | P43: =ROUND(K43*1.14,2) -> 17576.9 | Q43: =K43*T43 -> 22202.395 | R43: =K43+O43+P43+Q43 -> 59823.125 | S43: =ROUND(K43*S$12,2) -> 3854.58 | T43: 1.44 | U43: =K43+O43+P43+Q43+S43 -> 63677.705 | V43: =R43*0.87 -> 52046.119 | W43: =U43*0.87 -> 55399.604 | X43: 3 | Y43: 3 | Z43: Коровко О.Н.
C44: Ведущий специалист | D44: 1 | K44: =ROUND('26.08.22'!K40*1.04,2) -> 15418.33 | L44: Азаренко Д.А. | M44: 15 | O44: =ROUND((K44*M44/100),2) -> 2312.75 | P44: =ROUND(K44*1.14,2) -> 17576.9 | Q44: =K44*T44 -> 22202.395 | R44: =K44+O44+P44+Q44 -> 57510.375 | S44: =ROUND(K44*S$12,2) -> 3854.58 | T44: 1.44 | U44: =K44+O44+P44+Q44+S44 -> 61364.955 | V44: =R44*0.87 -> 50034.026 | W44: =U44*0.87 -> 53387.511
C45: ИТОГО по отделу | D45: =SUM(D29:D44) -> 15 | G45: =SUM(G29:G36) -> 59499 | H45: =SUM(H29:H36) -> 73534.32 | I45: =SUM(I29:I36) -> 80887.752 | J45: 87467.35 | K45: =SUM(K29:K44) -> 272298.45 | N45: =SUM(N29:N36) -> 0 | O45: =SUM(O29:O44) -> 66849.42 | P45: =SUM(P29:P44) -> 271957.07 | Q45: =SUM(Q29:Q44) -> 361135.47 | R45: =SUM(R29:R44) -> 936447.89 | S45: =SUM(S29:S44) -> 59126.52 | T45: =SUM(T29:T44) -> 19.82 | U45: =SUM(U29:U44) -> 995574.41 | V45: =SUM(V29:V44) -> 814709.66 | W45: =SUM(W29:W44) -> 866149.73 | Z45: =X45-Y45 -> 0 | AA45: =K45*Z45 -> 0 | AB45: =K45*Y45 -> 0 | AD45: 0.1 | AE45: =K45*AD45 -> 27229.845 | AF45: 0.2 | AG45: =AF45*K45 -> 54459.69
A46: Отдел учета поступлений финансовых средств ОМС и взаимодействия со СМО | P46: 1,14-1,24 | Z46: =X46-Y46 -> 0 | AA46: =K46*Z46 -> 0 | AB46: =K46*Y46 -> 0 | AD46: 0.1
C47: Начальник отдела | D47: 1 | E47: 8500 | F47: =ROUND(E47*F$12,2) -> 9350 | G47: =9075*1.1+0.5 -> 9983 | H47: 12337.98 | I47: =H47*$I$12 -> 13571.778 | J47: 14386.085 | K47: =ROUND('26.08.22'!K43*1.04,2) -> 23402.77 | L47: Токарева Е.В. | M47: 30 | O47: =ROUND((K47*M47/100),2) -> 7020.83 | P47: =ROUND(K47*1.24,2) -> 29019.43 | Q47: =K47*T47 -> 36040.266 | R47: =K47+O47+P47+Q47 -> 95483.296 | S47: =ROUND(K47*S$12,2) -> 5850.69 | T47: 1.54 | U47: =K47+O47+P47+Q47+S47 -> 101333.99 | V47: =R47*0.87 -> 83070.467 | W47: =U47*0.87 -> 88160.568 | X47: 3 | Y47: 3 | Z47: =X47-Y47 -> 0 | AA47: =K47*Z47 -> 0 | AB47: =K47*Y47 -> 70208.31 | AD47: 0.1 | AE47: =K47*AD47 -> 2340.277 | AF47: 0.2 | AG47: =AF47*K47 -> 4680.554
C48: Заместитель начальника отдела | D48: 1 | E48: 5600 | F48: =ROUND(E48*F$12,2) -> 6160 | G48: =F48*1.1*1.1+0.4 -> 7454 | H48: 9212.35 | I48: =H48*$I$12 -> 10133.585 | J48: 10741.6 | K48: =ROUND('26.08.22'!K44*1.04,2) -> 21200.16 | L48: Бурмистрова А.В. | M48: 15 | O48: =ROUND((K48*M48/100),2) -> 3180.02 | P48: =ROUND(K48*1.14,2) -> 24168.18 | Q48: =K48*T48 -> 32648.246 | R48: =K48+O48+P48+Q48 -> 81196.606 | S48: =ROUND(K48*S$12,2) -> 5300.04 | T48: 1.54 | U48: =K48+O48+P48+Q48+S48 -> 86496.646 | V48: =R48*0.87 -> 70641.048 | W48: =U48*0.87 -> 75252.082
C49: Главный специалист | D49: 1 | E49: 6500 | F49: =ROUND(E49*F$12,2) -> 7150 | G49: =F49*1.1*1.1+0.5 -> 8652 | H49: 10692.91 | I49: =H49*$I$12 -> 11762.201 | J49: 12467.933 | K49: =ROUND('26.08.22'!K45*1.04,2) -> 17896.26 | L49: Кобец Е.В. | M49: 30 | O49: =ROUND((K49*M49/100),2) -> 5368.88 | P49: =ROUND(K49*1.14,2) -> 20401.74 | Q49: =K49*T49 -> 27560.24 | R49: =K49+O49+P49+Q49 -> 71227.12 | S49: =ROUND(K49*S$12,2) -> 4474.07 | T49: 1.54 | U49: =K49+O49+P49+Q49+S49 -> 75701.19 | V49: =R49*0.87 -> 61967.595 | W49: =U49*0.87 -> 65860.036 | X49: 3 | Y49: 3 | Z49: =X49-Y49 -> 0 | AA49: =K49*Z49 -> 0 | AB49: =K49*Y49 -> 53688.78 | AD49: 0.1 | AE49: =K49*AD49 -> 1789.626 | AF49: 0.2 | AG49: =AF49*K49 -> 3579.252
C50: Ведущий специалист | D50: 1 | E50: 5600 | F50: =ROUND(E50*F$12,2) -> 6160 | G50: =F50*1.1*1.1+0.4 -> 7454 | H50: 9212.35 | I50: =H50*$I$12 -> 10133.585 | J50: 10741.6 | K50: =ROUND('26.08.22'!K46*1.04,2) -> 15418.33 | L50: Короткова М.А. | M50: 30 | O50: =ROUND((K50*M50/100),2) -> 4625.5 | P50: =ROUND(K50*1.14,2) -> 17576.9 | Q50: =K50*T50 -> 22202.395 | R50: =K50+O50+P50+Q50 -> 59823.125 | S50: =ROUND(K50*S$12,2) -> 3854.58 | T50: 1.44 | U50: =K50+O50+P50+Q50+S50 -> 63677.705 | V50: =R50*0.87 -> 52046.119 | W50: =U50*0.87 -> 55399.604 | X50: 3 | Y50: 3 | Z50: =X50-Y50 -> 0 | AA50: =K50*Z50 -> 0 | AB50: =K50*Y50 -> 46254.99 | AD50: 0.1 | AE50: =K50*AD50 -> 1541.833 | AF50: 0.2 | AG50: =AF50*K50 -> 3083.666
C51: Главный специалист | D51: 1 | E51: 6500 | F51: =ROUND(E51*F$12,2) -> 7150 | G51: =F51*1.1*1.1+0.5 -> 8652 | H51: 10692.91 | I51: =H51*$I$12 -> 11762.201 | J51: 12467.933 | K51: =ROUND('26.08.22'!K47*1.04,2) -> 17896.26 | L51: Сотников Д.Ю. | M51: 30 | O51: =ROUND((K51*M51/100),2) -> 5368.88 | P51: =ROUND(K51*1.14,2) -> 20401.74 | Q51: =K51*T51 -> 27560.24 | R51: =K51+O51+P51+Q51 -> 71227.12 | S51: =ROUND(K51*S$12,2) -> 4474.07 | T51: 1.54 | U51: =K51+O51+P51+Q51+S51 -> 75701.19 | V51: =R51*0.87 -> 61967.595 | W51: =U51*0.87 -> 65860.036 | X51: 3 | Y51: 3 | Z51: =X51-Y51 -> 0 | AA51: =K51*Z51 -> 0 | AB51: =K51*Y51 -> 53688.78 | AD51: 0.1 | AE51: =K51*AD51 -> 1789.626 | AF51: 0.2 | AG51: =AF51*K51 -> 3579.252
C52: Главный специалист | D52: 1 | E52: 5600 | F52: =ROUND(E52*F$12,2) -> 6160 | G52: =F52*1.1*1.1+0.4 -> 7454 | H52: 9212.35 | I52: =H52*$I$12 -> 10133.585 | J52: 10741.6 | K52: =ROUND('26.08.22'!K48*1.04,2) -> 17896.26 | L52: Осадчая О.Ю. | M52: 30 | O52: =ROUND((K52*M52/100),2) -> 5368.88 | P52: =ROUND(K52*1.14,2) -> 20401.74 | Q52: =K52*T52 -> 27560.24 | R52: =K52+O52+P52+Q52 -> 71227.12 | S52: =ROUND(K52*S$12,2) -> 4474.07 | T52: 1.54 | U52: =K52+O52+P52+Q52+S52 -> 75701.19 | V52: =R52*0.87 -> 61967.595 | W52: =U52*0.87 -> 65860.036 | X52: 3 | Y52: 3 | Z52: =X52-Y52 -> 0 | AA52: =K52*Z52 -> 0 | AB52: =K52*Y52 -> 53688.78 | AD52: 0.1 | AE52: =K52*AD52 -> 1789.626 | AF52: 0.2 | AG52: =AF52*K52 -> 3579.252
C53: Главный специалист | D53: 1 | E53: 5600 | F53: =ROUND(E53*F$12,2) -> 6160 | G53: =F53*1.1*1.1+0.4 -> 7454 | H53: 9213.35 | I53: =H53*$I$12 -> 10134.685 | J53: 10741.6 | K53: =ROUND('26.08.22'!K49*1.04,2) -> 17896.26 | L53: Коровко О.Н. | M53: 30 | O53: =ROUND((K53*M53/100),2) -> 5368.88 | P53: =ROUND(K53*1.14,2) -> 20401.74 | Q53: =K53*T53 -> 27560.24 | R53: =K53+O53+P53+Q53 -> 71227.12 | S53: =ROUND(K53*S$12,2) -> 4474.07 | T53: 1.54 | U53: =K53+O53+P53+Q53+S53 -> 75701.19 | V53: =R53*0.87 -> 61967.595 | W53: =U53*0.87 -> 65860.036 | X53: 3 | Y53: 3 | Z53: =X53-Y53 -> 0 | AA53: =K53*Z53 -> 0 | AB53: =K53*Y53 -> 53688.78 | AD53: 1.1 | AE53: =K53*AD53 -> 19685.886 | AF53: 1.2 | AG53: =AF53*K53 -> 21475.512
C54: ИТОГО по отделу | D54: =SUM(D47:D52)+D53 -> 7 | E54: =SUM(E29:E52) -> 99900 | F54: =SUM(F29:F52) -> 110880 | G54: =SUM(G47:G52) -> 49649 | H54: =SUM(H47:H52) -> 61360.85 | I54: =SUM(I47:I52) -> 67496.935 | J54: 71546.751 | K54: =SUM(K47:K53) -> 131606.3 | N54: =SUM(N47:N52) -> 0 | O54: =SUM(O47:O53) -> 36301.87 | P54: =SUM(P47:P53) -> 152371.47 | Q54: =SUM(Q47:Q53) -> 201131.87 | R54: =SUM(R47:R53) -> 521411.51 | S54: =SUM(S47:S53) -> 32901.59 | T54: =SUM(T47:T53) -> 10.68 | U54: =SUM(U47:U53) -> 554313.1 | V54: =SUM(V47:V53) -> 453628.01 | ... AG54: =SUM(AG47:AG53) -> 39977.488
C55: ИТОГО по департаменту | D55: =D26+D27+D45+D54 -> 24 | G55: =G26+G27+G45+G54 -> 133506 | H55: =H26+H27+H45+H54 -> 164999.82 | I55: =I26+I27+I45+I54 -> 181499.8 | J55: 194116.12 | K55: =K26+K27+K45+K54 -> 458144.16 | N55: =N26+N27+N45+N54 -> 0 | O55: =O26+O27+O45+O54 -> 119423.11 | P55: =P26+P27+P45+P54 -> 488873.44 | Q55: =Q26+Q27+Q45+Q54 -> 645796.03 | R55: =R26+R27+R45+R54 -> 1676444.2 | S55: =S26+S27+S45+S54 -> 105587.97 | T55: =T26+T27+T45+T54 -> 33.58 | U55: =U26+U27+U45+U54 -> 1782032.2 | ... W55: =W26+W27+W45+W54 -> 1550368 | AA55: =K55*Z55 -> 0 | AB55: =K55*Y55 -> 0 | AD55: 0.1 | AE55: =K55*AD55 -> 45814.416 | AF55: 0.2 | AG55: =AF55*K55 -> 91628.832
A56: Юридический отдел | P56: 1,14-1,24 | Q56: 1.42 | AA56: =K56*Z56 -> 0 | AB56: =K56*Y56 -> 0 | AD56: 0.1
C57: Начальник отдела | D57: 1 | E57: 8500 | F57: =ROUND(E57*F$12,2) -> 9350 | G57: =F57*1.1*1.1+0.5 -> 11314 | H57: 13983.03 | I57: =H57*$I$12 -> 15381.333 | J57: 16304.213 | K57: =ROUND('26.08.22'!K53*1.04,2) -> 23402.77 | L57: Рябова Л.В. | M57: 30 | O57: =ROUND((K57*M57/100),2) -> 7020.83 | P57: =ROUND(K57*1.24,2) -> 29019.43 | Q57: =K57*T57 -> 36040.266 | R57: =K57+O57+P57+Q57 -> 95483.296 | S57: =ROUND(K57*S$12,2) -> 5850.69 | T57: 1.54 | U57: =K57+O57+P57+Q57+S57 -> 101333.99 | V57: =R57*0.87 -> 83070.467 | W57: =U57*0.87 -> 88160.568 | X57: 3 | Y57: 3 | Z57: =X57-Y57 -> 0 | AA57: =K57*Z57 -> 0 | AB57: =K57*Y57 -> 70208.31 | AD57: 0.1 | AE57: =K57*AD57 -> 2340.277 | AF57: 0.2 | AG57: =AF57*K57 -> 4680.554
C58: Юрисконсульт* | D58: 1 | E58: 6500 | F58: =ROUND(E58*F$12,2) -> 7150 | G58: =F58*1.1*1.1+0.5 -> 8652 | H58: 10692.91 | I58: =H58*$I$12 -> 11762.201 | J58: 12467.933 | K58: =ROUND('26.08.22'!K54*1.04,2) -> 17896.26 | L58: Зеленская Е.Л. | M58: 30 | O58: =ROUND((K58*M58/100),2) -> 5368.88 | P58: =ROUND(K58*1.14,2) -> 20401.74 | Q58: =K58*T58 -> 27560.24 | R58: =K58+O58+P58+Q58 -> 71227.12 | S58: =ROUND(K58*S$12,2) -> 4474.07 | T58: 1.54 | U58: =K58+O58+P58+Q58+S58 -> 75701.19 | V58: =R58*0.87 -> 61967.595 | W58: =U58*0.87 -> 65860.036 | X58: 3 | Y58: 3 | Z58: =X58-Y58 -> 0 | AA58: =K58*Z58 -> 0 | AB58: =K58*Y58 -> 53688.78 | AD58: 0.1 | AE58: =K58*AD58 -> 1789.626 | AF58: 0.2 | AG58: =AF58*K58 -> 3579.252
C59: ИТОГО по отделу | D59: =SUM(D57:D58) -> 2 | E59: =SUM(E57:E58) -> 15000 | F59: =SUM(F57:F58) -> 16500 | G59: =SUM(G57:G58) -> 19966 | H59: =SUM(H57:H58) -> 24675.94 | I59: =SUM(I57:I58) -> 27143.534 | J59: 28772.146 | K59: =SUM(K57:K58) -> 41299.03 | N59: =SUM(N57:N58) -> 0 | O59: =SUM(O57:O58) -> 12389.71 | P59: =SUM(P57:P58) -> 49421.17 | Q59: =SUM(Q57:Q58) -> 63600.506 | R59: =SUM(R57:R58) -> 166710.42 | S59: =SUM(S57:S58) -> 10324.76 | T59: =SUM(T57:T58) -> 3.08 | U59: =SUM(U57:U58) -> 177035.18 | ... W59: =SUM(W57:W58) -> 154020.6 | AA59: =K59*Z59 -> 0 | AB59: =K59*Y59 -> 0 | AD59: 0.1 | AE59: =K59*AD59 -> 4129.903 | AF59: 0.2 | AG59: =AF59*K59 -> 8259.806
A60: Департамент организации обязательного медицинского страхования | P60: 1.19 | Q60: 1,44-1,54 | AA60: =K60*Z60 -> 0 | AB60: =K60*Y60 -> 0 | AD60: 0.1
C61: Заместитель директора-Начальник департамента | D61: 1 | E61: 9600 | F61: =ROUND(E61*F$12,2) -> 10560 | G61: =F61*1.1*1.1+0.4 -> 12778 | H61: 15792.6 | I61: =H61*$I$12 -> 17371.86 | J61: 18414.172 | K61: =ROUND('26.08.22'!K57*1.04,2) -> 30285.94 | L61: Рыжкова С.П. | M61: 30 | O61: =ROUND((K61*M61/100),2) -> 9085.78 | P61: =ROUND(K61*1.19,2) -> 36040.27 | Q61: =K61*T61 -> 46640.348 | R61: =K61+O61+P61+Q61 -> 122052.34 | S61: =ROUND(K61*S$12,2) -> 7571.49 | T61: 1.54 | U61: =K61+O61+P61+Q61+S61 -> 129623.83 | V61: =R61*0.87 -> 106185.53 | W61: =U61*0.87 -> 112772.73 | X61: 3 | Z61: =X61-Y61 -> 3 | AA61: =K61*Z61 -> 90857.82 | AB61: =K61*Y61 -> 0 | AD61: 0.1 | AE61: =K61*AD61 -> 3028.594 | AF61: 0.2 | AG61: =AF61*K61 -> 6057.188
C62: Зам. начальника департамента,врач-эксперт | D62: 1 | E62: 8700 | F62: =ROUND(E62*F$12,2) -> 9570 | G62: =F62*1.1*1.1+0.3 -> 11580 | H62: 14312.05 | I62: =H62*$I$12 -> 15743.255 | J62: 16687.85 | K62: =ROUND('26.08.22'!K58*1.04,2) -> 23953.47 | L62: Захарова А.В. | M62: 15 | O62: =ROUND((K62*M62/100),2) -> 3593.02 | P62: =ROUND(K62*1.19,2) -> 28504.63 | Q62: =K62*T62 -> 36888.344 | R62: =K62+O62+P62+Q62 -> 92939.464 | S62: =ROUND(K62*S$12,2) -> 5988.37 | T62: 1.54 | U62: =K62+O62+P62+Q62+S62 -> 98927.834 | V62: =R62*0.87 -> 80857.334 | W62: =U62*0.87 -> 86067.215 | X62: 3 | Y62: 0 | Z62: =X62-Y62 -> 3 | AA62: =K62*Z62 -> 71860.41 | AB62: =K62*Y62 -> 0 | AD62: 0.1 | AE62: =K62*AD62 -> 2395.347 | AF62: 0.2 | AG62: =AF62*K62 -> 4790.694
A63: Отдел контроля качества медицинской помощи и защиты прав застрахованных | P63: 1,14-1,24 | AA63: =K63*Z63 -> 0 | AB63: =K63*Y63 -> 0 | AD63: 0.1
C64: Начальник отдела | D64: 1 | E64: 8500 | F64: 8250 | G64: =F64*1.1*1.1+0.5 -> 9983 | H64: 12337.98 | I64: =H64*$I$12 -> 13571.778 | J64: 14386.085 | K64: =ROUND('26.08.22'!K60*1.04,2) -> 23402.77 | L64: Рабочий С.И. | M64: 30 | O64: =ROUND((K64*M64/100),2) -> 7020.83 | P64: =ROUND(K64*1.24,2) -> 29019.43 | Q64: =K64*T64 -> 36040.266 | R64: =K64+O64+P64+Q64 -> 95483.296 | S64: =ROUND(K64*S$12,2) -> 5850.69 | T64: 1.54 | U64: =K64+O64+P64+Q64+S64 -> 101333.99 | V64: =R64*0.87 -> 83070.467 | W64: =U64*0.87 -> 88160.568 | X64: 3 | Y64: 2 | Z64: =X64-Y64 -> 1 | AA64: =K64*Z64 -> 23402.77 | AB64: =K64*Y64 -> 46805.54 | AD64: 0.1 | AE64: =K64*AD64 -> 2340.277 | AF64: 0.2 | AG64: =AF64*K64 -> 4680.554
C65: Заместитель начальника отдела | D65: 1 | H65: 10692.91 | I65: =H65*$I$12 -> 11762.201 | J65: 12467.933 | K65: =ROUND('26.08.22'!K61*1.04,2) -> 21200.16 | L65: Мочалова Е.Д. | M65: 20 | O65: =ROUND((K65*M65/100),2) -> 4240.03 | P65: =ROUND(K65*1.14,2) -> 24168.18 | Q65: =K65*T65 -> 32648.246 | R65: =K65+O65+P65+Q65 -> 82256.616 | S65: =ROUND(K65*S$12,2) -> 5300.04 | T65: 1.54 | U65: =K65+O65+P65+Q65+S65 -> 87556.656 | V65: =R65*0.87 -> 71563.256 | W65: =U65*0.87 -> 76174.291 | X65: 3 | Y65: 3 | Z65: =X65-Y65 -> 0 | AA65: =K65*Z65 -> 0 | AB65: =K65*Y65 -> 63600.48 | AD65: 0.1 | AE65: =K65*AD65 -> 2120.016 | AF65: 0.2 | AG65: =AF65*K65 -> 4240.032
C66: Главный специалист-врач-эксперт | D66: 1 | E66: 6500 | F66: =ROUND(E66*F$12,2) -> 7150 | G66: =F66*1.1*1.1+0.5 -> 8652 | H66: 10692.91 | I66: =H66*$I$12 -> 11762.201 | J66: 12467.933 | K66: =ROUND('26.08.22'!K62*1.04,2) -> 17896.26 | L66: Завьялова С.В. | M66: 15 | O66: =ROUND((K66*M66/100),2) -> 2684.44 | P66: =ROUND(K66*1.14,2) -> 20401.74 | Q66: =K66*T66 -> 27560.24 | R66: =K66+O66+P66+Q66 -> 68542.68 | S66: =ROUND(K66*S$12,2) -> 4474.07 | T66: 1.54 | U66: =K66+O66+P66+Q66+S66 -> 73016.75 | V66: =R66*0.87 -> 59632.132 | W66: =U66*0.87 -> 63524.573 | X66: 3 | Z66: =X66-Y66 -> 3 | AA66: =K66*Z66 -> 53688.78 | AB66: =K66*Y66 -> 0 | AD66: 0.1 | AE66: =K66*AD66 -> 1789.626 | AF66: 0.2 | AG66: =AF66*K66 -> 3579.252
C67: Главный специалист-врач-эксперт | D67: 1 | E67: 6500 | F67: =ROUND(E67*F$12,2) -> 7150 | G67: =F67*1.1*1.1+0.5 -> 8652 | H67: 10692.91 | I67: =H67*$I$12 -> 11762.201 | J67: 12467.933 | K67: =ROUND('26.08.22'!K63*1.04,2) -> 17896.26 | L67: Сальков А.В. | M67: 30 | O67: =ROUND((K67*M67/100),2) -> 5368.88 | P67: =ROUND(K67*1.14,2) -> 20401.74 | Q67: =K67*T67 -> 27560.24 | R67: =K67+O67+P67+Q67 -> 71227.12 | S67: =ROUND(K67*S$12,2) -> 4474.07 | T67: 1.54 | U67: =K67+O67+P67+Q67+S67 -> 75701.19 | V67: =R67*0.87 -> 61967.595 | W67: =U67*0.87 -> 65860.036 | X67: 3 | Y67: 3 | Z67: =X67-Y67 -> 0 | AA67: =K67*Z67 -> 0 | AB67: =K67*Y67 -> 53688.78 | AD67: 0.1 | AE67: =K67*AD67 -> 1789.626 | AF67: 0.2 | AG67: =AF67*K67 -> 3579.252
C68: Главный специалист | D68: 1 | E68: 6500 | F68: =ROUND(E68*F$12,2) -> 7150 | G68: =F68*1.1*1.1+0.5 -> 8652 | H68: 10692.91 | I68: =H68*$I$12 -> 11762.201 | J68: 12467.933 | K68: =ROUND('26.08.22'!K64*1.04,2) -> 17896.26 | L68: Черноног О.А. | M68: 30 | O68: =ROUND((K68*M68/100),2) -> 5368.88 | P68: =ROUND(K68*1.14,2) -> 20401.74 | Q68: =K68*T68 -> 27560.24 | R68: =K68+O68+P68+Q68 -> 71227.12 | S68: =ROUND(K68*S$12,2) -> 4474.07 | T68: 1.54 | U68: =K68+O68+P68+Q68+S68 -> 75701.19 | V68: =R68*0.87 -> 61967.595 | W68: =U68*0.87 -> 65860.036 | X68: 3 | Y68: 3 | Z68: =X68-Y68 -> 0 | AA68: =K68*Z68 -> 0 | AB68: =K68*Y68 -> 53688.78 | AD68: 0.1 | AE68: =K68*AD68 -> 1789.626 | AF68: 0.2 | AG68: =AF68*K68 -> 3579.252
C69: Главный специалист | D69: 1 | H69: 10692.91 | I69: =H69*$I$12 -> 11762.201 | J69: 12467.933 | K69: =ROUND('26.08.22'!K65*1.04,2) -> 17896.26 | L69: Калошина И.А. | M69: 15 | O69: =ROUND((K69*M69/100),2) -> 2684.44 | P69: =ROUND(K69*1.14,2) -> 20401.74 | Q69: =K69*T69 -> 27560.24 | R69: =K69+O69+P69+Q69 -> 68542.68 | S69: =ROUND(K69*S$12,2) -> 4474.07 | T69: 1.54 | U69: =K69+O69+P69+Q69+S69 -> 73016.75 | V69: =R69*0.87 -> 59632.132 | W69: =U69*0.87 -> 63524.573 | X69: 3 | Y69: 0 | Z69: =X69-Y69 -> 3 | AA69: =K69*Z69 -> 53688.78 | AB69: =K69*Y69 -> 0 | AD69: 0.1 | AE69: =K69*AD69 -> 1789.626 | AF69: 0.2 | AG69: =AF69*K69 -> 3579.252
C70: Главный специалист-врач-эксперт | D70: 1 | J70: 12467.933 | K70: =ROUND('26.08.22'!K66*1.04,2) -> 17896.26 | L70: Спирина Г.В. | M70: 30 | O70: =ROUND((K70*M70/100),2) -> 5368.88 | P70: =ROUND(K70*1.14,2) -> 20401.74 | Q70: =K70*T70 -> 27560.24 | R70: =K70+O70+P70+Q70 -> 71227.12 | S70: =ROUND(K70*S$12,2) -> 4474.07 | T70: 1.54 | U70: =K70+O70+P70+Q70+S70 -> 75701.19 | V70: =R70*0.87 -> 61967.595 | W70: =U70*0.87 -> 65860.036 | X70: 3 | Y70: 3 | Z70: =X70-Y70 -> 0 | AA70: =K70*Z70 -> 0 | AB70: =K70*Y70 -> 53688.78 | AD70: 0.1 | AE70: =K70*AD70 -> 1789.626 | AF70: 0.2 | AG70: =AF70*K70 -> 3579.252
